Workbook
Name \0: #REF!
Name \0: #REF!
Name \0: #REF!
Name \0: #REF!
Name \0: #REF!
Name \0: #REF!
Name \0: #REF!
Name \0: #REF!
Name \0: #REF!
Name \0: #REF!
Name \0: #REF!
Name \0: #REF!
Name \0: #REF!
Name \0: #REF!
Name \0: #REF!
Name \0: #REF!
Name \0: #REF!
Name \0: #REF!
Name \0: "#ref!"
Name \0: #REF!
Name \0: #REF!
Name \a: #REF!
Name \a: #REF!
Name \a: #REF!
Name \a: #REF!
Name \a: #REF!
Name \a: #REF!
Name \a: #REF!
Name \a: #REF!
Name \a: #REF!
Name \a: #REF!
Name \a: #REF!
Name \a: #REF!
Name \a: #REF!
Name \a: #REF!
Name \a: #REF!
Name \a: #REF!
Name \a: #REF!
Name \a: #REF!
Name \a: #REF!
Name \a: #REF!
Name \b: '[1]Quilometragem de Setor'!#REF!
Name \b: '[2]Quilometragem de Setor'!#REF!
Name \b: '[3]Quilometragem de Setor'!#REF!
Name \b: '[3]Quilometragem de Setor'!#REF!
Name \b: '[3]Quilometragem de Setor'!#REF!
Name \b: '[3]Quilometragem de Setor'!#REF!
Name \b: '[3]Quilometragem de Setor'!#REF!
Name \b: '[3]Quilometragem de Setor'!#REF!
Name \b: '[3]Quilometragem de Setor'!#REF!
Name \b: '[3]Quilometragem de Setor'!#REF!
Name \b: '[3]Quilometragem de Setor'!#REF!
Name \b: '[3]Quilometragem de Setor'!#REF!
Name \b: '[1]Quilometragem de Setor'!#REF!
Name \b: '[3]Quilometragem de Setor'!#REF!
Name \b: '[3]Quilometragem de Setor'!#REF!
Name \b: '[1]Quilometragem de Setor'!#REF!
Name \b: '[3]Quilometragem de Setor'!#REF!
Name \b: '[3]Quilometragem de Setor'!#REF!
Name \b: '[3]Quilometragem de Setor'!#REF!

Sheet PLAN RESUMO
B3: RESUMO GERAL DAS ÁREAS
B4: OBJETO: EXECUÇÃO DE REMANESCENTE DE OBRAS DE CONTENÇÃO DE ENCOSTAS EM 07 ÁREAS DE RISCO, NO MUNICÍPIO DE BETIM-MG. ÁREAS PREVISTAS NO TERMO DE COMPROMISSO N.º 0.398.478-71 .
B6: ÁREAS | C6: VALORES
B7: AREA -07 | C7: ='PLANILHA ORÇAMENTO 29.05.25'!Q223 -> 2688763 | D7: ok
B8: AREA -09 | C8: ='PLANILHA ORÇAMENTO 29.05.25'!R223 -> 1009486.3 | D8: ok
B9: AREA -11 | C9: ='PLANILHA ORÇAMENTO 29.05.25'!S223 -> 73607.87 | D9: ok
B10: AREA -18 | C10: ='PLANILHA ORÇAMENTO 29.05.25'!T223 -> 4635241.3 | D10: ok
B11: AREA -21 | C11: ='PLANILHA ORÇAMENTO 29.05.25'!U223 -> 2778828.2 | D11: ok
B12: AREA -22 | C12: ='PLANILHA ORÇAMENTO 29.05.25'!V223 -> 1312535.5 | D12: ok
B13: AREA -23 | C13: ='PLANILHA ORÇAMENTO 29.05.25'!W223 -> 105514.59 | D13: ok
B16: TOTAL DA PLANILHA GERAL | C16: ='PLANILHA ORÇAMENTO 29.05.25'!X223 -> 12603977

Sheet PLANILHA ORÇAMENTO 29.05.25
B2: PLANILHA ORÇAMENTÁRIA
B3: CÓD. OBRA: | C3: 066 | D3: OBJETO: EXECUÇÃO DE REMANESCENTE DE OBRAS DE CONTENÇÃO DE ENCOSTAS EM 07 ÁREAS DE RISCO, NO MUNICÍPIO DE BETIM-MG. ÁREAS PREVISTAS NO TERMO DE COMPROMISSO N.º 0.398.478-71 .
B4: REFERÊNCIA: | C4: TABELA SINAPI SEM DESONERAÇÃO - BASE JULHO DE 2025
B5: REFERÊNCIA: | C5: TABELA SUDECAP ONERADA - BASE ABRIL DE 2025
B6: REFERÊNCIA: | C6: TABELA SICOR-MG SEM DESONERAÇÃO - BASE ABRIL DE 2025
B7: REFERÊNCIA: | C7: TABELA DNIT SEM DESONERAÇÃO - BASE ABRIL DE 2025 (REVISADO) | O7: BDI SERVIÇOS | P7: ='BDI TCU 2622 -URBANAS '!J24 -> 0.207
B8: DATA BASE DO ORÇAMENTO: JULHO DE 2025
B10: ITEM | C10: REFERÊNCIA | D10: CÓDIGO | E10: DESCRIÇÃO | F10: UNIDADE | G10: QUANTIDADE POR ÁREA | N10: QUANT. TOTAL | O10: PREÇO UNITÁRIO (SEM BDI) | P10: PREÇO UNITÁRIO (COM BDI) | Q10: PREÇO TOTAL (COM BDI) POR ÁREA | X10: PREÇO TOTAL (COM BDI) | Y10: % PESO POR ÁREA | AF10: % PESO
G11: ÁREA 07 | H11: ÁREA 09 | I11: ÁREA 11 | J11: ÁREA 18 | K11: ÁREA 21 | L11: ÁREA 22 | M11: ÁREA 23 | Q11: ÁREA 07 | R11: ÁREA 09 | S11: ÁREA 11 | T11: ÁREA 18 | U11: ÁREA 21 | V11: ÁREA 22 | W11: ÁREA 23 | Y11: ÁREA 07 | Z11: ÁREA 09 | AA11: ÁREA 11 | AB11: ÁREA 18 | AC11: ÁREA 21 | AD11: ÁREA 22 | AE11: ÁREA 23
O12: BDI SERVIÇOS | P12: 1.207
B14: 01 | E14: INSTALAÇAO DA OBRA E ADMINISTRAÇÃO LOCAL
B15: 01.01 | E15: PLACA DE OBRA
B16: 01.01.01 | C16: SINAPI | D16: 103689 | E16: FORNECIMENTO E INSTALAÇÃO DE PLACA DE OBRA COM CHAPA GALVANIZADA E ESTRUTURA DE MADEIRA. | F16: M2 | G16: ='MEMO A-07'!I18 -> 6 | H16: ='MEMO A-09'!I18 -> 6 | I16: ='MEMO A-11'!I18 -> 6 | J16: ='MEMO A-18'!I17 -> 6 | K16: ='MEMO A-21'!I18 -> 6 | L16: ='MEMO A-22'!I19 -> 6 | M16: ='MEMO A-23'!I18 -> 6 | N16: =ROUND(SUM(G16:M16),2) -> 42 | O16: 502.02 | P16: =ROUND(O16*$P$12,2) -> 605.94 | Q16: =ROUND(G16*$P16,2) -> 3635.64 | R16: =ROUND(H16*$P16,2) -> 3635.64 | S16: =ROUND(I16*$P16,2) -> 3635.64 | T16: =ROUND(J16*$P16,2) -> 3635.64 | U16: =ROUND(K16*$P16,2) -> 3635.64 | V16: =ROUND(L16*$P16,2) -> 3635.64 | W16: =ROUND(M16*$P16,2) -> 3635.64 | X16: =ROUND(N16*$P16,2) -> 25449.48 | Y16: =Q16/$Q$223 -> 0.0013521608 | Z16: =R16/$R$223 -> 0.0036014754 | AA16: =S16/$S$223 -> 0.049392001 | AB16: =T16/$T$223 -> 0.00078434752 | AC16: =U16/$U$223 -> 0.0013083356 | AD16: =V16/$V$223 -> 0.0027699366 | AE16: =W16/$W$223 -> 0.034456278 | AF16: =X16/$X$223 -> 0.0020191627
B17: 01.02 | E17: INSTALAÇAO PROVISORIA - CONCESSIONARIA | I17: 0 | K17: 0 | M17: 0 | N17: =ROUND(SUM(G17:M17),2) -> 0 | P17: =ROUND(O17*$P$12,2) -> 0 | Q17: =ROUND(G17*$P17,2) -> 0 | R17: =ROUND(H17*$P17,2) -> 0 | S17: =ROUND(I17*$P17,2) -> 0 | T17: =ROUND(J17*$P17,2) -> 0 | U17: =ROUND(K17*$P17,2) -> 0 | V17: =ROUND(L17*$P17,2) -> 0 | W17: =ROUND(M17*$P17,2) -> 0 | X17: =ROUND(N17*$P17,2) -> 0 | Y17: =Q17/$Q$223 -> 0 | Z17: =R17/$R$223 -> 0 | AA17: =S17/$S$223 -> 0 | AB17: =T17/$T$223 -> 0 | AC17: =U17/$U$223 -> 0 | AD17: =V17/$V$223 -> 0 | AE17: =W17/$W$223 -> 0 | AF17: =X17/$X$223 -> 0
B18: 01.02.01 | C18: CPU | D18: 001 | E18: LIGAÇÃO PROVISÓRIA COM ENTRADA DE ENERGIA AÉREA, PADRÃO CEMIG, CARGA INSTALADA DE 15,1KVA ATÉ 30KVA, TRIFÁSICO, COM SAÍDA SUBTERRÂNEA, INCLUSIVE POSTE, CAIXA PARA MEDIDOR, DISJUNTOR, BARRAMENTO, ATERRAMENTO E ACESSÓRIOS | F18: UN | G18: ='MEMO A-07'!I23 -> 1 | H18: ='MEMO A-09'!I23 -> 1 | J18: ='MEMO A-18'!I21 -> 1 | K18: ='MEMO A-21'!I22 -> 1 | L18: ='MEMO A-22'!I23 -> 1 | N18: =ROUND(SUM(G18:M18),2) -> 5 | O18: =CPUS!I40 -> 1010.69 | P18: =ROUND(O18*$P$12,2) -> 1219.9 | Q18: =ROUND(G18*$P18,2) -> 1219.9 | R18: =ROUND(H18*$P18,2) -> 1219.9 | S18: =ROUND(I18*$P18,2) -> 0 | T18: =ROUND(J18*$P18,2) -> 1219.9 | U18: =ROUND(K18*$P18,2) -> 1219.9 | V18: =ROUND(L18*$P18,2) -> 1219.9 | W18: =ROUND(M18*$P18,2) -> 0 | X18: =ROUND(N18*$P18,2) -> 6099.5 | Y18: =Q18/$Q$223 -> 0.00045370306 | Z18: =R18/$R$223 -> 0.0012084364 | AA18: =S18/$S$223 -> 0 | AB18: =T18/$T$223 -> 0.00026317939 | AC18: =U18/$U$223 -> 0.00043899799 | AD18: =V18/$V$223 -> 0.00092942251 | AE18: =W18/$W$223 -> 0 | AF18: =X18/$X$223 -> 0.00048393456
B19: 01.02.02 | C19: SINAPI | D19: 95635 | E19: KIT CAVALETE PARA MEDIÇÃO DE ÁGUA - ENTRADA PRINCIPAL, EM PVC DN 25 MM (3/4") - FORNECIMENTO E INSTALAÇÃO (EXCLUSIVE HIDRÔMETRO). | F19: UN | G19: ='MEMO A-07'!I27 -> 1 | H19: ='MEMO A-09'!I26 -> 1 | J19: ='MEMO A-18'!I24 -> 1 | K19: ='MEMO A-21'!I25 -> 1 | L19: ='MEMO A-22'!I26 -> 1 | N19: =ROUND(SUM(G19:M19),2) -> 5 | O19: 217.21 | P19: =ROUND(O19*$P$12,2) -> 262.17 | Q19: =ROUND(G19*$P19,2) -> 262.17 | R19: =ROUND(H19*$P19,2) -> 262.17 | S19: =ROUND(I19*$P19,2) -> 0 | T19: =ROUND(J19*$P19,2) -> 262.17 | U19: =ROUND(K19*$P19,2) -> 262.17 | V19: =ROUND(L19*$P19,2) -> 262.17 | W19: =ROUND(M19*$P19,2) -> 0 | X19: =ROUND(N19*$P19,2) -> 1310.85 | Y19: =Q19/$Q$223 -> 9.7505804e-05 | Z19: =R19/$R$223 -> 0.00025970635 | AA19: =S19/$S$223 -> 0 | AB19: =T19/$T$223 -> 5.6560162e-05 | AC19: =U19/$U$223 -> 9.4345522e-05 | AD19: =V19/$V$223 -> 0.00019974317 | AE19: =W19/$W$223 -> 0 | AF19: =X19/$X$223 -> 0.00010400289
B20: 01.02.03 | C20: SINAPI | D20: 95675 | E20: HIDRÔMETRO DN 3/4", 5,0 M3/H - FORNECIMENTO E INSTALAÇÃO. | F20: UN | G20: ='MEMO A-07'!I31 -> 1 | H20: ='MEMO A-09'!I29 -> 1 | J20: ='MEMO A-18'!I27 -> 1 | K20: ='MEMO A-21'!I28 -> 1 | L20: ='MEMO A-22'!I29 -> 1 | N20: =ROUND(SUM(G20:M20),2) -> 5 | O20: 211.12 | P20: =ROUND(O20*$P$12,2) -> 254.82 | Q20: =ROUND(G20*$P20,2) -> 254.82 | R20: =ROUND(H20*$P20,2) -> 254.82 | S20: =ROUND(I20*$P20,2) -> 0 | T20: =ROUND(J20*$P20,2) -> 254.82 | U20: =ROUND(K20*$P20,2) -> 254.82 | V20: =ROUND(L20*$P20,2) -> 254.82 | W20: =ROUND(M20*$P20,2) -> 0 | X20: =ROUND(N20*$P20,2) -> 1274.1 | Y20: =Q20/$Q$223 -> 9.4772205e-05 | Z20: =R20/$R$223 -> 0.00025242542 | AA20: =S20/$S$223 -> 0 | AB20: =T20/$T$223 -> 5.4974484e-05 | AC20: =U20/$U$223 -> 9.1700523e-05 | AD20: =V20/$V$223 -> 0.00019414333 | AE20: =W20/$W$223 -> 0 | AF20: =X20/$X$223 -> 0.00010108714
B21: 01.03 | E21: CONTAINER | I21: 0 | K21: 0 | N21: =ROUND(SUM(G21:M21),2) -> 0 | P21: =ROUND(O21*$P$12,2) -> 0 | Q21: =ROUND(G21*$P21,2) -> 0 | R21: =ROUND(H21*$P21,2) -> 0 | S21: =ROUND(I21*$P21,2) -> 0 | T21: =ROUND(J21*$P21,2) -> 0 | U21: =ROUND(K21*$P21,2) -> 0 | V21: =ROUND(L21*$P21,2) -> 0 | W21: =ROUND(M21*$P21,2) -> 0 | X21: =ROUND(N21*$P21,2) -> 0 | Y21: =Q21/$Q$223 -> 0 | Z21: =R21/$R$223 -> 0 | AA21: =S21/$S$223 -> 0 | AB21: =T21/$T$223 -> 0 | AC21: =U21/$U$223 -> 0 | AD21: =V21/$V$223 -> 0 | AE21: =W21/$W$223 -> 0 | AF21: =X21/$X$223 -> 0
B22: 01.03.01 | C22: CPU | D22: 002 | E22: MOBILIZAÇÃO DE CONTAINER | F22: UN | G22: ='MEMO A-07'!I36 -> 4 | H22: ='MEMO A-09'!I33 -> 4 | I22: ='MEMO A-11'!I22 -> 1 | J22: ='MEMO A-18'!I31 -> 4 | K22: ='MEMO A-21'!I32 -> 4 | L22: ='MEMO A-22'!I33 -> 4 | N22: =ROUND(SUM(G22:M22),2) -> 21 | O22: =CPUS!I74 -> 1200 | P22: =ROUND(O22*$P$12,2) -> 1448.4 | Q22: =ROUND(G22*$P22,2) -> 5793.6 | R22: =ROUND(H22*$P22,2) -> 5793.6 | S22: =ROUND(I22*$P22,2) -> 1448.4 | T22: =ROUND(J22*$P22,2) -> 5793.6 | U22: =ROUND(K22*$P22,2) -> 5793.6 | V22: =ROUND(L22*$P22,2) -> 5793.6 | W22: =ROUND(M22*$P22,2) -> 0 | X22: =ROUND(N22*$P22,2) -> 30416.4 | Y22: =Q22/$Q$223 -> 0.0021547455 | Z22: =R22/$R$223 -> 0.0057391567 | AA22: =S22/$S$223 -> 0.019677244 | AB22: =T22/$T$223 -> 0.0012499026 | AC22: =U22/$U$223 -> 0.0020849076 | AD22: =V22/$V$223 -> 0.0044140522 | AE22: =W22/$W$223 -> 0 | AF22: =X22/$X$223 -> 0.0024132383
B23: 01.03.02 | C23: CPU | D23: 003 | E23: DESMOBILIZAÇÃO DE CONTAINER | F23: UN | G23: ='MEMO A-07'!I39 -> 4 | H23: ='MEMO A-09'!I36 -> 4 | I23: ='MEMO A-11'!I25 -> 1 | J23: ='MEMO A-18'!I34 -> 4 | K23: ='MEMO A-21'!I35 -> 4 | L23: ='MEMO A-22'!I36 -> 4 | N23: =ROUND(SUM(G23:M23),2) -> 21 | O23: =CPUS!I108 -> 1200 | P23: =ROUND(O23*$P$12,2) -> 1448.4 | Q23: =ROUND(G23*$P23,2) -> 5793.6 | R23: =ROUND(H23*$P23,2) -> 5793.6 | S23: =ROUND(I23*$P23,2) -> 1448.4 | T23: =ROUND(J23*$P23,2) -> 5793.6 | U23: =ROUND(K23*$P23,2) -> 5793.6 | V23: =ROUND(L23*$P23,2) -> 5793.6 | W23: =ROUND(M23*$P23,2) -> 0 | X23: =ROUND(N23*$P23,2) -> 30416.4 | Y23: =Q23/$Q$223 -> 0.0021547455 | Z23: =R23/$R$223 -> 0.0057391567 | AA23: =S23/$S$223 -> 0.019677244 | AB23: =T23/$T$223 -> 0.0012499026 | AC23: =U23/$U$223 -> 0.0020849076 | AD23: =V23/$V$223 -> 0.0044140522 | AE23: =W23/$W$223 -> 0 | AF23: =X23/$X$223 -> 0.0024132383
B24: 01.03.03 | C24: SINAPI | D24: 10776 | E24: LOCACAO DE CONTAINER 2,30 X 6,00 M, ALT. 2,50 M, PARA ESCRITORIO, SEM DIVISORIAS INTERNAS E SEM SANITARIO (NAO INCLUI MOBILIZACAO/DESMOBILIZACAO) | F24: MES | G24: ='MEMO A-07'!I42 -> 4 | H24: ='MEMO A-09'!I39 -> 3 | I24: ='MEMO A-11'!I28 -> 0 | J24: ='MEMO A-18'!I37 -> 5 | K24: ='MEMO A-21'!I38 -> 4 | L24: ='MEMO A-22'!I39 -> 4 | N24: =ROUND(SUM(G24:M24),2) -> 20 | O24: 789.06 | P24: =ROUND(O24*$P$12,2) -> 952.4 | Q24: =ROUND(G24*$P24,2) -> 3809.6 | R24: =ROUND(H24*$P24,2) -> 2857.2 | S24: =ROUND(I24*$P24,2) -> 0 | T24: =ROUND(J24*$P24,2) -> 4762 | U24: =ROUND(K24*$P24,2) -> 3809.6 | V24: =ROUND(L24*$P24,2) -> 3809.6 | W24: =ROUND(M24*$P24,2) -> 0 | X24: =ROUND(N24*$P24,2) -> 19048 | Y24: =Q24/$Q$223 -> 0.0014168597 | Z24: =R24/$R$223 -> 0.0028303505 | AA24: =S24/$S$223 -> 0 | AB24: =T24/$T$223 -> 0.0010273467 | AC24: =U24/$U$223 -> 0.0013709376 | AD24: =V24/$V$223 -> 0.002902474 | AE24: =W24/$W$223 -> 0 | AF24: =X24/$X$223 -> 0.0015112691
B25: 01.03.04 | C25: SINAPI | D25: 10777 | E25: LOCACAO DE CONTAINER 2,30 X 4,30 M, ALT. 2,50 M, PARA SANITARIO, COM 3 BACIAS, 4 CHUVEIROS, 1 LAVATORIO E 1 MICTORIO (NAO INCLUI MOBILIZACAO/DESMOBILIZACAO) | F25: MES | G25: ='MEMO A-07'!I45 -> 4 | H25: ='MEMO A-09'!I42 -> 3 | I25: ='MEMO A-11'!I31 -> 0 | J25: ='MEMO A-18'!I40 -> 5 | K25: ='MEMO A-21'!I41 -> 4 | L25: ='MEMO A-22'!I42 -> 4 | N25: =ROUND(SUM(G25:M25),2) -> 20 | O25: 1146.77 | P25: =ROUND(O25*$P$12,2) -> 1384.15 | Q25: =ROUND(G25*$P25,2) -> 5536.6 | R25: =ROUND(H25*$P25,2) -> 4152.45 | S25: =ROUND(I25*$P25,2) -> 0 | T25: =ROUND(J25*$P25,2) -> 6920.75 | U25: =ROUND(K25*$P25,2) -> 5536.6 | V25: =ROUND(L25*$P25,2) -> 5536.6 | W25: =ROUND(M25*$P25,2) -> 0 | X25: =ROUND(N25*$P25,2) -> 27683 | Y25: =Q25/$Q$223 -> 0.0020591625 | Z25: =R25/$R$223 -> 0.0041134288 | AA25: =S25/$S$223 -> 0 | AB25: =T25/$T$223 -> 0.0014930722 | AC25: =U25/$U$223 -> 0.0019924225 | AD25: =V25/$V$223 -> 0.0042182479 | AE25: =W25/$W$223 -> 0 | AF25: =X25/$X$223 -> 0.0021963703
B26: 01.03.05 | C26: CPU | D26: 004 | E26: LOCAÇÃO DE CONTAINER COM ISOLAMENTO TÉRMICO, TIPO 4, PARA REFEITÓRIO DE OBRA, COM MEDIDAS REFERENCIAIS DE (6) METROS COMPRIMENTO, (2,3) METROS LARGURA E (2,5) METROS ALTURA ÚTIL INTERNA, INCLUSIVE LIGAÇÕES ELÉTRICAS INTERNAS, EXCLUSIVE MOBILIZAÇÃO/DESMOBILIZAÇÃO E LIGAÇÕES PROVISÓRIAS EXTERNAS | F26: MES | G26: ='MEMO A-07'!I48 -> 4 | H26: ='MEMO A-09'!I45 -> 3 | I26: ='MEMO A-11'!I34 -> 0 | J26: ='MEMO A-18'!I43 -> 5 | K26: ='MEMO A-21'!I44 -> 4 | L26: ='MEMO A-22'!I45 -> 4 | N26: =ROUND(SUM(G26:M26),2) -> 20 | O26: =CPUS!I144 -> 925.74 | P26: =ROUND(O26*$P$12,2) -> 1117.37 | Q26: =ROUND(G26*$P26,2) -> 4469.48 | R26: =ROUND(H26*$P26,2) -> 3352.11 | S26: =ROUND(I26*$P26,2) -> 0 | T26: =ROUND(J26*$P26,2) -> 5586.85 | U26: =ROUND(K26*$P26,2) -> 4469.48 | V26: =ROUND(L26*$P26,2) -> 4469.48 | W26: =ROUND(M26*$P26,2) -> 0 | X26: =ROUND(N26*$P26,2) -> 22347.4 | Y26: =Q26/$Q$223 -> 0.0016622811 | Z26: =R26/$R$223 -> 0.0033206097 | AA26: =S26/$S$223 -> 0 | AB26: =T26/$T$223 -> 0.0012052986 | AC26: =U26/$U$223 -> 0.0016084046 | AD26: =V26/$V$223 -> 0.0034052261 | AE26: =W26/$W$223 -> 0 | AF26: =X26/$X$223 -> 0.0017730436
B27: 01.03.06 | C27: CPU | D27: 005 | E27: LOCAÇÃO DE CONTAINER COM ISOLAMENTO TÉRMICO, TIPO 3, PARA DEPÓSITO/FERRAMENTARIA DE OBRA, COM MEDIDAS REFERENCIAIS DE (6) METROS COMPRIMENTO, (2,3) METROS LARGURA E (2,5) METROS ALTURA ÚTIL INTERNA, INCLUSIVE LIGAÇÕES ELÉTRICAS INTERNAS, EXCLUSIVE MOBILIZAÇÃO/DESMOBILIZAÇÃO E LIGAÇÕES PROVISÓRIAS EXTERNAS | F27: MES | G27: ='MEMO A-07'!I51 -> 4 | H27: ='MEMO A-09'!I48 -> 3 | I27: ='MEMO A-11'!I37 -> 3 | J27: ='MEMO A-18'!I46 -> 5 | K27: ='MEMO A-21'!I47 -> 4 | L27: ='MEMO A-22'!I48 -> 4 | N27: =ROUND(SUM(G27:M27),2) -> 23 | O27: =CPUS!I180 -> 795.02 | P27: =ROUND(O27*$P$12,2) -> 959.59 | Q27: =ROUND(G27*$P27,2) -> 3838.36 | R27: =ROUND(H27*$P27,2) -> 2878.77 | S27: =ROUND(I27*$P27,2) -> 2878.77 | T27: =ROUND(J27*$P27,2) -> 4797.95 | U27: =ROUND(K27*$P27,2) -> 3838.36 | V27: =ROUND(L27*$P27,2) -> 3838.36 | W27: =ROUND(M27*$P27,2) -> 0 | X27: =ROUND(N27*$P27,2) -> 22070.57 | Y27: =Q27/$Q$223 -> 0.0014275561 | Z27: =R27/$R$223 -> 0.0028517178 | AA27: =S27/$S$223 -> 0.039109541 | AB27: =T27/$T$223 -> 0.0010351025 | AC27: =U27/$U$223 -> 0.0013812873 | AD27: =V27/$V$223 -> 0.0029243858 | AE27: =W27/$W$223 -> 0 | AF27: =X27/$X$223 -> 0.0017510799
B28: 01.04 | E28: BANHEIRO QUIMICO | I28: 0 | K28: 0 | N28: =ROUND(SUM(G28:M28),2) -> 0 | P28: =ROUND(O28*$P$12,2) -> 0 | Q28: =ROUND(G28*$P28,2) -> 0 | R28: =ROUND(H28*$P28,2) -> 0 | S28: =ROUND(I28*$P28,2) -> 0 | T28: =ROUND(J28*$P28,2) -> 0 | U28: =ROUND(K28*$P28,2) -> 0 | V28: =ROUND(L28*$P28,2) -> 0 | W28: =ROUND(M28*$P28,2) -> 0 | X28: =ROUND(N28*$P28,2) -> 0 | Y28: =Q28/$Q$223 -> 0 | Z28: =R28/$R$223 -> 0 | AA28: =S28/$S$223 -> 0 | AB28: =T28/$T$223 -> 0 | AC28: =U28/$U$223 -> 0 | AD28: =V28/$V$223 -> 0 | AE28: =W28/$W$223 -> 0 | AF28: =X28/$X$223 -> 0
B29: 01.04.01 | C29: CPU | D29: 006 | E29: LOCAÇÃO DE BANHEIRO QUÍMICO, DIMENSÃO (110X120X230)CM, LINHA PADRÃO, CONTENDO UMA (1) PIA/HIGIENIZADOR DE MÃOS, INCLUSIVE MANUTENÇÃO E MOBILIZAÇÃO/DESMOBILIZAÇÃO | F29: MES | G29: ='MEMO A-07'!I55 -> 4 | H29: ='MEMO A-09'!I52 -> 3 | I29: ='MEMO A-11'!I41 -> 3 | J29: ='MEMO A-18'!I50 -> 5 | K29: ='MEMO A-21'!I51 -> 4 | L29: ='MEMO A-22'!I52 -> 4 | M29: ='MEMO A-23'!I23 -> 1 | N29: =ROUND(SUM(G29:M29),2) -> 24 | O29: =CPUS!I213 -> 980 | P29: =ROUND(O29*$P$12,2) -> 1182.86 | Q29: =ROUND(G29*$P29,2) -> 4731.44 | R29: =ROUND(H29*$P29,2) -> 3548.58 | S29: =ROUND(I29*$P29,2) -> 3548.58 | T29: =ROUND(J29*$P29,2) -> 5914.3 | U29: =ROUND(K29*$P29,2) -> 4731.44 | V29: =ROUND(L29*$P29,2) -> 4731.44 | W29: =ROUND(M29*$P29,2) -> 1182.86 | X29: =ROUND(N29*$P29,2) -> 28388.64 | Y29: =Q29/$Q$223 -> 0.0017597088 | Z29: =R29/$R$223 -> 0.0035152335 | AA29: =S29/$S$223 -> 0.048209247 | AB29: =T29/$T$223 -> 0.0012759422 | AC29: =U29/$U$223 -> 0.0017026745 | AD29: =V29/$V$223 -> 0.0036048093 | AE29: =W29/$W$223 -> 0.011210393 | AF29: =X29/$X$223 -> 0.0022523558
B30: 01.05 | E30: TAPUME | I30: 0 | K30: 0 | N30: =ROUND(SUM(G30:M30),2) -> 0 | P30: =ROUND(O30*$P$12,2) -> 0 | Q30: =ROUND(G30*$P30,2) -> 0 | R30: =ROUND(H30*$P30,2) -> 0 | S30: =ROUND(I30*$P30,2) -> 0 | T30: =ROUND(J30*$P30,2) -> 0 | U30: =ROUND(K30*$P30,2) -> 0 | V30: =ROUND(L30*$P30,2) -> 0 | W30: =ROUND(M30*$P30,2) -> 0 | X30: =ROUND(N30*$P30,2) -> 0 | Y30: =Q30/$Q$223 -> 0 | Z30: =R30/$R$223 -> 0 | AA30: =S30/$S$223 -> 0 | AB30: =T30/$T$223 -> 0 | AC30: =U30/$U$223 -> 0 | AD30: =V30/$V$223 -> 0 | AE30: =W30/$W$223 -> 0 | AF30: =X30/$X$223 -> 0
B31: 01.05.01 | C31: SINAPI | D31: 98458 | E31: TAPUME COM COMPENSADO DE MADEIRA. | F31: M2 | H31: ='MEMO A-09'!I56 -> 28.16 | I31: ='MEMO A-11'!I45 -> 0 | J31: ='MEMO A-18'!I54 -> 28.16 | K31: ='MEMO A-21'!I55 -> 66 | N31: =ROUND(SUM(G31:M31),2) -> 122.32 | O31: 99.69 | P31: =ROUND(O31*$P$12,2) -> 120.33 | Q31: =ROUND(G31*$P31,2) -> 0 | R31: =ROUND(H31*$P31,2) -> 3388.49 | S31: =ROUND(I31*$P31,2) -> 0 | T31: =ROUND(J31*$P31,2) -> 3388.49 | U31: =ROUND(K31*$P31,2) -> 7941.78 | V31: =ROUND(L31*$P31,2) -> 0 | W31: =ROUND(M31*$P31,2) -> 0 | X31: =ROUND(N31*$P31,2) -> 14718.77 | Y31: =Q31/$Q$223 -> 0 | Z31: =R31/$R$223 -> 0.0033566479 | AA31: =S31/$S$223 -> 0 | AB31: =T31/$T$223 -> 0.00073102775 | AC31: =U31/$U$223 -> 0.00285796 | AD31: =V31/$V$223 -> 0 | AE31: =W31/$W$223 -> 0 | AF31: =X31/$X$223 -> 0.0011677878
B32: 01.06 | E32: ADMINISTRACAO LOCAL DA OBRA | I32: 0 | K32: 0 | M32: 0 | N32: =ROUND(SUM(G32:M32),2) -> 0 | P32: =ROUND(O32*$P$12,2) -> 0 | Q32: =ROUND(G32*$P32,2) -> 0 | R32: =ROUND(H32*$P32,2) -> 0 | S32: =ROUND(I32*$P32,2) -> 0 | T32: =ROUND(J32*$P32,2) -> 0 | U32: =ROUND(K32*$P32,2) -> 0 | V32: =ROUND(L32*$P32,2) -> 0 | W32: =ROUND(M32*$P32,2) -> 0 | X32: =ROUND(N32*$P32,2) -> 0 | Y32: =Q32/$Q$223 -> 0 | Z32: =R32/$R$223 -> 0 | AA32: =S32/$S$223 -> 0 | AB32: =T32/$T$223 -> 0 | AC32: =U32/$U$223 -> 0 | AD32: =V32/$V$223 -> 0 | AE32: =W32/$W$223 -> 0 | AF32: =X32/$X$223 -> 0
B33: 01.06.01 | C33: ANEXO | D33: PL | E33: ADMINISTRACAO LOCAL - (conforme planilha em anexo) | F33: UN | G33: ='MEMO A-07'!I59 -> 0.21332645 | H33: ='MEMO A-09'!I60 -> 0.080092681 | I33: ='MEMO A-11'!I49 -> 0.005840051 | J33: ='MEMO A-18'!I58 -> 0.36776022 | K33: ='MEMO A-21'!I60 -> 0.22047234 | L33: ='MEMO A-22'!I56 -> 0.10413661 | M33: ='MEMO A-23'!I28 -> 0.008371532 | N33: =ROUND(SUM(G33:M33),2) -> 1 | O33: ='PLAN ADM'!I24 -> 520874.16 | P33: =ROUND(O33*$P$12,2) -> 628695.11 | Q33: =ROUND(G33*$P33,2) -> 134117.3 | R33: =ROUND(H33*$P33,2) -> 50353.88 | S33: =ROUND(I33*$P33,2) -> 3671.61 | T33: =ROUND(J33*$P33,2) -> 231209.05 | U33: =ROUND(K33*$P33,2) -> 138609.88 | V33: =ROUND(L33*$P33,2) -> 65470.18 | W33: =ROUND(M33*$P33,2) -> 5263.14 | X33: =ROUND(N33*$P33,2) -> 628695.11 | Y33: =Q33/$Q$223 -> 0.04988067 | Z33: =R33/$R$223 -> 0.049880697 | AA33: =S33/$S$223 -> 0.049880672 | AB33: =T33/$T$223 -> 0.049880693 | AC33: =U33/$U$223 -> 0.049880694 | AD33: =V33/$V$223 -> 0.049880694 | AE33: =W33/$W$223 -> 0.049880685 | AF33: =X33/$X$223 -> 0.049880694
I34: 0 | K34: 0 | M34: 0 | N34: =ROUND(SUM(G34:M34),2) -> 0 | P34: =ROUND(O34*$P$12,2) -> 0 | Q34: =ROUND(G34*$P34,2) -> 0 | R34: =ROUND(H34*$P34,2) -> 0 | S34: =ROUND(I34*$P34,2) -> 0 | T34: =ROUND(J34*$P34,2) -> 0 | U34: =ROUND(K34*$P34,2) -> 0 | V34: =ROUND(L34*$P34,2) -> 0 | W34: =ROUND(M34*$P34,2) -> 0 | X34: =ROUND(N34*$P34,2) -> 0 | Y34: =Q34/$Q$223 -> 0 | Z34: =R34/$R$223 -> 0 | AA34: =S34/$S$223 -> 0 | AB34: =T34/$T$223 -> 0 | AC34: =U34/$U$223 -> 0 | AD34: =V34/$V$223 -> 0 | AE34: =W34/$W$223 -> 0 | AF34: =X34/$X$223 -> 0
E35: SUB-TOTAL DO ITEM 01 | I35: 0 | K35: 0 | M35: 0 | N35: =ROUND(SUM(G35:M35),2) -> 0 | Q35: =ROUND(SUM(Q15:Q34),2) -> 173462.51 | R35: =ROUND(SUM(R15:R34),2) -> 87491.21 | S35: =ROUND(SUM(S15:S34),2) -> 16631.4 | T35: =ROUND(SUM(T15:T34),2) -> 279539.12 | U35: =ROUND(SUM(U15:U34),2) -> 185896.87 | V35: =ROUND(SUM(V15:V34),2) -> 104815.39 | W35: =ROUND(SUM(W15:W34),2) -> 10081.64 | X35: =ROUND(SUM(X15:X34),2) -> 857918.22 | Y35: =Q35/$Q$223 -> 0.064513871 | Z35: =R35/$R$223 -> 0.086669042 | AA35: =S35/$S$223 -> 0.22594595 | AB35: =T35/$T$223 -> 0.06030735 | AC35: =U35/$U$223 -> 0.066897575 | AD35: =V35/$V$223 -> 0.079857187 | AE35: =W35/$W$223 -> 0.095547355 | AF35: =X35/$X$223 -> 0.068067265
I36: 0 | K36: 0 | M36: 0 | N36: =ROUND(SUM(G36:M36),2) -> 0 | O36: =ROUND(N36*$P$12,2) -> 0 | P36: =ROUND(O36*$P$12,2) -> 0 | Q36: =ROUND(G36*$P36,2) -> 0 | R36: =ROUND(H36*$P36,2) -> 0 | S36: =ROUND(I36*$P36,2) -> 0 | T36: =ROUND(J36*$P36,2) -> 0 | U36: =ROUND(K36*$P36,2) -> 0 | V36: =ROUND(L36*$P36,2) -> 0 | W36: =ROUND(M36*$P36,2) -> 0 | X36: =ROUND(N36*$P36,2) -> 0 | Y36: =Q36/$Q$223 -> 0 | Z36: =R36/$R$223 -> 0 | AA36: =S36/$S$223 -> 0 | AB36: =T36/$T$223 -> 0 | AC36: =U36/$U$223 -> 0 | AD36: =V36/$V$223 -> 0 | AE36: =W36/$W$223 -> 0 | AF36: =X36/$X$223 -> 0
B37: 02 | E37: DEMOLIÇÕES | I37: 0 | K37: 0 | M37: 0 | N37: =ROUND(SUM(G37:M37),2) -> 0 | P37: =ROUND(O37*$P$12,2) -> 0 | Q37: =ROUND(G37*$P37,2) -> 0 | R37: =ROUND(H37*$P37,2) -> 0 | S37: =ROUND(I37*$P37,2) -> 0 | T37: =ROUND(J37*$P37,2) -> 0 | U37: =ROUND(K37*$P37,2) -> 0 | V37: =ROUND(L37*$P37,2) -> 0 | W37: =ROUND(M37*$P37,2) -> 0 | X37: =ROUND(N37*$P37,2) -> 0 | Y37: =Q37/$Q$223 -> 0 | Z37: =R37/$R$223 -> 0 | AA37: =S37/$S$223 -> 0 | AB37: =T37/$T$223 -> 0 | AC37: =U37/$U$223 -> 0 | AD37: =V37/$V$223 -> 0 | AE37: =W37/$W$223 -> 0 | AF37: =X37/$X$223 -> 0
B38: 02.01 | C38: SINAPI | D38: 104790 | E38: DEMOLIÇÃO DE PISO DE CONCRETO SIMPLES, DE FORMA MECANIZADA COM MARTELETE, SEM REAPROVEITAMENTO. | F38: M3 | I38: 0 | J38: ='MEMO A-18'!I62 -> 11.16 | K38: 0 | L38: ='MEMO A-22'!I60 -> 105.6 | M38: 0 | N38: =ROUND(SUM(G38:M38),2) -> 116.76 | O38: 117.43 | P38: =ROUND(O38*$P$12,2) -> 141.74 | Q38: =ROUND(G38*$P38,2) -> 0 | R38: =ROUND(H38*$P38,2) -> 0 | S38: =ROUND(I38*$P38,2) -> 0 | T38: =ROUND(J38*$P38,2) -> 1581.82 | U38: =ROUND(K38*$P38,2) -> 0 | V38: =ROUND(L38*$P38,2) -> 14967.74 | W38: =ROUND(M38*$P38,2) -> 0 | X38: =ROUND(N38*$P38,2) -> 16549.56 | Y38: =Q38/$Q$223 -> 0 | Z38: =R38/$R$223 -> 0 | AA38: =S38/$S$223 -> 0 | AB38: =T38/$T$223 -> 0.00034125947 | AC38: =U38/$U$223 -> 0 | AD38: =V38/$V$223 -> 0.011403684 | AE38: =W38/$W$223 -> 0 | AF38: =X38/$X$223 -> 0.0013130427 | AH38: AS | AI38: 0.24
B39: 02.02 | C39: CPU | D39: 007 | E39: DEMOLIÇÃO EM CONCRETO ARMADO, DE FORMA MANUAL, SEM REAPROVEITAMENTO. | F39: M3 | H39: ='MEMO A-09'!I64 -> 2.88 | I39: 0 | K39: 0 | M39: 0 | N39: =ROUND(SUM(G39:M39),2) -> 2.88 | O39: =CPUS!I243 -> 284.38 | P39: =ROUND(O39*$P$12,2) -> 343.25 | Q39: =ROUND(G39*$P39,2) -> 0 | R39: =ROUND(H39*$P39,2) -> 988.56 | S39: =ROUND(I39*$P39,2) -> 0 | T39: =ROUND(J39*$P39,2) -> 0 | U39: =ROUND(K39*$P39,2) -> 0 | V39: =ROUND(L39*$P39,2) -> 0 | W39: =ROUND(M39*$P39,2) -> 0 | X39: =ROUND(N39*$P39,2) -> 988.56 | Y39: =Q39/$Q$223 -> 0 | Z39: =R39/$R$223 -> 0.00097927036 | AA39: =S39/$S$223 -> 0 | AB39: =T39/$T$223 -> 0 | AC39: =U39/$U$223 -> 0 | AD39: =V39/$V$223 -> 0 | AE39: =W39/$W$223 -> 0 | AF39: =X39/$X$223 -> 7.8432388e-05
B40: 02.03 | C40: CPU | D40: 008 | E40: DEMOLIÇÃO DE REVESTIMENTO ASFÁLTICO, COM EQUIPAMENTO PNEUMÁTICO, EXCLUSIVE TRANSPORTE E RETIRADA DO MATERIAL DEMOLIDO | F40: M3 | I40: 0 | J40: ='MEMO A-18'!I65 -> 29.46 | K40: 0 | M40: 0 | N40: =ROUND(SUM(G40:M40),2) -> 29.46 | O40: =CPUS!I276 -> 162.63 | P40: =ROUND(O40*$P$12,2) -> 196.29 | Q40: =ROUND(G40*$P40,2) -> 0 | R40: =ROUND(H40*$P40,2) -> 0 | S40: =ROUND(I40*$P40,2) -> 0 | T40: =ROUND(J40*$P40,2) -> 5782.7 | U40: =ROUND(K40*$P40,2) -> 0 | V40: =ROUND(L40*$P40,2) -> 0 | W40: =ROUND(M40*$P40,2) -> 0 | X40: =ROUND(N40*$P40,2) -> 5782.7 | Y40: =Q40/$Q$223 -> 0 | Z40: =R40/$R$223 -> 0 | AA40: =S40/$S$223 -> 0 | AB40: =T40/$T$223 -> 0.001247551 | AC40: =U40/$U$223 -> 0 | AD40: =V40/$V$223 -> 0 | AE40: =W40/$W$223 -> 0 | AF40: =X40/$X$223 -> 0.00045879964
B41: 02.04 | E41: CARGA DE MATERIAL DE QQUER NATUREZA SOBRE CAMINHAO | I41: 0 | K41: 0 | M41: 0 | N41: =ROUND(SUM(G41:M41),2) -> 0 | P41: =ROUND(O41*$P$12,2) -> 0 | Q41: =ROUND(G41*$P41,2) -> 0 | R41: =ROUND(H41*$P41,2) -> 0 | S41: =ROUND(I41*$P41,2) -> 0 | T41: =ROUND(J41*$P41,2) -> 0 | U41: =ROUND(K41*$P41,2) -> 0 | V41: =ROUND(L41*$P41,2) -> 0 | W41: =ROUND(M41*$P41,2) -> 0 | X41: =ROUND(N41*$P41,2) -> 0 | Y41: =Q41/$Q$223 -> 0 | Z41: =R41/$R$223 -> 0 | AA41: =S41/$S$223 -> 0 | AB41: =T41/$T$223 -> 0 | AC41: =U41/$U$223 -> 0 | AD41: =V41/$V$223 -> 0 | AE41: =W41/$W$223 -> 0 | AF41: =X41/$X$223 -> 0
B42: 02.04.01 | C42: CPU | D42: 009 | E42: CARGA MANUAL DE MATERIAL DE QUALQUER NATUREZA SOBRE CAMINHÃO, EXCLUSIVE TRANSPORTE | F42: M3 | H42: ='MEMO A-09'!I68 -> 3.74 | I42: 0 | J42: ='MEMO A-18'!I69 -> 52.81 | K42: 0 | M42: 0 | N42: =ROUND(SUM(G42:M42),2) -> 56.55 | O42: =CPUS!I311 -> 45.28 | P42: =ROUND(O42*$P$12,2) -> 54.65 | Q42: =ROUND(G42*$P42,2) -> 0 | R42: =ROUND(H42*$P42,2) -> 204.39 | S42: =ROUND(I42*$P42,2) -> 0 | T42: =ROUND(J42*$P42,2) -> 2886.07 | U42: =ROUND(K42*$P42,2) -> 0 | V42: =ROUND(L42*$P42,2) -> 0 | W42: =ROUND(M42*$P42,2) -> 0 | X42: =ROUND(N42*$P42,2) -> 3090.46 | Y42: =Q42/$Q$223 -> 0 | Z42: =R42/$R$223 -> 0.00020246932 | AA42: =S42/$S$223 -> 0 | AB42: =T42/$T$223 -> 0.00062263641 | AC42: =U42/$U$223 -> 0 | AD42: =V42/$V$223 -> 0 | AE42: =W42/$W$223 -> 0 | AF42: =X42/$X$223 -> 0.00024519722
B43: 02.04.02 | C43: SINAPI | D43: 100982 | E43: CARGA, MANOBRA E DESCARGA DE ENTULHO EM CAMINHÃO BASCULANTE 10 M³ - CARGA COM ESCAVADEIRA HIDRÁULICA (CAÇAMBA DE 0,80 M³ / 111 HP) E DESCARGA LIVRE (UNIDADE: M3) | F43: M3 | I43: 0 | K43: 0 | L43: ='MEMO A-22'!I64 -> 13.73 | M43: 0 | N43: =ROUND(SUM(G43:M43),2) -> 13.73 | O43: 9.33 | P43: =ROUND(O43*$P$12,2) -> 11.26 | Q43: =ROUND(G43*$P43,2) -> 0 | R43: =ROUND(H43*$P43,2) -> 0 | S43: =ROUND(I43*$P43,2) -> 0 | T43: =ROUND(J43*$P43,2) -> 0 | U43: =ROUND(K43*$P43,2) -> 0 | V43: =ROUND(L43*$P43,2) -> 154.6 | W43: =ROUND(M43*$P43,2) -> 0 | X43: =ROUND(N43*$P43,2) -> 154.6 | Y43: =Q43/$Q$223 -> 0 | Z43: =R43/$R$223 -> 0 | AA43: =S43/$S$223 -> 0 | AB43: =T43/$T$223 -> 0 | AC43: =U43/$U$223 -> 0 | AD43: =V43/$V$223 -> 0.00011778729 | AE43: =W43/$W$223 -> 0 | AF43: =X43/$X$223 -> 1.226597e-05
B44: 02.05 | E44: TRANSPORTE DE MATERIAL DEMOLIDO EM CAMINHAO | K44: 0 | M44: 0 | N44: =ROUND(SUM(G44:M44),2) -> 0 | P44: =ROUND(O44*$P$12,2) -> 0 | Q44: =ROUND(G44*$P44,2) -> 0 | R44: =ROUND(H44*$P44,2) -> 0 | S44: =ROUND(I44*$P44,2) -> 0 | T44: =ROUND(J44*$P44,2) -> 0 | U44: =ROUND(K44*$P44,2) -> 0 | V44: =ROUND(L44*$P44,2) -> 0 | W44: =ROUND(M44*$P44,2) -> 0 | X44: =ROUND(N44*$P44,2) -> 0 | Y44: =Q44/$Q$223 -> 0 | Z44: =R44/$R$223 -> 0 | AA44: =S44/$S$223 -> 0 | AB44: =T44/$T$223 -> 0 | AC44: =U44/$U$223 -> 0 | AD44: =V44/$V$223 -> 0 | AE44: =W44/$W$223 -> 0 | AF44: =X44/$X$223 -> 0
B45: 02.05.01 | C45: SINAPI | D45: 95875 | E45: TRANSPORTE COM CAMINHÃO BASCULANTE DE 10 M³, EM VIA URBANA PAVIMENTADA, DMT ATÉ 30 KM (UNIDADE: M3XKM). | F45: M3xKM | H45: ='MEMO A-09'!I72 -> 46.38 | I45: 0 | J45: ='MEMO A-18'!I75 -> 850.24 | K45: 0 | L45: ='MEMO A-22'!I69 -> 201.83 | M45: 0 | N45: =ROUND(SUM(G45:M45),2) -> 1098.45 | O45: 2.53 | P45: =ROUND(O45*$P$12,2) -> 3.05 | Q45: =ROUND(G45*$P45,2) -> 0 | R45: =ROUND(H45*$P45,2) -> 141.46 | S45: =ROUND(I45*$P45,2) -> 0 | T45: =ROUND(J45*$P45,2) -> 2593.23 | U45: =ROUND(K45*$P45,2) -> 0 | V45: =ROUND(L45*$P45,2) -> 615.58 | W45: =ROUND(M45*$P45,2) -> 0 | X45: =ROUND(N45*$P45,2) -> 3350.27 | Y45: =Q45/$Q$223 -> 0 | Z45: =R45/$R$223 -> 0.00014013068 | AA45: =S45/$S$223 -> 0 | AB45: =T45/$T$223 -> 0.00055945955 | AC45: =U45/$U$223 -> 0 | AD45: =V45/$V$223 -> 0.00046900066 | AE45: =W45/$W$223 -> 0 | AF45: =X45/$X$223 -> 0.00026581055
I46: 0 | K46: 0 | M46: 0 | N46: =ROUND(SUM(G46:M46),2) -> 0 | P46: =ROUND(O46*$P$12,2) -> 0 | Q46: =ROUND(G46*$P46,2) -> 0 | R46: =ROUND(H46*$P46,2) -> 0 | S46: =ROUND(I46*$P46,2) -> 0 | T46: =ROUND(J46*$P46,2) -> 0 | U46: =ROUND(K46*$P46,2) -> 0 | V46: =ROUND(L46*$P46,2) -> 0 | W46: =ROUND(M46*$P46,2) -> 0 | X46: =ROUND(N46*$P46,2) -> 0 | Y46: =Q46/$Q$223 -> 0 | Z46: =R46/$R$223 -> 0 | AA46: =S46/$S$223 -> 0 | AB46: =T46/$T$223 -> 0 | AC46: =U46/$U$223 -> 0 | AD46: =V46/$V$223 -> 0 | AE46: =W46/$W$223 -> 0 | AF46: =X46/$X$223 -> 0
E47: SUB-TOTAL DO ITEM 02 | I47: 0 | K47: 0 | M47: 0 | N47: =ROUND(SUM(G47:M47),2) -> 0 | Q47: =ROUND(SUM(Q36:Q46),2) -> 0 | R47: =ROUND(SUM(R36:R46),2) -> 1334.41 | S47: =ROUND(SUM(S36:S46),2) -> 0 | T47: =ROUND(SUM(T36:T46),2) -> 12843.82 | U47: =ROUND(SUM(U36:U46),2) -> 0 | V47: =ROUND(SUM(V36:V46),2) -> 15737.92 | W47: =ROUND(SUM(W36:W46),2) -> 0 | X47: =ROUND(SUM(X36:X46),2) -> 29916.15 | Y47: =Q47/$Q$223 -> 0 | Z47: =R47/$R$223 -> 0.0013218704 | AA47: =S47/$S$223 -> 0 | AB47: =T47/$T$223 -> 0.0027709064 | AC47: =U47/$U$223 -> 0 | AD47: =V47/$V$223 -> 0.011990472 | AE47: =W47/$W$223 -> 0 | AF47: =X47/$X$223 -> 0.0023735485
I48: 0 | K48: 0 | M48: 0 | N48: =ROUND(SUM(G48:M48),2) -> 0 | P48: =ROUND(O48*$P$12,2) -> 0 | Q48: =ROUND(G48*$P48,2) -> 0 | R48: =ROUND(H48*$P48,2) -> 0 | S48: =ROUND(I48*$P48,2) -> 0 | T48: =ROUND(J48*$P48,2) -> 0 | U48: =ROUND(K48*$P48,2) -> 0 | V48: =ROUND(L48*$P48,2) -> 0 | W48: =ROUND(M48*$P48,2) -> 0 | X48: =ROUND(N48*$P48,2) -> 0 | Y48: =Q48/$Q$223 -> 0 | Z48: =R48/$R$223 -> 0 | AA48: =S48/$S$223 -> 0 | AB48: =T48/$T$223 -> 0 | AC48: =U48/$U$223 -> 0 | AD48: =V48/$V$223 -> 0 | AE48: =W48/$W$223 -> 0 | AF48: =X48/$X$223 -> 0
B49: 03 | E49: LIMPEZA DO TERRENO | I49: 0 | K49: 0 | M49: 0 | N49: =ROUND(SUM(G49:M49),2) -> 0 | P49: =ROUND(O49*$P$12,2) -> 0 | Q49: =ROUND(G49*$P49,2) -> 0 | R49: =ROUND(H49*$P49,2) -> 0 | S49: =ROUND(I49*$P49,2) -> 0 | T49: =ROUND(J49*$P49,2) -> 0 | U49: =ROUND(K49*$P49,2) -> 0 | V49: =ROUND(L49*$P49,2) -> 0 | W49: =ROUND(M49*$P49,2) -> 0 | X49: =ROUND(N49*$P49,2) -> 0 | Y49: =Q49/$Q$223 -> 0 | Z49: =R49/$R$223 -> 0 | AA49: =S49/$S$223 -> 0 | AB49: =T49/$T$223 -> 0 | AC49: =U49/$U$223 -> 0 | AD49: =V49/$V$223 -> 0 | AE49: =W49/$W$223 -> 0 | AF49: =X49/$X$223 -> 0
B50: 03.01 | E50: DESMATAMENTO, DESTOCAMENTO E LIMPEZA DO TERRENO | I50: 0 | K50: 0 | M50: 0 | N50: =ROUND(SUM(G50:M50),2) -> 0 | P50: =ROUND(O50*$P$12,2) -> 0 | Q50: =ROUND(G50*$P50,2) -> 0 | R50: =ROUND(H50*$P50,2) -> 0 | S50: =ROUND(I50*$P50,2) -> 0 | T50: =ROUND(J50*$P50,2) -> 0 | U50: =ROUND(K50*$P50,2) -> 0 | V50: =ROUND(L50*$P50,2) -> 0 | W50: =ROUND(M50*$P50,2) -> 0 | X50: =ROUND(N50*$P50,2) -> 0 | Y50: =Q50/$Q$223 -> 0 | Z50: =R50/$R$223 -> 0 | AA50: =S50/$S$223 -> 0 | AB50: =T50/$T$223 -> 0 | AC50: =U50/$U$223 -> 0 | AD50: =V50/$V$223 -> 0 | AE50: =W50/$W$223 -> 0 | AF50: =X50/$X$223 -> 0
B51: 03.01.01 | C51: SINAPI | D51: 98524 | E51: LIMPEZA MANUAL DE VEGETAÇÃO EM TERRENO COM ENXADA. | F51: M2 | G51: ='MEMO A-07'!I64 -> 1031.65 | H51: ='MEMO A-09'!I78 -> 707 | I51: ='MEMO A-11'!I54 -> 805 | J51: ='MEMO A-18'!I83 -> 35770.9 | K51: 0 | M51: 0 | N51: =ROUND(SUM(G51:M51),2) -> 38314.55 | O51: 4.82 | P51: =ROUND(O51*$P$12,2) -> 5.82 | Q51: =ROUND(G51*$P51,2) -> 6004.2 | R51: =ROUND(H51*$P51,2) -> 4114.74 | S51: =ROUND(I51*$P51,2) -> 4685.1 | T51: =ROUND(J51*$P51,2) -> 208186.64 | U51: =ROUND(K51*$P51,2) -> 0 | V51: =ROUND(L51*$P51,2) -> 0 | W51: =ROUND(M51*$P51,2) -> 0 | X51: =ROUND(N51*$P51,2) -> 222990.68 | Y51: =Q51/$Q$223 -> 0.0022330715 | Z51: =R51/$R$223 -> 0.0040760732 | AA51: =S51/$S$223 -> 0.063649444 | AB51: =T51/$T$223 -> 0.044913873 | AC51: =U51/$U$223 -> 0 | AD51: =V51/$V$223 -> 0 | AE51: =W51/$W$223 -> 0 | AF51: =X51/$X$223 -> 0.017692089
B52: 03.01.02 | C52: SINAPI | D52: 98525 | E52: LIMPEZA MECANIZADA DE CAMADA VEGETAL, VEGETAÇÃO E PEQUENAS ÁRVORES (DIÂMETRO DE TRONCO MENOR QUE 0,20 M), COM TRATOR DE ESTEIRAS. | F52: M2 | I52: 0 | K52: ='MEMO A-21'!I65 -> 2200 | L52: ='MEMO A-22'!I76 -> 1120.47 | N52: =ROUND(SUM(G52:M52),2) -> 3320.47 | O52: 0.71 | P52: =ROUND(O52*$P$12,2) -> 0.86 | Q52: =ROUND(G52*$P52,2) -> 0 | R52: =ROUND(H52*$P52,2) -> 0 | S52: =ROUND(I52*$P52,2) -> 0 | T52: =ROUND(J52*$P52,2) -> 0 | U52: =ROUND(K52*$P52,2) -> 1892 | V52: =ROUND(L52*$P52,2) -> 963.6 | W52: =ROUND(M52*$P52,2) -> 0 | X52: =ROUND(N52*$P52,2) -> 2855.6 | Y52: =Q52/$Q$223 -> 0 | Z52: =R52/$R$223 -> 0 | AA52: =S52/$S$223 -> 0 | AB52: =T52/$T$223 -> 0 | AC52: =U52/$U$223 -> 0.00068086253 | AD52: =V52/$V$223 -> 0.00073415159 | AE52: =W52/$W$223 -> 0 | AF52: =X52/$X$223 -> 0.00022656341
B53: 03.02 | E53: CARGA DE MATERIAL DE QQUER NATUREZA SOBRE CAMINHAO | I53: 0 | K53: 0 | N53: =ROUND(SUM(G53:M53),2) -> 0 | P53: =ROUND(O53*$P$12,2) -> 0 | Q53: =ROUND(G53*$P53,2) -> 0 | R53: =ROUND(H53*$P53,2) -> 0 | S53: =ROUND(I53*$P53,2) -> 0 | T53: =ROUND(J53*$P53,2) -> 0 | U53: =ROUND(K53*$P53,2) -> 0 | V53: =ROUND(L53*$P53,2) -> 0 | W53: =ROUND(M53*$P53,2) -> 0 | X53: =ROUND(N53*$P53,2) -> 0 | Y53: =Q53/$Q$223 -> 0 | Z53: =R53/$R$223 -> 0 | AA53: =S53/$S$223 -> 0 | AB53: =T53/$T$223 -> 0 | AC53: =U53/$U$223 -> 0 | AD53: =V53/$V$223 -> 0 | AE53: =W53/$W$223 -> 0 | AF53: =X53/$X$223 -> 0
B54: 03.02.01 | C54: SINAPI | D54: 100978 | E54: CARGA, MANOBRA E DESCARGA DE SOLOS E MATERIAIS GRANULARES EM CAMINHÃO BASCULANTE 10 M³ - CARGA COM ESCAVADEIRA HIDRÁULICA (CAÇAMBA DE 1,20 M³ / 155 HP) E DESCARGA LIVRE (UNIDADE: M3). | F54: M3 | G54: ='MEMO A-07'!I69 -> 257.91 | I54: ='MEMO A-11'!I59 -> 150.94 | J54: ='MEMO A-18'!I88 -> 8942.73 | K54: ='MEMO A-21'!I70 -> 412.5 | L54: ='MEMO A-22'!I80 -> 210.09 | N54: =ROUND(SUM(G54:M54),2) -> 9974.17 | O54: 7.23 | P54: =ROUND(O54*$P$12,2) -> 8.73 | Q54: =ROUND(G54*$P54,2) -> 2251.55 | R54: =ROUND(H54*$P54,2) -> 0 | S54: =ROUND(I54*$P54,2) -> 1317.71 | T54: =ROUND(J54*$P54,2) -> 78070.03 | U54: =ROUND(K54*$P54,2) -> 3601.13 | V54: =ROUND(L54*$P54,2) -> 1834.09 | W54: =ROUND(M54*$P54,2) -> 0 | X54: =ROUND(N54*$P54,2) -> 87074.5 | Y54: =Q54/$Q$223 -> 0.0008373925 | Z54: =R54/$R$223 -> 0 | AA54: =S54/$S$223 -> 0.017901754 | AB54: =T54/$T$223 -> 0.016842711 | AC54: =U54/$U$223 -> 0.0012959167 | AD54: =V54/$V$223 -> 0.0013973642 | AE54: =W54/$W$223 -> 0 | AF54: =X54/$X$223 -> 0.0069084942
B55: 03.02.02 | C55: CPU | D55: 009 | E55: CARGA MANUAL DE MATERIAL DE QUALQUER NATUREZA SOBRE CAMINHÃO, EXCLUSIVE TRANSPORTE | F55: M3 | H55: ='MEMO A-09'!I82 -> 176.75 | N55: =ROUND(SUM(G55:M55),2) -> 176.75 | O55: =CPUS!I311 -> 45.28 | P55: =ROUND(O55*$P$12,2) -> 54.65 | Q55: =ROUND(G55*$P55,2) -> 0 | R55: =ROUND(H55*$P55,2) -> 9659.39 | S55: =ROUND(I55*$P55,2) -> 0 | T55: =ROUND(J55*$P55,2) -> 0 | U55: =ROUND(K55*$P55,2) -> 0 | V55: =ROUND(L55*$P55,2) -> 0 | W55: =ROUND(M55*$P55,2) -> 0 | X55: =ROUND(N55*$P55,2) -> 9659.39 | Y55: =Q55/$Q$223 -> 0 | Z55: =R55/$R$223 -> 0.0095686193 | AA55: =S55/$S$223 -> 0 | AB55: =T55/$T$223 -> 0 | AC55: =U55/$U$223 -> 0 | AD55: =V55/$V$223 -> 0 | AE55: =W55/$W$223 -> 0 | AF55: =X55/$X$223 -> 0.00076637637
B56: 03.03 | E56: TRANSPORTE DE MATERIAL DE QUALQUER NATUREZA | I56: 0 | K56: 0 | M56: 0 | N56: =ROUND(SUM(G56:M56),2) -> 0 | P56: =ROUND(O56*$P$12,2) -> 0 | Q56: =ROUND(G56*$P56,2) -> 0 | R56: =ROUND(H56*$P56,2) -> 0 | S56: =ROUND(I56*$P56,2) -> 0 | T56: =ROUND(J56*$P56,2) -> 0 | U56: =ROUND(K56*$P56,2) -> 0 | V56: =ROUND(L56*$P56,2) -> 0 | W56: =ROUND(M56*$P56,2) -> 0 | X56: =ROUND(N56*$P56,2) -> 0 | Y56: =Q56/$Q$223 -> 0 | Z56: =R56/$R$223 -> 0 | AA56: =S56/$S$223 -> 0 | AB56: =T56/$T$223 -> 0 | AC56: =U56/$U$223 -> 0 | AD56: =V56/$V$223 -> 0 | AE56: =W56/$W$223 -> 0 | AF56: =X56/$X$223 -> 0
B57: 03.03.01 | C57: SINAPI | D57: 95875 | E57: TRANSPORTE COM CAMINHÃO BASCULANTE DE 10 M³, EM VIA URBANA PAVIMENTADA, DMT ATÉ 30 KM (UNIDADE: M3XKM). | F57: M3KM | G57: ='MEMO A-07'!I74 -> 2192.24 | H57: ='MEMO A-09'!I86 -> 2527.53 | I57: ='MEMO A-11'!I64 -> 966.02 | J57: ='MEMO A-18'!I93 -> 50973.56 | K57: ='MEMO A-21'!I75 -> 7383.75 | L57: ='MEMO A-22'!I84 -> 3025.3 | N57: =ROUND(SUM(G57:M57),2) -> 67068.4 | O57: 2.53 | P57: =ROUND(O57*$P$12,2) -> 3.05 | Q57: =ROUND(G57*$P57,2) -> 6686.33 | R57: =ROUND(H57*$P57,2) -> 7708.97 | S57: =ROUND(I57*$P57,2) -> 2946.36 | T57: =ROUND(J57*$P57,2) -> 155469.36 | U57: =ROUND(K57*$P57,2) -> 22520.44 | V57: =ROUND(L57*$P57,2) -> 9227.17 | W57: =ROUND(M57*$P57,2) -> 0 | X57: =ROUND(N57*$P57,2) -> 204558.62 | Y57: =Q57/$Q$223 -> 0.0024867681 | Z57: =R57/$R$223 -> 0.0076365277 | AA57: =S57/$S$223 -> 0.040027785 | AB57: =T57/$T$223 -> 0.033540726 | AC57: =U57/$U$223 -> 0.0081042937 | AD57: =V57/$V$223 -> 0.0070300348 | AE57: =W57/$W$223 -> 0 | AF57: =X57/$X$223 -> 0.016229689
B58: 03.03.02 | C58: CPU | D58: 010 | E58: TRANSPORTE DE MATERIAL DE QUALQUER NATUREZA COM CARRINHO DE MÃO, COM DISTÂNCIAS MENORES OU IGUAIS A 50M, INCLUSIVE CARGA/DESCARGA | F58: M3 | H58: ='MEMO A-09'!I90 -> 101.52 | N58: =ROUND(SUM(G58:M58),2) -> 101.52 | O58: =CPUS!I346 -> 26.78 | P58: =ROUND(O58*$P$12,2) -> 32.32 | Q58: =ROUND(G58*$P58,2) -> 0 | R58: =ROUND(H58*$P58,2) -> 3281.13 | S58: =ROUND(I58*$P58,2) -> 0 | T58: =ROUND(J58*$P58,2) -> 0 | U58: =ROUND(K58*$P58,2) -> 0 | V58: =ROUND(L58*$P58,2) -> 0 | W58: =ROUND(M58*$P58,2) -> 0 | X58: =ROUND(N58*$P58,2) -> 3281.13 | Y58: =Q58/$Q$223 -> 0 | Z58: =R58/$R$223 -> 0.0032502967 | AA58: =S58/$S$223 -> 0 | AB58: =T58/$T$223 -> 0 | AC58: =U58/$U$223 -> 0 | AD58: =V58/$V$223 -> 0 | AE58: =W58/$W$223 -> 0 | AF58: =X58/$X$223 -> 0.00026032498
B59: 03.03.03 | C59: CPU | D59: 011 | E59: TRANSPORTE DE MATERIAL DE QUALQUER NATUREZA COM CARRINHO DE MÃO, COM DISTÂNCIAS MAIORES QUE 50M E MENORES OU IGUAIS A 100M, INCLUSIVE CARGA/DESGARGA | F59: M3 | H59: ='MEMO A-09'!I94 -> 75.23 | N59: =ROUND(SUM(G59:M59),2) -> 75.23 | O59: =CPUS!I381 -> 44.87 | P59: =ROUND(O59*$P$12,2) -> 54.16 | Q59: =ROUND(G59*$P59,2) -> 0 | R59: =ROUND(H59*$P59,2) -> 4074.46 | S59: =ROUND(I59*$P59,2) -> 0 | T59: =ROUND(J59*$P59,2) -> 0 | U59: =ROUND(K59*$P59,2) -> 0 | V59: =ROUND(L59*$P59,2) -> 0 | W59: =ROUND(M59*$P59,2) -> 0 | X59: =ROUND(N59*$P59,2) -> 4074.46 | Y59: =Q59/$Q$223 -> 0 | Z59: =R59/$R$223 -> 0.0040361717 | AA59: =S59/$S$223 -> 0 | AB59: =T59/$T$223 -> 0 | AC59: =U59/$U$223 -> 0 | AD59: =V59/$V$223 -> 0 | AE59: =W59/$W$223 -> 0 | AF59: =X59/$X$223 -> 0.00032326781
I60: 0 | K60: 0 | M60: 0 | N60: =ROUND(SUM(G60:M60),2) -> 0 | P60: =ROUND(O60*$P$12,2) -> 0 | Q60: =ROUND(G60*$P60,2) -> 0 | R60: =ROUND(H60*$P60,2) -> 0 | S60: =ROUND(I60*$P60,2) -> 0 | T60: =ROUND(J60*$P60,2) -> 0 | U60: =ROUND(K60*$P60,2) -> 0 | V60: =ROUND(L60*$P60,2) -> 0 | W60: =ROUND(M60*$P60,2) -> 0 | X60: =ROUND(N60*$P60,2) -> 0 | Y60: =Q60/$Q$223 -> 0 | Z60: =R60/$R$223 -> 0 | AA60: =S60/$S$223 -> 0 | AB60: =T60/$T$223 -> 0 | AC60: =U60/$U$223 -> 0 | AD60: =V60/$V$223 -> 0 | AE60: =W60/$W$223 -> 0 | AF60: =X60/$X$223 -> 0
E61: SUB-TOTAL DO ITEM 03 | I61: 0 | K61: 0 | M61: 0 | N61: =ROUND(SUM(G61:M61),2) -> 0 | Q61: =ROUND(SUM(Q48:Q60),2) -> 14942.08 | R61: =ROUND(SUM(R48:R60),2) -> 28838.69 | S61: =ROUND(SUM(S48:S60),2) -> 8949.17 | T61: =ROUND(SUM(T48:T60),2) -> 441726.03 | U61: =ROUND(SUM(U48:U60),2) -> 28013.57 | V61: =ROUND(SUM(V48:V60),2) -> 12024.86 | W61: =ROUND(SUM(W48:W60),2) -> 0 | X61: =ROUND(SUM(X48:X60),2) -> 534494.38 | Y61: =Q61/$Q$223 -> 0.005557232 | Z61: =R61/$R$223 -> 0.028567689 | AA61: =S61/$S$223 -> 0.12157898 | AB61: =T61/$T$223 -> 0.095297311 | AC61: =U61/$U$223 -> 0.010081073 | AD61: =V61/$V$223 -> 0.0091615506 | AE61: =W61/$W$223 -> 0 | AF61: =X61/$X$223 -> 0.042406805
I62: 0 | K62: 0 | M62: 0 | N62: =ROUND(SUM(G62:M62),2) -> 0 | P62: =ROUND(O62*$P$12,2) -> 0 | Q62: =ROUND(G62*$P62,2) -> 0 | R62: =ROUND(H62*$P62,2) -> 0 | S62: =ROUND(I62*$P62,2) -> 0 | T62: =ROUND(J62*$P62,2) -> 0 | U62: =ROUND(K62*$P62,2) -> 0 | V62: =ROUND(L62*$P62,2) -> 0 | W62: =ROUND(M62*$P62,2) -> 0 | X62: =ROUND(N62*$P62,2) -> 0 | Y62: =Q62/$Q$223 -> 0 | Z62: =R62/$R$223 -> 0 | AA62: =S62/$S$223 -> 0 | AB62: =T62/$T$223 -> 0 | AC62: =U62/$U$223 -> 0 | AD62: =V62/$V$223 -> 0 | AE62: =W62/$W$223 -> 0 | AF62: =X62/$X$223 -> 0
B63: 04 | E63: VIABILIZAÇÃO DAS OBRAS | I63: 0 | K63: 0 | M63: 0 | N63: =ROUND(SUM(G63:M63),2) -> 0 | P63: =ROUND(O63*$P$12,2) -> 0 | Q63: =ROUND(G63*$P63,2) -> 0 | R63: =ROUND(H63*$P63,2) -> 0 | S63: =ROUND(I63*$P63,2) -> 0 | T63: =ROUND(J63*$P63,2) -> 0 | U63: =ROUND(K63*$P63,2) -> 0 | V63: =ROUND(L63*$P63,2) -> 0 | W63: =ROUND(M63*$P63,2) -> 0 | X63: =ROUND(N63*$P63,2) -> 0 | Y63: =Q63/$Q$223 -> 0 | Z63: =R63/$R$223 -> 0 | AA63: =S63/$S$223 -> 0 | AB63: =T63/$T$223 -> 0 | AC63: =U63/$U$223 -> 0 | AD63: =V63/$V$223 -> 0 | AE63: =W63/$W$223 -> 0 | AF63: =X63/$X$223 -> 0
B64: 04.01 | E64: FUNDAÇÃO | I64: 0 | K64: 0 | M64: 0 | N64: =ROUND(SUM(G64:M64),2) -> 0 | P64: =ROUND(O64*$P$12,2) -> 0 | Q64: =ROUND(G64*$P64,2) -> 0 | R64: =ROUND(H64*$P64,2) -> 0 | S64: =ROUND(I64*$P64,2) -> 0 | T64: =ROUND(J64*$P64,2) -> 0 | U64: =ROUND(K64*$P64,2) -> 0 | V64: =ROUND(L64*$P64,2) -> 0 | W64: =ROUND(M64*$P64,2) -> 0 | X64: =ROUND(N64*$P64,2) -> 0 | Y64: =Q64/$Q$223 -> 0 | Z64: =R64/$R$223 -> 0 | AA64: =S64/$S$223 -> 0 | AB64: =T64/$T$223 -> 0 | AC64: =U64/$U$223 -> 0 | AD64: =V64/$V$223 -> 0 | AE64: =W64/$W$223 -> 0 | AF64: =X64/$X$223 -> 0
B65: 04.01.01 | C65: CPU | D65: 012 | E65: BALDRAME DE ALVENARIA DE BLOCO DE CONCRETO(SAPATA) E= 15 CM PREENCHIDO COM CONCRETO (20MPA) | F65: M2 | I65: ='MEMO A-11'!I71 -> 17.4 | K65: 0 | M65: 0 | N65: =ROUND(SUM(G65:M65),2) -> 17.4 | O65: =CPUS!I411 -> 207.01 | P65: =ROUND(O65*$P$12,2) -> 249.86 | Q65: =ROUND(G65*$P65,2) -> 0 | R65: =ROUND(H65*$P65,2) -> 0 | S65: =ROUND(I65*$P65,2) -> 4347.56 | T65: =ROUND(J65*$P65,2) -> 0 | U65: =ROUND(K65*$P65,2) -> 0 | V65: =ROUND(L65*$P65,2) -> 0 | W65: =ROUND(M65*$P65,2) -> 0 | X65: =ROUND(N65*$P65,2) -> 4347.56 | Y65: =Q65/$Q$223 -> 0 | Z65: =R65/$R$223 -> 0 | AA65: =S65/$S$223 -> 0.059063793 | AB65: =T65/$T$223 -> 0 | AC65: =U65/$U$223 -> 0 | AD65: =V65/$V$223 -> 0 | AE65: =W65/$W$223 -> 0 | AF65: =X65/$X$223 -> 0.00034493558
B66: 04.02 | E66: ALVENARIAS E DIVISOES | I66: 0 | K66: 0 | M66: 0 | N66: =ROUND(SUM(G66:M66),2) -> 0 | P66: =ROUND(O66*$P$12,2) -> 0 | Q66: =ROUND(G66*$P66,2) -> 0 | R66: =ROUND(H66*$P66,2) -> 0 | S66: =ROUND(I66*$P66,2) -> 0 | T66: =ROUND(J66*$P66,2) -> 0 | U66: =ROUND(K66*$P66,2) -> 0 | V66: =ROUND(L66*$P66,2) -> 0 | W66: =ROUND(M66*$P66,2) -> 0 | X66: =ROUND(N66*$P66,2) -> 0 | Y66: =Q66/$Q$223 -> 0 | Z66: =R66/$R$223 -> 0 | AA66: =S66/$S$223 -> 0 | AB66: =T66/$T$223 -> 0 | AC66: =U66/$U$223 -> 0 | AD66: =V66/$V$223 -> 0 | AE66: =W66/$W$223 -> 0 | AF66: =X66/$X$223 -> 0
B67: 04.02.01 | C67: SINAPI | D67: 103319 | E67: ALVENARIA DE VEDAÇÃO DE BLOCOS VAZADOS DE CONCRETO DE 14X19X39 CM (ESPESSURA 14 CM) E ARGAMASSA DE ASSENTAMENTO COM PREPARO MANUAL. | F67: M2 | I67: ='MEMO A-11'!I85 -> 4.8 | K67: 0 | M67: 0 | N67: =ROUND(SUM(G67:M67),2) -> 4.8 | O67: 110.47 | P67: =ROUND(O67*$P$12,2) -> 133.34 | Q67: =ROUND(G67*$P67,2) -> 0 | R67: =ROUND(H67*$P67,2) -> 0 | S67: =ROUND(I67*$P67,2) -> 640.03 | T67: =ROUND(J67*$P67,2) -> 0 | U67: =ROUND(K67*$P67,2) -> 0 | V67: =ROUND(L67*$P67,2) -> 0 | W67: =ROUND(M67*$P67,2) -> 0 | X67: =ROUND(N67*$P67,2) -> 640.03 | Y67: =Q67/$Q$223 -> 0 | Z67: =R67/$R$223 -> 0 | AA67: =S67/$S$223 -> 0.00869513 | AB67: =T67/$T$223 -> 0 | AC67: =U67/$U$223 -> 0 | AD67: =V67/$V$223 -> 0 | AE67: =W67/$W$223 -> 0 | AF67: =X67/$X$223 -> 5.0780005e-05
I68: 0 | K68: 0 | M68: 0 | N68: =ROUND(SUM(G68:M68),2) -> 0 | P68: =ROUND(O68*$P$12,2) -> 0 | Q68: =ROUND(G68*$P68,2) -> 0 | R68: =ROUND(H68*$P68,2) -> 0 | S68: =ROUND(I68*$P68,2) -> 0 | T68: =ROUND(J68*$P68,2) -> 0 | U68: =ROUND(K68*$P68,2) -> 0 | V68: =ROUND(L68*$P68,2) -> 0 | W68: =ROUND(M68*$P68,2) -> 0 | X68: =ROUND(N68*$P68,2) -> 0 | Y68: =Q68/$Q$223 -> 0 | Z68: =R68/$R$223 -> 0 | AA68: =S68/$S$223 -> 0 | AB68: =T68/$T$223 -> 0 | AC68: =U68/$U$223 -> 0 | AD68: =V68/$V$223 -> 0 | AE68: =W68/$W$223 -> 0 | AF68: =X68/$X$223 -> 0
E69: SUB-TOTAL DO ITEM 04 | I69: 0 | K69: 0 | M69: 0 | N69: =ROUND(SUM(G69:M69),2) -> 0 | Q69: =ROUND(SUM(Q62:Q68),2) -> 0 | R69: =ROUND(SUM(R62:R68),2) -> 0 | S69: =ROUND(SUM(S62:S68),2) -> 4987.59 | T69: =ROUND(SUM(T62:T68),2) -> 0 | U69: =ROUND(SUM(U62:U68),2) -> 0 | V69: =ROUND(SUM(V62:V68),2) -> 0 | W69: =ROUND(SUM(W62:W68),2) -> 0 | X69: =ROUND(SUM(X62:X68),2) -> 4987.59 | Y69: =Q69/$Q$223 -> 0 | Z69: =R69/$R$223 -> 0 | AA69: =S69/$S$223 -> 0.067758923 | AB69: =T69/$T$223 -> 0 | AC69: =U69/$U$223 -> 0 | AD69: =V69/$V$223 -> 0 | AE69: =W69/$W$223 -> 0 | AF69: =X69/$X$223 -> 0.00039571558
I70: 0 | K70: 0 | M70: 0 | N70: =ROUND(SUM(G70:M70),2) -> 0 | P70: =ROUND(O70*$P$12,2) -> 0 | Q70: =ROUND(G70*$P70,2) -> 0 | R70: =ROUND(H70*$P70,2) -> 0 | S70: =ROUND(I70*$P70,2) -> 0 | T70: =ROUND(J70*$P70,2) -> 0 | U70: =ROUND(K70*$P70,2) -> 0 | V70: =ROUND(L70*$P70,2) -> 0 | W70: =ROUND(M70*$P70,2) -> 0 | X70: =ROUND(N70*$P70,2) -> 0 | Y70: =Q70/$Q$223 -> 0 | Z70: =R70/$R$223 -> 0 | AA70: =S70/$S$223 -> 0 | AB70: =T70/$T$223 -> 0 | AC70: =U70/$U$223 -> 0 | AD70: =V70/$V$223 -> 0 | AE70: =W70/$W$223 -> 0 | AF70: =X70/$X$223 -> 0
B71: 05 | E71: DRENAGEM (LANÇAMENTO) | I71: 0 | K71: 0 | M71: 0 | N71: =ROUND(SUM(G71:M71),2) -> 0 | P71: =ROUND(O71*$P$12,2) -> 0 | Q71: =ROUND(G71*$P71,2) -> 0 | R71: =ROUND(H71*$P71,2) -> 0 | S71: =ROUND(I71*$P71,2) -> 0 | T71: =ROUND(J71*$P71,2) -> 0 | U71: =ROUND(K71*$P71,2) -> 0 | V71: =ROUND(L71*$P71,2) -> 0 | W71: =ROUND(M71*$P71,2) -> 0 | X71: =ROUND(N71*$P71,2) -> 0 | Y71: =Q71/$Q$223 -> 0 | Z71: =R71/$R$223 -> 0 | AA71: =S71/$S$223 -> 0 | AB71: =T71/$T$223 -> 0 | AC71: =U71/$U$223 -> 0 | AD71: =V71/$V$223 -> 0 | AE71: =W71/$W$223 -> 0 | AF71: =X71/$X$223 -> 0
B72: 05.01 | E72: ESCAVAÇAO MECANICA DE VALAS COM DESCARGA LATERAL | I72: 0 | K72: 0 | M72: 0 | N72: =ROUND(SUM(G72:M72),2) -> 0 | P72: =ROUND(O72*$P$12,2) -> 0 | Q72: =ROUND(G72*$P72,2) -> 0 | R72: =ROUND(H72*$P72,2) -> 0 | S72: =ROUND(I72*$P72,2) -> 0 | T72: =ROUND(J72*$P72,2) -> 0 | U72: =ROUND(K72*$P72,2) -> 0 | V72: =ROUND(L72*$P72,2) -> 0 | W72: =ROUND(M72*$P72,2) -> 0 | X72: =ROUND(N72*$P72,2) -> 0 | Y72: =Q72/$Q$223 -> 0 | Z72: =R72/$R$223 -> 0 | AA72: =S72/$S$223 -> 0 | AB72: =T72/$T$223 -> 0 | AC72: =U72/$U$223 -> 0 | AD72: =V72/$V$223 -> 0 | AE72: =W72/$W$223 -> 0 | AF72: =X72/$X$223 -> 0
B73: 05.01.01 | C73: SINAPI | D73: 102279 | E73: ESCAVAÇÃO MECANIZADA DE VALA COM PROF. ATÉ 1,5 M (MÉDIA MONTANTE E JUSANTE/UMA COMPOSIÇÃO POR TRECHO), ESCAVADEIRA (0,8 M3),LARG. MENOR QUE 1,5 M, EM SOLO DE 1A CATEGORIA, LOCAIS COM BAIXO NÍVEL DE INTERFERÊNCIA. | F73: M3 | I73: 0 | J73: ='MEMO A-18'!I100 -> 234.75 | K73: ='MEMO A-21'!I82 -> 113.08 | N73: =ROUND(SUM(G73:M73),2) -> 347.83 | O73: 7.11 | P73: =ROUND(O73*$P$12,2) -> 8.58 | Q73: =ROUND(G73*$P73,2) -> 0 | R73: =ROUND(H73*$P73,2) -> 0 | S73: =ROUND(I73*$P73,2) -> 0 | T73: =ROUND(J73*$P73,2) -> 2014.16 | U73: =ROUND(K73*$P73,2) -> 970.23 | V73: =ROUND(L73*$P73,2) -> 0 | W73: =ROUND(M73*$P73,2) -> 0 | X73: =ROUND(N73*$P73,2) -> 2984.38 | Y73: =Q73/$Q$223 -> 0 | Z73: =R73/$R$223 -> 0 | AA73: =S73/$S$223 -> 0 | AB73: =T73/$T$223 -> 0.00043453185 | AC73: =U73/$U$223 -> 0.00034915077 | AD73: =V73/$V$223 -> 0 | AE73: =W73/$W$223 -> 0 | AF73: =X73/$X$223 -> 0.00023678082
B74: 05.02 | E74: CARGA DE MATERIAL | I74: 0 | K74: 0 | N74: =ROUND(SUM(G74:M74),2) -> 0 | P74: =ROUND(O74*$P$12,2) -> 0 | Q74: =ROUND(G74*$P74,2) -> 0 | R74: =ROUND(H74*$P74,2) -> 0 | S74: =ROUND(I74*$P74,2) -> 0 | T74: =ROUND(J74*$P74,2) -> 0 | U74: =ROUND(K74*$P74,2) -> 0 | V74: =ROUND(L74*$P74,2) -> 0 | W74: =ROUND(M74*$P74,2) -> 0 | X74: =ROUND(N74*$P74,2) -> 0 | Y74: =Q74/$Q$223 -> 0 | Z74: =R74/$R$223 -> 0 | AA74: =S74/$S$223 -> 0 | AB74: =T74/$T$223 -> 0 | AC74: =U74/$U$223 -> 0 | AD74: =V74/$V$223 -> 0 | AE74: =W74/$W$223 -> 0 | AF74: =X74/$X$223 -> 0
B75: 05.02.01 | C75: SINAPI | D75: 100978 | E75: CARGA, MANOBRA E DESCARGA DE SOLOS E MATERIAIS GRANULARES EM CAMINHÃO BASCULANTE 10 M³ - CARGA COM ESCAVADEIRA HIDRÁULICA (CAÇAMBA DE 1,20 M³ / 155 HP) E DESCARGA LIVRE (UNIDADE: M3). | F75: M3 | I75: 0 | J75: ='MEMO A-18'!I106 -> 30.87 | K75: ='MEMO A-21'!I93 -> 30.57 | M75: 0 | N75: =ROUND(SUM(G75:M75),2) -> 61.44 | O75: 7.23 | P75: =ROUND(O75*$P$12,2) -> 8.73 | Q75: =ROUND(G75*$P75,2) -> 0 | R75: =ROUND(H75*$P75,2) -> 0 | S75: =ROUND(I75*$P75,2) -> 0 | T75: =ROUND(J75*$P75,2) -> 269.5 | U75: =ROUND(K75*$P75,2) -> 266.88 | V75: =ROUND(L75*$P75,2) -> 0 | W75: =ROUND(M75*$P75,2) -> 0 | X75: =ROUND(N75*$P75,2) -> 536.37 | Y75: =Q75/$Q$223 -> 0 | Z75: =R75/$R$223 -> 0 | AA75: =S75/$S$223 -> 0 | AB75: =T75/$T$223 -> 5.8141525e-05 | AC75: =U75/$U$223 -> 9.6040481e-05 | AD75: =V75/$V$223 -> 0 | AE75: =W75/$W$223 -> 0 | AF75: =X75/$X$223 -> 4.2555616e-05
B76: 05.03 | E76: TRANSPORTE DE MATERIAL DE QUALQUER NATUREZA | I76: 0 | K76: 0 | M76: 0 | N76: =ROUND(SUM(G76:M76),2) -> 0 | P76: =ROUND(O76*$P$12,2) -> 0 | Q76: =ROUND(G76*$P76,2) -> 0 | R76: =ROUND(H76*$P76,2) -> 0 | S76: =ROUND(I76*$P76,2) -> 0 | T76: =ROUND(J76*$P76,2) -> 0 | U76: =ROUND(K76*$P76,2) -> 0 | V76: =ROUND(L76*$P76,2) -> 0 | W76: =ROUND(M76*$P76,2) -> 0 | X76: =ROUND(N76*$P76,2) -> 0 | Y76: =Q76/$Q$223 -> 0 | Z76: =R76/$R$223 -> 0 | AA76: =S76/$S$223 -> 0 | AB76: =T76/$T$223 -> 0 | AC76: =U76/$U$223 -> 0 | AD76: =V76/$V$223 -> 0 | AE76: =W76/$W$223 -> 0 | AF76: =X76/$X$223 -> 0
B77: 05.03.01 | C77: SINAPI | D77: 95875 | E77: TRANSPORTE COM CAMINHÃO BASCULANTE DE 10 M³, EM VIA URBANA PAVIMENTADA, DMT ATÉ 30 KM (UNIDADE: M3XKM). | F77: M3xKM | I77: 0 | J77: ='MEMO A-18'!I112 -> 175.96 | K77: ='MEMO A-21'!I104 -> 547.21 | M77: 0 | N77: =ROUND(SUM(G77:M77),2) -> 723.17 | O77: 2.53 | P77: =ROUND(O77*$P$12,2) -> 3.05 | Q77: =ROUND(G77*$P77,2) -> 0 | R77: =ROUND(H77*$P77,2) -> 0 | S77: =ROUND(I77*$P77,2) -> 0 | T77: =ROUND(J77*$P77,2) -> 536.68 | U77: =ROUND(K77*$P77,2) -> 1668.99 | V77: =ROUND(L77*$P77,2) -> 0 | W77: =ROUND(M77*$P77,2) -> 0 | X77: =ROUND(N77*$P77,2) -> 2205.67 | Y77: =Q77/$Q$223 -> 0 | Z77: =R77/$R$223 -> 0 | AA77: =S77/$S$223 -> 0 | AB77: =T77/$T$223 -> 0.00011578254 | AC77: =U77/$U$223 -> 0.00060060927 | AD77: =V77/$V$223 -> 0 | AE77: =W77/$W$223 -> 0 | AF77: =X77/$X$223 -> 0.00017499794
B78: 05.04 | E78: REATERRO DE VALA | I78: 0 | K78: 0 | M78: 0 | N78: =ROUND(SUM(G78:M78),2) -> 0 | P78: =ROUND(O78*$P$12,2) -> 0 | Q78: =ROUND(G78*$P78,2) -> 0 | R78: =ROUND(H78*$P78,2) -> 0 | S78: =ROUND(I78*$P78,2) -> 0 | T78: =ROUND(J78*$P78,2) -> 0 | U78: =ROUND(K78*$P78,2) -> 0 | V78: =ROUND(L78*$P78,2) -> 0 | W78: =ROUND(M78*$P78,2) -> 0 | X78: =ROUND(N78*$P78,2) -> 0 | Y78: =Q78/$Q$223 -> 0 | Z78: =R78/$R$223 -> 0 | AA78: =S78/$S$223 -> 0 | AB78: =T78/$T$223 -> 0 | AC78: =U78/$U$223 -> 0 | AD78: =V78/$V$223 -> 0 | AE78: =W78/$W$223 -> 0 | AF78: =X78/$X$223 -> 0
B79: 05.04.01 | C79: SINAPI | D79: 104737 | E79: REATERRO MANUAL DE VALAS, COM PLACA VIBRATÓRIA. | F79: M3 | I79: 0 | J79: ='MEMO A-18'!I119 -> 210.06 | N79: =ROUND(SUM(G79:M79),2) -> 210.06 | O79: 22.63 | P79: =ROUND(O79*$P$12,2) -> 27.31 | Q79: =ROUND(G79*$P79,2) -> 0 | R79: =ROUND(H79*$P79,2) -> 0 | S79: =ROUND(I79*$P79,2) -> 0 | T79: =ROUND(J79*$P79,2) -> 5736.74 | U79: =ROUND(K79*$P79,2) -> 0 | V79: =ROUND(L79*$P79,2) -> 0 | W79: =ROUND(M79*$P79,2) -> 0 | X79: =ROUND(N79*$P79,2) -> 5736.74 | Y79: =Q79/$Q$223 -> 0 | Z79: =R79/$R$223 -> 0 | AA79: =S79/$S$223 -> 0 | AB79: =T79/$T$223 -> 0.0012376357 | AC79: =U79/$U$223 -> 0 | AD79: =V79/$V$223 -> 0 | AE79: =W79/$W$223 -> 0 | AF79: =X79/$X$223 -> 0.00045515317 | AH79: AS | AI79: 0
B80: 05.05 | E80: REDE TUBULAR DE CONCRETO | I80: 0 | K80: 0 | M80: 0 | N80: =ROUND(SUM(G80:M80),2) -> 0 | P80: =ROUND(O80*$P$12,2) -> 0 | Q80: =ROUND(G80*$P80,2) -> 0 | R80: =ROUND(H80*$P80,2) -> 0 | S80: =ROUND(I80*$P80,2) -> 0 | T80: =ROUND(J80*$P80,2) -> 0 | U80: =ROUND(K80*$P80,2) -> 0 | V80: =ROUND(L80*$P80,2) -> 0 | W80: =ROUND(M80*$P80,2) -> 0 | X80: =ROUND(N80*$P80,2) -> 0 | Y80: =Q80/$Q$223 -> 0 | Z80: =R80/$R$223 -> 0 | AA80: =S80/$S$223 -> 0 | AB80: =T80/$T$223 -> 0 | AC80: =U80/$U$223 -> 0 | AD80: =V80/$V$223 -> 0 | AE80: =W80/$W$223 -> 0 | AF80: =X80/$X$223 -> 0
B81: 05.05.01 | C81: SINAPI | D81: 92210 | E81: TUBO DE CONCRETO PARA REDES COLETORAS DE ÁGUAS PLUVIAIS, DIÂMETRO DE 400 MM, JUNTA RÍGIDA, INSTALADO EM LOCAL COM BAIXO NÍVEL DE INTERFERÊNCIAS - FORNECIMENTO E ASSENTAMENTO. | F81: M | I81: 0 | J81: ='MEMO A-18'!I127 -> 106.5 | K81: ='MEMO A-21'!I116 -> 96.59 | N81: =ROUND(SUM(G81:M81),2) -> 203.09 | O81: 145.09 | P81: =ROUND(O81*$P$12,2) -> 175.12 | Q81: =ROUND(G81*$P81,2) -> 0 | R81: =ROUND(H81*$P81,2) -> 0 | S81: =ROUND(I81*$P81,2) -> 0 | T81: =ROUND(J81*$P81,2) -> 18650.28 | U81: =ROUND(K81*$P81,2) -> 16914.84 | V81: =ROUND(L81*$P81,2) -> 0 | W81: =ROUND(M81*$P81,2) -> 0 | X81: =ROUND(N81*$P81,2) -> 35565.12 | Y81: =Q81/$Q$223 -> 0 | Z81: =R81/$R$223 -> 0 | AA81: =S81/$S$223 -> 0 | AB81: =T81/$T$223 -> 0.0040235834 | AC81: =U81/$U$223 -> 0.0060870405 | AD81: =V81/$V$223 -> 0 | AE81: =W81/$W$223 -> 0 | AF81: =X81/$X$223 -> 0.002821738
B82: 05.05.02 | C82: SINAPI | D82: 92212 | E82: TUBO DE CONCRETO PARA REDES COLETORAS DE ÁGUAS PLUVIAIS, DIÂMETRO DE 600 MM, JUNTA RÍGIDA, INSTALADO EM LOCAL COM BAIXO NÍVEL DE INTERFERÊNCIAS - FORNECIMENTO E ASSENTAMENTO. | F82: M | I82: 0 | J82: ='MEMO A-18'!I131 -> 40 | K82: ='MEMO A-21'!I122 -> 43.55 | N82: =ROUND(SUM(G82:M82),2) -> 83.55 | O82: 268.35 | P82: =ROUND(O82*$P$12,2) -> 323.9 | Q82: =ROUND(G82*$P82,2) -> 0 | R82: =ROUND(H82*$P82,2) -> 0 | S82: =ROUND(I82*$P82,2) -> 0 | T82: =ROUND(J82*$P82,2) -> 12956 | U82: =ROUND(K82*$P82,2) -> 14105.85 | V82: =ROUND(L82*$P82,2) -> 0 | W82: =ROUND(M82*$P82,2) -> 0 | X82: =ROUND(N82*$P82,2) -> 27061.85 | Y82: =Q82/$Q$223 -> 0 | Z82: =R82/$R$223 -> 0 | AA82: =S82/$S$223 -> 0 | AB82: =T82/$T$223 -> 0.002795108 | AC82: =U82/$U$223 -> 0.0050761864 | AD82: =V82/$V$223 -> 0 | AE82: =W82/$W$223 -> 0 | AF82: =X82/$X$223 -> 0.0021470882
B83: 05.06 | E83: CONCRETO PARA BERÇO DE REDE TUBULAR | I83: 0 | K83: 0 | N83: =ROUND(SUM(G83:M83),2) -> 0 | P83: =ROUND(O83*$P$12,2) -> 0 | Q83: =ROUND(G83*$P83,2) -> 0 | R83: =ROUND(H83*$P83,2) -> 0 | S83: =ROUND(I83*$P83,2) -> 0 | T83: =ROUND(J83*$P83,2) -> 0 | U83: =ROUND(K83*$P83,2) -> 0 | V83: =ROUND(L83*$P83,2) -> 0 | W83: =ROUND(M83*$P83,2) -> 0 | X83: =ROUND(N83*$P83,2) -> 0 | Y83: =Q83/$Q$223 -> 0 | Z83: =R83/$R$223 -> 0 | AA83: =S83/$S$223 -> 0 | AB83: =T83/$T$223 -> 0 | AC83: =U83/$U$223 -> 0 | AD83: =V83/$V$223 -> 0 | AE83: =W83/$W$223 -> 0 | AF83: =X83/$X$223 -> 0
B84: 05.06.01 | C84: SINAPI | D84: 96620 | E84: LASTRO DE CONCRETO MAGRO, APLICADO EM PISOS, LAJES SOBRE SOLO OU RADIERS. | F84: M3 | I84: 0 | J84: ='MEMO A-18'!I136 -> 16.65 | K84: ='MEMO A-21'!I130 -> 18.56 | N84: =ROUND(SUM(G84:M84),2) -> 35.21 | O84: 839.45 | P84: =ROUND(O84*$P$12,2) -> 1013.22 | Q84: =ROUND(G84*$P84,2) -> 0 | R84: =ROUND(H84*$P84,2) -> 0 | S84: =ROUND(I84*$P84,2) -> 0 | T84: =ROUND(J84*$P84,2) -> 16870.11 | U84: =ROUND(K84*$P84,2) -> 18805.36 | V84: =ROUND(L84*$P84,2) -> 0 | W84: =ROUND(M84*$P84,2) -> 0 | X84: =ROUND(N84*$P84,2) -> 35675.48 | Y84: =Q84/$Q$223 -> 0 | Z84: =R84/$R$223 -> 0 | AA84: =S84/$S$223 -> 0 | AB84: =T84/$T$223 -> 0.0036395322 | AC84: =U84/$U$223 -> 0.0067673705 | AD84: =V84/$V$223 -> 0 | AE84: =W84/$W$223 -> 0 | AF84: =X84/$X$223 -> 0.002830494
B85: 05.07 | E85: LASTRO DE BRITA | I85: 0 | K85: 0 | N85: =ROUND(SUM(G85:M85),2) -> 0 | P85: =ROUND(O85*$P$12,2) -> 0 | Q85: =ROUND(G85*$P85,2) -> 0 | R85: =ROUND(H85*$P85,2) -> 0 | S85: =ROUND(I85*$P85,2) -> 0 | T85: =ROUND(J85*$P85,2) -> 0 | U85: =ROUND(K85*$P85,2) -> 0 | V85: =ROUND(L85*$P85,2) -> 0 | W85: =ROUND(M85*$P85,2) -> 0 | X85: =ROUND(N85*$P85,2) -> 0 | Y85: =Q85/$Q$223 -> 0 | Z85: =R85/$R$223 -> 0 | AA85: =S85/$S$223 -> 0 | AB85: =T85/$T$223 -> 0 | AC85: =U85/$U$223 -> 0 | AD85: =V85/$V$223 -> 0 | AE85: =W85/$W$223 -> 0 | AF85: =X85/$X$223 -> 0
B86: 05.07.01 | C86: SINAPI | D86: 101619 | E86: PREPARO DE FUNDO DE VALA COM LARGURA MENOR QUE 1,5 M, COM CAMADA DE BRITA, LANÇAMENTO MANUAL. | F86: M3 | I86: 0 | K86: ='MEMO A-21'!I141 -> 4.64 | N86: =ROUND(SUM(G86:M86),2) -> 4.64 | O86: 329.38 | P86: =ROUND(O86*$P$12,2) -> 397.56 | Q86: =ROUND(G86*$P86,2) -> 0 | R86: =ROUND(H86*$P86,2) -> 0 | S86: =ROUND(I86*$P86,2) -> 0 | T86: =ROUND(J86*$P86,2) -> 0 | U86: =ROUND(K86*$P86,2) -> 1844.68 | V86: =ROUND(L86*$P86,2) -> 0 | W86: =ROUND(M86*$P86,2) -> 0 | X86: =ROUND(N86*$P86,2) -> 1844.68 | Y86: =Q86/$Q$223 -> 0 | Z86: =R86/$R$223 -> 0 | AA86: =S86/$S$223 -> 0 | AB86: =T86/$T$223 -> 0 | AC86: =U86/$U$223 -> 0.00066383377 | AD86: =V86/$V$223 -> 0 | AE86: =W86/$W$223 -> 0 | AF86: =X86/$X$223 -> 0.00014635698
B87: 05.08 | E87: FORMA PARA BERÇO | I87: 0 | K87: 0 | M87: 0 | N87: =ROUND(SUM(G87:M87),2) -> 0 | P87: =ROUND(O87*$P$12,2) -> 0 | Q87: =ROUND(G87*$P87,2) -> 0 | R87: =ROUND(H87*$P87,2) -> 0 | S87: =ROUND(I87*$P87,2) -> 0 | T87: =ROUND(J87*$P87,2) -> 0 | U87: =ROUND(K87*$P87,2) -> 0 | V87: =ROUND(L87*$P87,2) -> 0 | W87: =ROUND(M87*$P87,2) -> 0 | X87: =ROUND(N87*$P87,2) -> 0 | Y87: =Q87/$Q$223 -> 0 | Z87: =R87/$R$223 -> 0 | AA87: =S87/$S$223 -> 0 | AB87: =T87/$T$223 -> 0 | AC87: =U87/$U$223 -> 0 | AD87: =V87/$V$223 -> 0 | AE87: =W87/$W$223 -> 0 | AF87: =X87/$X$223 -> 0
B88: 05.08.01 | C88: CPU | D88: 013 | E88: FORMA PARA BERÇO EM TÁBUA DE MADEIRA SERRADA, 4 APROVEITAMENTOS - FABRICAÇÃO, MONTAGEM E DESMONTAGEM | F88: M2 | I88: 0 | J88: ='MEMO A-18'!I142 -> 73.25 | K88: ='MEMO A-21'!I152 -> 56.06 | N88: =ROUND(SUM(G88:M88),2) -> 129.31 | O88: =CPUS!I441 -> 98.72 | P88: =ROUND(O88*$P$12,2) -> 119.16 | Q88: =ROUND(G88*$P88,2) -> 0 | R88: =ROUND(H88*$P88,2) -> 0 | S88: =ROUND(I88*$P88,2) -> 0 | T88: =ROUND(J88*$P88,2) -> 8728.47 | U88: =ROUND(K88*$P88,2) -> 6680.11 | V88: =ROUND(L88*$P88,2) -> 0 | W88: =ROUND(M88*$P88,2) -> 0 | X88: =ROUND(N88*$P88,2) -> 15408.58 | Y88: =Q88/$Q$223 -> 0 | Z88: =R88/$R$223 -> 0 | AA88: =S88/$S$223 -> 0 | AB88: =T88/$T$223 -> 0.001883067 | AC88: =U88/$U$223 -> 0.0024039305 | AD88: =V88/$V$223 -> 0 | AE88: =W88/$W$223 -> 0 | AF88: =X88/$X$223 -> 0.0012225173
B89: 05.09 | E89: CAIXA PARA BOCA LOBO | I89: 0 | K89: 0 | M89: 0 | N89: =ROUND(SUM(G89:M89),2) -> 0 | P89: =ROUND(O89*$P$12,2) -> 0 | Q89: =ROUND(G89*$P89,2) -> 0 | R89: =ROUND(H89*$P89,2) -> 0 | S89: =ROUND(I89*$P89,2) -> 0 | T89: =ROUND(J89*$P89,2) -> 0 | U89: =ROUND(K89*$P89,2) -> 0 | V89: =ROUND(L89*$P89,2) -> 0 | W89: =ROUND(M89*$P89,2) -> 0 | X89: =ROUND(N89*$P89,2) -> 0 | Y89: =Q89/$Q$223 -> 0 | Z89: =R89/$R$223 -> 0 | AA89: =S89/$S$223 -> 0 | AB89: =T89/$T$223 -> 0 | AC89: =U89/$U$223 -> 0 | AD89: =V89/$V$223 -> 0 | AE89: =W89/$W$223 -> 0 | AF89: =X89/$X$223 -> 0
B90: 05.09.01 | C90: SINAPI | D90: 97934 | E90: CAIXA COM GRELHA DUPLA RETANGULAR, EM CONCRETO PRÉ-MOLDADO, DIMENSÕES INTERNAS: 0,5X2,2X1,0 M. (INCLUSO GRELHA, QUADRO E CANTONEIRA) | F90: UN | I90: 0 | J90: ='MEMO A-18'!I148 -> 6 | K90: ='MEMO A-21'!I163 -> 3 | M90: 0 | N90: =ROUND(SUM(G90:M90),2) -> 9 | O90: 2342.88 | P90: =ROUND(O90*$P$12,2) -> 2827.86 | Q90: =ROUND(G90*$P90,2) -> 0 | R90: =ROUND(H90*$P90,2) -> 0 | S90: =ROUND(I90*$P90,2) -> 0 | T90: =ROUND(J90*$P90,2) -> 16967.16 | U90: =ROUND(K90*$P90,2) -> 8483.58 | V90: =ROUND(L90*$P90,2) -> 0 | W90: =ROUND(M90*$P90,2) -> 0 | X90: =ROUND(N90*$P90,2) -> 25450.74 | Y90: =Q90/$Q$223 -> 0 | Z90: =R90/$R$223 -> 0 | AA90: =S90/$S$223 -> 0 | AB90: =T90/$T$223 -> 0.0036604696 | AC90: =U90/$U$223 -> 0.0030529343 | AD90: =V90/$V$223 -> 0 | AE90: =W90/$W$223 -> 0 | AF90: =X90/$X$223 -> 0.0020192627 | AH90: AS | AI90: 0
B91: 05.10 | E91: ALTEAMENTO DE CAIXA PARA BOCA DE LOBO | N91: =ROUND(SUM(G91:M91),2) -> 0 | P91: =ROUND(O91*$P$12,2) -> 0 | Q91: =ROUND(G91*$P91,2) -> 0 | R91: =ROUND(H91*$P91,2) -> 0 | S91: =ROUND(I91*$P91,2) -> 0 | T91: =ROUND(J91*$P91,2) -> 0 | U91: =ROUND(K91*$P91,2) -> 0 | V91: =ROUND(L91*$P91,2) -> 0 | W91: =ROUND(M91*$P91,2) -> 0 | X91: =ROUND(N91*$P91,2) -> 0 | Y91: =Q91/$Q$223 -> 0 | Z91: =R91/$R$223 -> 0 | AA91: =S91/$S$223 -> 0 | AB91: =T91/$T$223 -> 0 | AC91: =U91/$U$223 -> 0 | AD91: =V91/$V$223 -> 0 | AE91: =W91/$W$223 -> 0 | AF91: =X91/$X$223 -> 0
B92: 05.10.01 | C92: CPU | D92: 014 | E92: ALTEAMENTO DE CAIXA PARA BOCA DE LOBO DUPLA / BLOCO DE CONCRETO | F92: M | J92: ='MEMO A-18'!I153 -> 1.5 | N92: =ROUND(SUM(G92:M92),2) -> 1.5 | O92: =CPUS!I471 -> 1547.69 | P92: =ROUND(O92*$P$12,2) -> 1868.06 | Q92: =ROUND(G92*$P92,2) -> 0 | R92: =ROUND(H92*$P92,2) -> 0 | S92: =ROUND(I92*$P92,2) -> 0 | T92: =ROUND(J92*$P92,2) -> 2802.09 | U92: =ROUND(K92*$P92,2) -> 0 | V92: =ROUND(L92*$P92,2) -> 0 | W92: =ROUND(M92*$P92,2) -> 0 | X92: =ROUND(N92*$P92,2) -> 2802.09 | Y92: =Q92/$Q$223 -> 0 | Z92: =R92/$R$223 -> 0 | AA92: =S92/$S$223 -> 0 | AB92: =T92/$T$223 -> 0.00060451869 | AC92: =U92/$U$223 -> 0 | AD92: =V92/$V$223 -> 0 | AE92: =W92/$W$223 -> 0 | AF92: =X92/$X$223 -> 0.00022231793
B93: 05.11 | E93: POÇO DE VISITA TIPO A - PADRAO SUDECAP | N93: =ROUND(SUM(G93:M93),2) -> 0 | P93: =ROUND(O93*$P$12,2) -> 0 | Q93: =ROUND(G93*$P93,2) -> 0 | R93: =ROUND(H93*$P93,2) -> 0 | S93: =ROUND(I93*$P93,2) -> 0 | T93: =ROUND(J93*$P93,2) -> 0 | U93: =ROUND(K93*$P93,2) -> 0 | V93: =ROUND(L93*$P93,2) -> 0 | W93: =ROUND(M93*$P93,2) -> 0 | X93: =ROUND(N93*$P93,2) -> 0 | Y93: =Q93/$Q$223 -> 0 | Z93: =R93/$R$223 -> 0 | AA93: =S93/$S$223 -> 0 | AB93: =T93/$T$223 -> 0 | AC93: =U93/$U$223 -> 0 | AD93: =V93/$V$223 -> 0 | AE93: =W93/$W$223 -> 0 | AF93: =X93/$X$223 -> 0
B94: 05.11.01 | C94: CPU | D94: 015 | E94: D= 600 MM | F94: UN | J94: ='MEMO A-18'!I158 -> 2 | N94: =ROUND(SUM(G94:M94),2) -> 2 | O94: =CPUS!I505 -> 2688.1 | P94: =ROUND(O94*$P$12,2) -> 3244.54 | Q94: =ROUND(G94*$P94,2) -> 0 | R94: =ROUND(H94*$P94,2) -> 0 | S94: =ROUND(I94*$P94,2) -> 0 | T94: =ROUND(J94*$P94,2) -> 6489.08 | U94: =ROUND(K94*$P94,2) -> 0 | V94: =ROUND(L94*$P94,2) -> 0 | W94: =ROUND(M94*$P94,2) -> 0 | X94: =ROUND(N94*$P94,2) -> 6489.08 | Y94: =Q94/$Q$223 -> 0 | Z94: =R94/$R$223 -> 0 | AA94: =S94/$S$223 -> 0 | AB94: =T94/$T$223 -> 0.0013999444 | AC94: =U94/$U$223 -> 0 | AD94: =V94/$V$223 -> 0 | AE94: =W94/$W$223 -> 0 | AF94: =X94/$X$223 -> 0.00051484386
B95: 05.12 | E95: POÇO DE VISITA TIPO C - PADRAO SUDECAP | N95: =ROUND(SUM(G95:M95),2) -> 0 | P95: =ROUND(O95*$P$12,2) -> 0 | Q95: =ROUND(G95*$P95,2) -> 0 | R95: =ROUND(H95*$P95,2) -> 0 | S95: =ROUND(I95*$P95,2) -> 0 | T95: =ROUND(J95*$P95,2) -> 0 | U95: =ROUND(K95*$P95,2) -> 0 | V95: =ROUND(L95*$P95,2) -> 0 | W95: =ROUND(M95*$P95,2) -> 0 | X95: =ROUND(N95*$P95,2) -> 0 | Y95: =Q95/$Q$223 -> 0 | Z95: =R95/$R$223 -> 0 | AA95: =S95/$S$223 -> 0 | AB95: =T95/$T$223 -> 0 | AC95: =U95/$U$223 -> 0 | AD95: =V95/$V$223 -> 0 | AE95: =W95/$W$223 -> 0 | AF95: =X95/$X$223 -> 0
B96: 05.12.01 | C96: CPU | D96: 016 | E96: D= 600 MM | F96: UN | J96: ='MEMO A-18'!I163 -> 2 | N96: =ROUND(SUM(G96:M96),2) -> 2 | O96: =CPUS!I539 -> 3913 | P96: =ROUND(O96*$P$12,2) -> 4722.99 | Q96: =ROUND(G96*$P96,2) -> 0 | R96: =ROUND(H96*$P96,2) -> 0 | S96: =ROUND(I96*$P96,2) -> 0 | T96: =ROUND(J96*$P96,2) -> 9445.98 | U96: =ROUND(K96*$P96,2) -> 0 | V96: =ROUND(L96*$P96,2) -> 0 | W96: =ROUND(M96*$P96,2) -> 0 | X96: =ROUND(N96*$P96,2) -> 9445.98 | Y96: =Q96/$Q$223 -> 0 | Z96: =R96/$R$223 -> 0 | AA96: =S96/$S$223 -> 0 | AB96: =T96/$T$223 -> 0.0020378615 | AC96: =U96/$U$223 -> 0 | AD96: =V96/$V$223 -> 0 | AE96: =W96/$W$223 -> 0 | AF96: =X96/$X$223 -> 0.00074944442
B97: 05.13 | E97: CHAMINE DE POÇO DE VISITA | N97: =ROUND(SUM(G97:M97),2) -> 0 | P97: =ROUND(O97*$P$12,2) -> 0 | Q97: =ROUND(G97*$P97,2) -> 0 | R97: =ROUND(H97*$P97,2) -> 0 | S97: =ROUND(I97*$P97,2) -> 0 | T97: =ROUND(J97*$P97,2) -> 0 | U97: =ROUND(K97*$P97,2) -> 0 | V97: =ROUND(L97*$P97,2) -> 0 | W97: =ROUND(M97*$P97,2) -> 0 | X97: =ROUND(N97*$P97,2) -> 0 | Y97: =Q97/$Q$223 -> 0 | Z97: =R97/$R$223 -> 0 | AA97: =S97/$S$223 -> 0 | AB97: =T97/$T$223 -> 0 | AC97: =U97/$U$223 -> 0 | AD97: =V97/$V$223 -> 0 | AE97: =W97/$W$223 -> 0 | AF97: =X97/$X$223 -> 0
B98: 05.13.01 | C98: SINAPI | D98: 99318 | E98: CHAMINÉ CIRCULAR PARA POÇO DE VISITA PARA DRENAGEM, EM CONCRETO PRÉ-MOLDADO, DIÂMETRO INTERNO = 0,6 M. | F98: M | J98: ='MEMO A-18'!I168 -> 4 | N98: =ROUND(SUM(G98:M98),2) -> 4 | O98: 264.48 | P98: =ROUND(O98*$P$12,2) -> 319.23 | Q98: =ROUND(G98*$P98,2) -> 0 | R98: =ROUND(H98*$P98,2) -> 0 | S98: =ROUND(I98*$P98,2) -> 0 | T98: =ROUND(J98*$P98,2) -> 1276.92 | U98: =ROUND(K98*$P98,2) -> 0 | V98: =ROUND(L98*$P98,2) -> 0 | W98: =ROUND(M98*$P98,2) -> 0 | X98: =ROUND(N98*$P98,2) -> 1276.92 | Y98: =Q98/$Q$223 -> 0 | Z98: =R98/$R$223 -> 0 | AA98: =S98/$S$223 -> 0 | AB98: =T98/$T$223 -> 0.0002754808 | AC98: =U98/$U$223 -> 0 | AD98: =V98/$V$223 -> 0 | AE98: =W98/$W$223 -> 0 | AF98: =X98/$X$223 -> 0.00010131088
B99: 05.14 | E99: TAMPAO DE POÇO DE VISITA | I99: 0 | K99: 0 | M99: 0 | N99: =ROUND(SUM(G99:M99),2) -> 0 | P99: =ROUND(O99*$P$12,2) -> 0 | Q99: =ROUND(G99*$P99,2) -> 0 | R99: =ROUND(H99*$P99,2) -> 0 | S99: =ROUND(I99*$P99,2) -> 0 | T99: =ROUND(J99*$P99,2) -> 0 | U99: =ROUND(K99*$P99,2) -> 0 | V99: =ROUND(L99*$P99,2) -> 0 | W99: =ROUND(M99*$P99,2) -> 0 | X99: =ROUND(N99*$P99,2) -> 0 | Y99: =Q99/$Q$223 -> 0 | Z99: =R99/$R$223 -> 0 | AA99: =S99/$S$223 -> 0 | AB99: =T99/$T$223 -> 0 | AC99: =U99/$U$223 -> 0 | AD99: =V99/$V$223 -> 0 | AE99: =W99/$W$223 -> 0 | AF99: =X99/$X$223 -> 0
B100: 05.14.01 | C100: SINAPI | D100: 98114 | E100: TAMPA CIRCULAR PARA ESGOTO E DRENAGEM, EM FERRO FUNDIDO, DIÂMETRO INTERNO = 0,6 M. | F100: UN | J100: ='MEMO A-18'!I173 -> 4 | N100: =ROUND(SUM(G100:M100),2) -> 4 | O100: 528.46 | P100: =ROUND(O100*$P$12,2) -> 637.85 | Q100: =ROUND(G100*$P100,2) -> 0 | R100: =ROUND(H100*$P100,2) -> 0 | S100: =ROUND(I100*$P100,2) -> 0 | T100: =ROUND(J100*$P100,2) -> 2551.4 | U100: =ROUND(K100*$P100,2) -> 0 | V100: =ROUND(L100*$P100,2) -> 0 | W100: =ROUND(M100*$P100,2) -> 0 | X100: =ROUND(N100*$P100,2) -> 2551.4 | Y100: =Q100/$Q$223 -> 0 | Z100: =R100/$R$223 -> 0 | AA100: =S100/$S$223 -> 0 | AB100: =T100/$T$223 -> 0.00055043521 | AC100: =U100/$U$223 -> 0 | AD100: =V100/$V$223 -> 0 | AE100: =W100/$W$223 -> 0 | AF100: =X100/$X$223 -> 0.00020242817
B101: 05.14.02 | C101: CPU | D101: 017 | E101: REBAIXAMENTO DE TAMPAO DE PV EM ATE 20 CM | F101: UN | H101: ='MEMO A-09'!I100 -> 1 | I101: 0 | K101: 0 | M101: 0 | N101: =ROUND(SUM(G101:M101),2) -> 1 | O101: =CPUS!I571 -> 160.54 | P101: =ROUND(O101*$P$12,2) -> 193.77 | Q101: =ROUND(G101*$P101,2) -> 0 | R101: =ROUND(H101*$P101,2) -> 193.77 | S101: =ROUND(I101*$P101,2) -> 0 | T101: =ROUND(J101*$P101,2) -> 0 | U101: =ROUND(K101*$P101,2) -> 0 | V101: =ROUND(L101*$P101,2) -> 0 | W101: =ROUND(M101*$P101,2) -> 0 | X101: =ROUND(N101*$P101,2) -> 193.77 | Y101: =Q101/$Q$223 -> 0 | Z101: =R101/$R$223 -> 0.00019194912 | AA101: =S101/$S$223 -> 0 | AB101: =T101/$T$223 -> 0 | AC101: =U101/$U$223 -> 0 | AD101: =V101/$V$223 -> 0 | AE101: =W101/$W$223 -> 0 | AF101: =X101/$X$223 -> 1.5373719e-05
B102: 05.14.03 | C102: CPU | D102: 018 | E102: ALTEAMENTO DE TAMPAO DE PV EM ATE 20 CM | F102: UN | H102: ='MEMO A-09'!I103 -> 1 | I102: 0 | K102: 0 | M102: 0 | N102: =ROUND(SUM(G102:M102),2) -> 1 | O102: =CPUS!I603 -> 257.91 | P102: =ROUND(O102*$P$12,2) -> 311.3 | Q102: =ROUND(G102*$P102,2) -> 0 | R102: =ROUND(H102*$P102,2) -> 311.3 | S102: =ROUND(I102*$P102,2) -> 0 | T102: =ROUND(J102*$P102,2) -> 0 | U102: =ROUND(K102*$P102,2) -> 0 | V102: =ROUND(L102*$P102,2) -> 0 | W102: =ROUND(M102*$P102,2) -> 0 | X102: =ROUND(N102*$P102,2) -> 311.3 | Y102: =Q102/$Q$223 -> 0 | Z102: =R102/$R$223 -> 0.00030837467 | AA102: =S102/$S$223 -> 0 | AB102: =T102/$T$223 -> 0 | AC102: =U102/$U$223 -> 0 | AD102: =V102/$V$223 -> 0 | AE102: =W102/$W$223 -> 0 | AF102: =X102/$X$223 -> 2.4698554e-05
B103: 05.15 | E103: ESCORAMENTO DESCONTINUO DE VALAS | N103: =ROUND(SUM(G103:M103),2) -> 0 | P103: =ROUND(O103*$P$12,2) -> 0 | Q103: =ROUND(G103*$P103,2) -> 0 | R103: =ROUND(H103*$P103,2) -> 0 | S103: =ROUND(I103*$P103,2) -> 0 | T103: =ROUND(J103*$P103,2) -> 0 | U103: =ROUND(K103*$P103,2) -> 0 | V103: =ROUND(L103*$P103,2) -> 0 | W103: =ROUND(M103*$P103,2) -> 0 | X103: =ROUND(N103*$P103,2) -> 0 | Y103: =Q103/$Q$223 -> 0 | Z103: =R103/$R$223 -> 0 | AA103: =S103/$S$223 -> 0 | AB103: =T103/$T$223 -> 0 | AC103: =U103/$U$223 -> 0 | AD103: =V103/$V$223 -> 0 | AE103: =W103/$W$223 -> 0 | AF103: =X103/$X$223 -> 0
...

Sheet BDI TCU 2622 -URBANAS 
B2: CALCULO DO BDI RODOVIAS , FERROVIAS E CONGENERES
B3: Acórdão 2622/2013
B4: CÓD. OBRA: 066 | C4: OBJETO: EXECUÇÃO DE REMANESCENTE DE OBRAS DE CONTENÇÃO DE ENCOSTAS EM 07 ÁREAS DE RISCO, NO MUNICÍPIO DE BETIM-MG. ÁREAS PREVISTAS NO TERMO DE COMPROMISSO N.º 0.398.478-71 .
B6: Parâmetros para cálculo do BDI
B7: Itens Admissíveis | C7: Intervalos admissíveis sem justificativa | I7: Índices adotados (Quartil médio)
B9: Administração Central (AC) | C9: De | D9: 0.038 | F9: até | G9: 0.0467 | I9: Administração Central (AC) | J9: 0.0401
B10: Seguro e Garantia (S+G) | C10: De | D10: 0.0032 | F10: até | G10: 0.0074 | I10: Seguro e Garantia (S+G) | J10: 0.004
B11: Risco (R) | C11: De | D11: 0.005 | F11: até | G11: 0.0097 | I11: Risco (R) | J11: 0.0056
B12: Despesas financeiras (DF) | C12: De | D12: 0.0102 | F12: até | G12: 0.0121 | I12: Despesas financeiras (DF) | J12: 0.0111
B13: Lucro (L) | C13: De | D13: 0.0664 | F13: até | G13: 0.0869 | I13: Lucro (L) | J13: 0.073
B14: Tributos (T) | C14: De | D14: 0.0565 | F14: até | G14: 0.0865 | I14: Tributos (T) | J14: =C26 -> 0.0565
B15: INSS desoneração (E) | D15: 0 | F15: ou | G15: 0.045 | I15: INSS desoneração (E) | J15: 0
B16: Controle
B17: Administração Central (AC) | C17: =IF(J9>G9,"Incidência maior que a permitida",IF(J9<D9,"Incidência menor que a permitida","ok")) -> ok
B18: Seguro e Garantia (S+G) | C18: =IF(J10>G10,"Incidência maior que a permitida",IF(J10<0,"Incidência menor que a permitida","ok")) -> ok
B19: Risco (R) | C19: =IF(J11>G11,"Incidência maior que a permitida",IF(J11<0,"Incidência menor que a permitida","ok")) -> ok
B20: Despesas financeiras (DF) | C20: =IF(J12>G12,"Incidência maior que a permitida",IF(J12<D12,"Incidência menor que a permitida","ok")) -> ok
B21: Lucro (L) | C21: =IF(J13>G13,"Incidência maior que a permitida",IF(J13<D13,"Incidência menor que a permitida","ok")) -> ok
B22: Tributos (T) | C22: =IF(J14>G14,"Incidência maior que a permitida",IF(J14<D14,"Incidência menor que a permitida","ok")) -> ok
B23: INSS desoneração (E) | C23: =IF(J15=D15,"ok",IF(J15=G15,"ok","Incidência não permitida")) -> ok
B24: BDI CALCULADO ----> | C24: BDI = (1+AC+S+R+G)*(1+DF)*(1+L)/(1-(T+E)) | J24: =ROUND(((1+J9+J10+J11)*(1+J12)*(1+J13)/(1-(J14+J15))-1),4) -> 0.207
B26: TRIBUTOS: | C26: =SUM(C27:D29) -> 0.0565
B27: PIS | C27: 0.0065
B28: COFINS | C28: 0.03
B29: ISS | C29: 0.02 | E29: (Lei Municipal nº 2518 – 21/12/1994) - (Art. 6º - XXIV)

Sheet PLAN ADM
B3: PLANILHA ADMINISTRAÇÃO LOCAL
B4: CÓD. OBRA: 066 | C4: OBJETO: EXECUÇÃO DE REMANESCENTE DE OBRAS DE CONTENÇÃO DE ENCOSTAS EM 07 ÁREAS DE RISCO, NO MUNICÍPIO DE BETIM-MG. ÁREAS PREVISTAS NO TERMO DE COMPROMISSO N.º 0.398.478-71 .
B5: REFERÊNCIA: | C5: TABELA SINAPI SEM DESONERAÇÃO - BASE JULHO DE 2025
B6: REFERÊNCIA: | C6: TABELA SUDECAP ONERADA - BASE ABRIL DE 2025
B7: REFERÊNCIA: | C7: TABELA SICOR-MG SEM DESONERAÇÃO - BASE ABRIL DE 2025
B8: REFERÊNCIA: | C8: TABELA DNIT SEM DESONERAÇÃO - BASE ABRIL DE 2025 (REVISADO)
B9: DATA BASE DO ORÇAMENTO: JULHO DE 2025
B11: ITEM | C11: REF. | D11: CÓDIGO | E11: DESCRIÇÃO | F11: UNID. | G11: QUANT. | H11: PREÇO UNITÁRIO (SEM BDI) | I11: PREÇO TOTAL (SEM BDI) | L11: memória
L13: quant. mês | M13: quant. dias | N13: quant. horas | O13: quant. efetivo mês | P13: quant. total
B15: 01.06 | E15: ADMINISTRACAO LOCAL DA OBRA
B16: 01.06.01 | C16: SINAPI | D16: 90778 | E16: ENGENHEIRO CIVIL DE OBRA PLENO COM ENCARGOS COMPLEMENTARES | F16: H | G16: =22*12*6 -> 1584 | H16: 135.75 | I16: =ROUND(G16*H16,2) -> 215028 | L16: 12 | M16: 22 | N16: 6 | P16: =ROUND(L16*M16*N16,2) -> 1584
B17: 01.06.02 | C17: SINAPI | D17: 93572 | E17: ENCARREGADO GERAL DE OBRAS COM ENCARGOS COMPLEMENTARES | F17: MÊS | G17: 12 | H17: 11968.97 | I17: =ROUND(G17*H17,2) -> 143627.64 | L17: 12 | O17: 1 | P17: =ROUND(L17*O17,2) -> 12
B18: 01.06.03 | C18: SINAPI | D18: 100321 | E18: TÉCNICO EM SEGURANÇA DO TRABALHO COM ENCARGOS COMPLEMENTARES | F18: MÊS | G18: 12 | H18: 7515.77 | I18: =ROUND(G18*H18,2) -> 90189.24 | L18: 12 | O18: 1 | P18: =ROUND(L18*O18,2) -> 12
B19: 01.06.04 | C19: SINAPI | D19: 90781 | E19: TOPOGRAFO COM ENCARGOS COMPLEMENTARES | F19: H | G19: 144 | H19: 47.65 | I19: =ROUND(G19*H19,2) -> 6861.6 | L19: 6 | M19: 3 | N19: 8 | P19: =ROUND(L19*M19*N19,2) -> 144
B20: 01.06.05 | C20: SINAPI | D20: 88253 | E20: AUXILIAR DE TOPÓGRAFO COM ENCARGOS COMPLEMENTARES | F20: H | G20: 144 | H20: 22.68 | I20: =ROUND(G20*H20,2) -> 3265.92 | L20: 6 | M20: 3 | N20: 8 | P20: =ROUND(L20*M20*N20,2) -> 144
B21: 01.06.06 | C21: SUDECAP | D21: 45.01.03 | E21: LOCAÇÃO VEICULO TIPO PICAPE LEVE C/ SEGURO SEM COMBUSTÍVEL | F21: MÊS | G21: 12 | H21: 3924.48 | I21: =ROUND(G21*H21,2) -> 47093.76 | L21: 12 | P21: =L21 -> 12
B22: 01.06.07 | C22: SINAPI | D22: 4222 | E22: GASOLINA COMUM - (CONSIDERADO 200 LITROS MÊS) | F22: L | G22: =ROUND(G21*200,2) -> 2400 | H22: 6.17 | I22: =ROUND(G22*H22,2) -> 14808 | P22: =P21*200 -> 2400
E24: TOTAL DO ITEM 01.06 | I24: =SUM(I16:I23) -> 520874.16 | J24: OK

Sheet CPUS
B3: COMPOSIÇÃO DE PREÇO UNITÁRIO
B5: CÓD. OBRA: 066 | C5: OBJETO: EXECUÇÃO DE REMANESCENTE DE OBRAS DE CONTENÇÃO DE ENCOSTAS EM 07 ÁREAS DE RISCO, NO MUNICÍPIO DE BETIM-MG. ÁREAS PREVISTAS NO TERMO DE COMPROMISSO N.º 0.398.478-71 .
B6: Serviço: | C6: ='PLANILHA ORÇAMENTO 29.05.25'!E18 -> LIGAÇÃO PROVISÓRIA COM ENTRADA DE ENERGIA AÉREA, PADRÃO CEMIG, CARGA INSTALADA DE 15,1KVA ATÉ 30KVA, TRIFÁSICO, COM SAÍDA SUBTERRÂNEA, INCLUSIVE POSTE, CAIXA PARA MEDIDOR, DISJUNTOR, BARRAMENTO, ATERRAMENTO E ACESSÓRIOS | I6: UN
B7: Item | C7: ='PLANILHA ORÇAMENTO 29.05.25'!B18 -> 01.02.01 | H7: CPU | I7: 001
B8: MÃO-DE-OBRA | C8: DESCRIÇÃO | D8: REFERÊNCIA | E8: CÓDIGO | F8: UNIDADE | G8: QUANTIDADE | H8: CUSTO HORÁRIO | I8: CUSTO
C9: AUXILIAR DE ELETRICISTA COM ENCARGOS COMPLEMENTARES | D9: SINAPI | E9: 88247 | F9: H | G9: 3.6666667 | H9: 25.52 | I9: =ROUND(G9*H9,2) -> 93.57
C10: ELETRICISTA COM ENCARGOS COMPLEMENTARES | D10: SINAPI | E10: 88264 | F10: H | G10: 3.6666667 | H10: 31.63 | I10: =ROUND(G10*H10,2) -> 115.98
I12: 0
C13: 1. TOTAL DE MÃO-DE-OBRA | H13: ð | I13: =ROUND(SUM(I9:I12),2) -> 209.55
B14: EQUIPAMENTOS | C14: DESCRIÇÃO | D14: REFERÊNCIA | E14: CÓDIGO | F14: UNIDADE | G14: QUANTIDADE | H14: CUSTO HORÁRIO | I14: CUSTO
I15: =ROUND(G15*H15,2) -> 0
I16: =ROUND(G16*H16,2) -> 0
I17: =G17*H17 -> 0
C18: 2. TOTAL DE EQUIPAMENTOS | H18: ð | I18: =ROUND(SUM(I15:I17),2) -> 0
B19: MATERIAL - SERVIÇO | C19: DESCRIÇÃO | D19: REFERÊNCIA | E19: CÓDIGO | F19: UNIDADE | G19: QUANTIDADE | H19: CUSTO UNTÁRIO | I19: CUSTO
C20: CABO DE COBRE NU 10 MM2 MEIO-DURO | D20: SINAPI | E20: 862 | F20: M | G20: 1.3333333 | H20: 11.22 | I20: =ROUND(G20*H20,2) -> 14.96
C21: CONECTOR METALICO TIPO PARAFUSO FENDIDO (SPLIT BOLT), COM SEPARADOR DE CABOS BIMETALICOS, PARA CABOS ATE 25 MM2 | D21: SINAPI | E21: 11821 | F21: UN | G21: 0.3333333 | H21: 13.95 | I21: =ROUND(G21*H21,2) -> 4.65
C22: DISJUNTOR TERMOMAGNETICO PARA TRILHO DIN (IEC), TRIPOLAR, 63 A | D22: SINAPI | E22: 34714 | F22: UN | G22: 0.3333333 | H22: 93.97 | I22: =ROUND(G22*H22,2) -> 31.32
C23: BARRA CHATA (MATERIAL: COBRE ELETROLÍTICO|APLICAÇÃO: BARRAMENTO) | D23: SICOR-MG | E23: MATED-19556 | F23: KG | G23: 0.0012903 | H23: 104.88 | I23: =ROUND(G23*H23,2) -> 0.14
C24: ARAME GALVANIZADO 12 BWG, D = 2,76 MM (0,048 KG/M) OU 14 BWG, D = 2,11 MM (0,026 KG/M) | D24: SINAPI | E24: 43130 | F24: KG | G24: 0.5 | H24: 20.5 | I24: =ROUND(G24*H24,2) -> 10.25
C25: POSTE PARA ENTRADA DE ENERGIA EM AÇO GALVANIZADO, TIPO PA-2 OU PA-4, DIÂMETRO NOMINAL DE 102MM, ESP. 2MM, INCLUSIVE TAMPÃO - FORNECIMENTO, EXCLUSIVE MONTAGEM E INSTALAÇÃO | D25: SICOR-MG | E25: ED-20648 | F25: UN | G25: 0.3333333 | H25: 425.67 | I25: =ROUND(G25*H25,2) -> 141.89
C26: CAIXA PARA PROTEÇÃO GERAL, TIPO CM-8, DIMENSÕES CONFORME PADRÃO CEMIG, EXCLUSIVE BARRAMENTO E DISJUNTOR, INCLUSIVE INSTALAÇÃO | D26: SICOR-MG | E26: ED-28593 | F26: UN | G26: 0.3333333 | H26: 341.47 | I26: =ROUND(G26*H26,2) -> 113.82
C27: HASTE DE ATERRAMENTO, DIÂMETRO 5/8", COM 3 METROS - FORNECIMENTO E INSTALAÇÃO. AF_08/2023 | D27: SINAPI | E27: 96985 | F27: UN | G27: 0.5 | H27: 116.95 | I27: =ROUND(G27*H27,2) -> 58.48
C28: CONECTOR GRAMPO METÁLICO TIPO OLHAL, PARA SPDA, PARA HASTE DE ATERRAMENTO DE 5/8'' E CABOS DE 10 A 50 MM2 - FORNECIMENTO E INSTALAÇÃO. AF_08/2023 | D28: SINAPI | E28: 104750 | F28: UN | G28: 0.5 | H28: 20.39 | I28: =ROUND(G28*H28,2) -> 10.2
C29: ABRAÇADEIRA AJUSTÁVEL PARA POSTE, EM AÇO GALVANIZADO, COMPRIMENTO 80CM, INCLUSIVE INSTALAÇÃO | D29: SICOR-MG | E29: ED-48704 | F29: UN | G29: 1 | H29: 10.61 | I29: =ROUND(G29*H29,2) -> 10.61
C30: CABEÇOTE DE ALUMÍNIO PARA POSTE, DIÂMETRO 1.1/4", EXCLUSIVE ELETRODUTO, INCLUSIVE INSTALAÇÃO | D30: SICOR-MG | E30: ED-49064 | F30: UN | G30: 0.6666667 | H30: 7.16 | I30: =ROUND(G30*H30,2) -> 4.77
C31: ELETRODUTO RÍGIDO SOLDÁVEL, PVC, DN 25 MM (3/4''), APARENTE - FORNECIMENTO E INSTALAÇÃO. AF_10/2022 | D31: SINAPI | E31: 95727 | F31: M | G31: 1 | H31: 20.96 | I31: =ROUND(G31*H31,2) -> 20.96
C32: ELETRODUTO RÍGIDO SOLDÁVEL, PVC, DN 32 MM (1''), APARENTE - FORNECIMENTO E INSTALAÇÃO. AF_10/2022 | D32: SINAPI | E32: 95728 | F32: M | G32: 6 | H32: 27.51 | I32: =ROUND(G32*H32,2) -> 165.06
C33: ARMAÇÃO SECUNDÁRIA, COM 1 ESTRIBO, SEM ISOLADOR - FORNECIMENTO E INSTALAÇÃO. AF_07/2020 | D33: SINAPI | E33: 101542 | F33: UN | G33: 1.3333333 | H33: 33.21 | I33: =ROUND(G33*H33,2) -> 44.28 | J33: AS | K33: 0.63
C34: ISOLADOR, TIPO ROLDANA, PARA BAIXA TENSÃO - FORNECIMENTO E INSTALAÇÃO. AF_07/2020 | D34: SINAPI | E34: 101548 | F34: UN | G34: 1.3333333 | H34: 8.04 | I34: =ROUND(G34*H34,2) -> 10.72
C35: CAIXA DE INSPEÇÃO EM PVC, DIÂMETRO DE 30CM, ALTURA DE 30CM, COM TAMPA EM FERRO FUNDIDO, EXCLUSIVE HASTE DE ATERRAMENTO, INCLUSIVE INSTALAÇÃO | D35: SICOR-MG | E35: ED-51055 | F35: UN | G35: 1 | H35: 159.03 | I35: =ROUND(G35*H35,2) -> 159.03
C37: 3. TOTAL DE MATERIAIS | H37: ð | I37: =ROUND(SUM(I20:I36),2) -> 801.14
C38: PREÇO TOTAL ( 1 ) + ( 2 ) + ( 3 ) | H38: ð | I38: =ROUND(I13+I18+I37,2) -> 1010.69
C39: BDI | H39: ð | I39: =G39 -> 0
C40: PREÇO UNTÁRIO FINAL | H40: ð | I40: =ROUND(I38*(1+I39),2) -> 1010.69 | J40: =(I23+I25+I26+I29+I30+I35)/I40 -> 0.42570917 | K40: DEMAIS TABELAS
J41: =100%-J40 -> 0.57429083 | K41: SINAPI
B42: OBS.: | C42: BASEADO CÓDIGO ED-50151 DA TABELA SICOR-MG BASE ABRIL DE 2025, SUBSTITUINDO A MÃO DE OBRA, EQUIPAMENTOS, MATERIAIS - SERVIÇOS, POR ITENS CONSTANTES NA TABELA SINAPI BASE JULHO/2025.
B46: COMPOSIÇÃO DE PREÇO UNITÁRIO
B48: CÓD. OBRA: 066 | C48: OBJETO: EXECUÇÃO DE REMANESCENTE DE OBRAS DE CONTENÇÃO DE ENCOSTAS EM 07 ÁREAS DE RISCO, NO MUNICÍPIO DE BETIM-MG. ÁREAS PREVISTAS NO TERMO DE COMPROMISSO N.º 0.398.478-71 .
B49: Serviço: | C49: ='PLANILHA ORÇAMENTO 29.05.25'!E22 -> MOBILIZAÇÃO DE CONTAINER | I49: UN
B50: Item | C50: ='PLANILHA ORÇAMENTO 29.05.25'!B22 -> 01.03.01 | H50: CPU | I50: 002
B51: MÃO-DE-OBRA | C51: DESCRIÇÃO | D51: REFERÊNCIA | E51: CÓDIGO | F51: UNIDADE | G51: QUANTIDADE | H51: CUSTO HORÁRIO | I51: CUSTO
I52: =ROUND(G52*H52,2) -> 0
I53: =ROUND(G53*H53,2) -> 0
I55: 0
C56: 1. TOTAL DE MÃO-DE-OBRA | H56: ð | I56: =ROUND(SUM(I52:I55),2) -> 0
B57: EQUIPAMENTOS | C57: DESCRIÇÃO | D57: REFERÊNCIA | E57: CÓDIGO | F57: UNIDADE | G57: QUANTIDADE | H57: CUSTO HORÁRIO | I57: CUSTO
I59: =ROUND(G59*H59,2) -> 0
I60: =ROUND(G60*H60,2) -> 0
I61: =ROUND(G61*H61,2) -> 0
I62: =ROUND(G62*H62,2) -> 0
I63: =G63*H63 -> 0
C64: 2. TOTAL DE EQUIPAMENTOS | H64: ð | I64: =ROUND(SUM(I58:I63),2) -> 0
B65: MATERIAL - SERVIÇO | C65: DESCRIÇÃO | D65: REFERÊNCIA | E65: CÓDIGO | F65: UNIDADE | G65: QUANTIDADE | H65: CUSTO UNTÁRIO | I65: CUSTO
C66: MOBILIZAÇÃO DE CONTAINER | D66: SUDECAP | E66: 89.50.20 | F66: UN | G66: 1 | H66: 1200 | I66: =ROUND(G66*H66,2) -> 1200
I67: =ROUND(G67*H67,2) -> 0
I69: =ROUND(G69*H69,2) -> 0
C71: 3. TOTAL DE MATERIAIS | H71: ð | I71: =ROUND(SUM(I66:I70),2) -> 1200
C72: PREÇO TOTAL ( 1 ) + ( 2 ) + ( 3 ) | H72: ð | I72: =ROUND(I56+I64+I71,2) -> 1200
C73: BDI | H73: ð | I73: =G73 -> 0
C74: PREÇO UNTÁRIO FINAL | H74: ð | I74: =ROUND(I72*(1+I73),2) -> 1200 | J74: =I66/I74 -> 1 | K74: DEMAIS TABELAS
B76: OBS.: | C76: BASEADO CÓDIGO 01.09.01 DA TABELA SUDECAP BASE ABRIL DE 2025.
B80: COMPOSIÇÃO DE PREÇO UNITÁRIO
B82: CÓD. OBRA: 066 | C82: OBJETO: EXECUÇÃO DE REMANESCENTE DE OBRAS DE CONTENÇÃO DE ENCOSTAS EM 07 ÁREAS DE RISCO, NO MUNICÍPIO DE BETIM-MG. ÁREAS PREVISTAS NO TERMO DE COMPROMISSO N.º 0.398.478-71 .
B83: Serviço: | C83: ='PLANILHA ORÇAMENTO 29.05.25'!E23 -> DESMOBILIZAÇÃO DE CONTAINER | I83: UN
B84: Item | C84: ='PLANILHA ORÇAMENTO 29.05.25'!B23 -> 01.03.02 | H84: CPU | I84: 003
B85: MÃO-DE-OBRA | C85: DESCRIÇÃO | D85: REFERÊNCIA | E85: CÓDIGO | F85: UNIDADE | G85: QUANTIDADE | H85: CUSTO HORÁRIO | I85: CUSTO
I86: =ROUND(G86*H86,2) -> 0
I87: =ROUND(G87*H87,2) -> 0
I89: 0
C90: 1. TOTAL DE MÃO-DE-OBRA | H90: ð | I90: =ROUND(SUM(I86:I89),2) -> 0
B91: EQUIPAMENTOS | C91: DESCRIÇÃO | D91: REFERÊNCIA | E91: CÓDIGO | F91: UNIDADE | G91: QUANTIDADE | H91: CUSTO HORÁRIO | I91: CUSTO
I92: =ROUND(G92*H92,2) -> 0
I93: =ROUND(G93*H93,2) -> 0
I94: =ROUND(G94*H94,2) -> 0
I95: =ROUND(G95*H95,2) -> 0
I96: =ROUND(G96*H96,2) -> 0
I97: =G97*H97 -> 0
C98: 2. TOTAL DE EQUIPAMENTOS | H98: ð | I98: =ROUND(SUM(I92:I97),2) -> 0
B99: MATERIAL - SERVIÇO | C99: DESCRIÇÃO | D99: REFERÊNCIA | E99: CÓDIGO | F99: UNIDADE | G99: QUANTIDADE | H99: CUSTO UNTÁRIO | I99: CUSTO
C100: DESMOBILIZAÇÃO DE CONTAINER | D100: SUDECAP | E100: 89.50.21 | F100: UN | G100: 1 | H100: 1200 | I100: =ROUND(G100*H100,2) -> 1200
I101: =ROUND(G101*H101,2) -> 0
I103: =ROUND(G103*H103,2) -> 0
C105: 3. TOTAL DE MATERIAIS | H105: ð | I105: =ROUND(SUM(I100:I104),2) -> 1200
C106: PREÇO TOTAL ( 1 ) + ( 2 ) + ( 3 ) | H106: ð | I106: =ROUND(I90+I98+I105,2) -> 1200
C107: BDI | H107: ð | I107: =G107 -> 0
C108: PREÇO UNTÁRIO FINAL | H108: ð | I108: =ROUND(I106*(1+I107),2) -> 1200 | J108: =I100/I108 -> 1 | K108: DEMAIS TABELAS
B110: OBS.: | C110: BASEADO CÓDIGO 01.09.11 DA TABELA SUDECAP BASE ABRIL DE 2025.
B114: COMPOSIÇÃO DE PREÇO UNITÁRIO
B116: CÓD. OBRA: 066 | C116: OBJETO: EXECUÇÃO DE REMANESCENTE DE OBRAS DE CONTENÇÃO DE ENCOSTAS EM 07 ÁREAS DE RISCO, NO MUNICÍPIO DE BETIM-MG. ÁREAS PREVISTAS NO TERMO DE COMPROMISSO N.º 0.398.478-71 .
B117: Serviço: | C117: ='PLANILHA ORÇAMENTO 29.05.25'!E26 -> LOCAÇÃO DE CONTAINER COM ISOLAMENTO TÉRMICO, TIPO 4, PARA REFEITÓRIO DE OBRA, COM MEDIDAS REFERENCIAIS DE (6) METROS COMPRIMENTO, (2,3) METROS LARGURA E (2,5) METROS ALTURA ÚTIL INTERNA, INCLUSIVE LIGAÇÕES ELÉTRICAS INTERNAS, EXCLUSIVE MOBILIZAÇÃO/DESMOBILIZAÇÃO E LIGAÇÕES PROVISÓRIAS EXTERNAS | I117: MÊS
B118: Item | C118: ='PLANILHA ORÇAMENTO 29.05.25'!B26 -> 01.03.05 | H118: CPU | I118: 004
B119: MÃO-DE-OBRA | C119: DESCRIÇÃO | D119: REFERÊNCIA | E119: CÓDIGO | F119: UNIDADE | G119: QUANTIDADE | H119: CUSTO HORÁRIO | I119: CUSTO
I120: =ROUND(G120*H120,2) -> 0
I121: =ROUND(G121*H121,2) -> 0
I123: 0
C124: 1. TOTAL DE MÃO-DE-OBRA | H124: ð | I124: =ROUND(SUM(I120:I123),2) -> 0
B125: EQUIPAMENTOS | C125: DESCRIÇÃO | D125: REFERÊNCIA | E125: CÓDIGO | F125: UNIDADE | G125: QUANTIDADE | H125: CUSTO HORÁRIO | I125: CUSTO
I126: =ROUND(G126*H126,2) -> 0
I127: =ROUND(G127*H127,2) -> 0
...

Sheet ITENS SINAPI AS
B2: RELAÇÃO DOS ITENS COM %AS (PORCENTAGEM ATRIBUÍDO SÃO PAULO)
B3: ITEM | C3: REF. | D3: CÓDIGO | E3: DESCRIÇÃO | F3: UNIDADE | G3: PREÇO UNITÁRIO | H3: % AS NO PREÇO UNITÁRIO DO ITEM | J3: VALOR TOTAL DO ITEM NO ORÇAMENTÁRIA | K3: % PESO COM RELAÇÃO AO VALOR TOTAL DO ORÇAMENTO
B4: 02.01 | C4: SINAPI | D4: 104790 | E4: DEMOLIÇÃO DE PISO DE CONCRETO SIMPLES, DE FORMA MECANIZADA COM MARTELETE, SEM REAPROVEITAMENTO. | F4: M3 | G4: ='PLANILHA ORÇAMENTO 29.05.25'!O38 -> 117.43 | H4: ='PLANILHA ORÇAMENTO 29.05.25'!AI38 -> 0.24 | J4: ='PLANILHA ORÇAMENTO 29.05.25'!X38 -> 16549.56 | K4: ='PLANILHA ORÇAMENTO 29.05.25'!AF38 -> 0.0013130427
B5: 06.02.01 | C5: SINAPI | D5: 100576 | E5: REGULARIZAÇÃO E COMPACTAÇÃO DE SUBLEITO DE SOLO PREDOMINANTEMENTE ARGILOSO. | F5: M2 | G5: ='PLANILHA ORÇAMENTO 29.05.25'!O135 -> 2.86 | H5: ='PLANILHA ORÇAMENTO 29.05.25'!AI135 -> 0.18 | J5: ='PLANILHA ORÇAMENTO 29.05.25'!X135 -> 677.58 | K5: ='PLANILHA ORÇAMENTO 29.05.25'!AF135 -> 5.3759223e-05
B6: 06.02.02 | C6: SINAPI | D6: 96396 | E6: EXECUÇÃO E COMPACTAÇÃO DE BASE E OU SUB BASE PARA PAVIMENTAÇÃO DE BRITA GRADUADA SIMPLES - EXCLUSIVE CARGA E TRANSPORTE. | F6: M3 | G6: ='PLANILHA ORÇAMENTO 29.05.25'!O136 -> 214.43 | H6: ='PLANILHA ORÇAMENTO 29.05.25'!AI136 -> 0.03 | J6: ='PLANILHA ORÇAMENTO 29.05.25'!X136 -> 7624.84 | K6: ='PLANILHA ORÇAMENTO 29.05.25'!AF136 -> 0.0006049551
B7: 06.02.07 | C7: SINAPI | D7: 95995 | E7: EXECUÇÃO DE PAVIMENTO COM APLICAÇÃO DE CONCRETO ASFÁLTICO, CAMADA DE ROLAMENTO - EXCLUSIVE CARGA E TRANSPORTE. | F7: M3 | G7: ='PLANILHA ORÇAMENTO 29.05.25'!O141 -> 1961.03 | H7: ='PLANILHA ORÇAMENTO 29.05.25'!AI141 -> 0.02 | J7: ='PLANILHA ORÇAMENTO 29.05.25'!X141 -> 23243.55 | K7: ='PLANILHA ORÇAMENTO 29.05.25'!AF141 -> 0.0018441442
J8: =SUM(J4:J7) -> 48095.53 | K8: =SUM(K4:K7) -> 0.0038159012

Sheet CRON-GERAL
D2: CRONOGRAMA FÍSICO - FINANCEIRO
C3: CÓD. OBRA: 066 | D3: OBJETO: EXECUÇÃO DE REMANESCENTE DE OBRAS DE CONTENÇÃO DE ENCOSTAS EM 07 ÁREAS DE RISCO, NO MUNICÍPIO DE BETIM-MG. ÁREAS PREVISTAS NO TERMO DE COMPROMISSO N.º 0.398.478-71 .
B5: Item | C5: Descricao | D5: Pr. Total | E5: PART. % | F5: MÊS 01 | G5: MÊS 02 | H5: MÊS 03 | I5: MÊS 04 | J5: MÊS 05 | K5: MÊS 06 | L5: MÊS 07 | M5: MÊS 08 | N5: MÊS 09 | O5: MÊS 10 | P5: MÊS 11 | Q5: MÊS 12 | R5: % total
B7: ='PLANILHA ORÇAMENTO 29.05.25'!B14 -> 01 | C7: ='PLANILHA ORÇAMENTO 29.05.25'!E14 -> INSTALAÇAO DA OBRA E ADMINISTRAÇÃO LOCAL | D7: ='PLANILHA ORÇAMENTO 29.05.25'!X35 -> 857918.22 | E7: =D7/D34 -> 0.068067265 | F7: 0.058 | G7: 0.0947 | H7: 0.0876 | I7: 0.0747 | J7: 0.102 | K7: 0.1005 | L7: 0.1048 | M7: 0.096 | N7: 0.0921 | O7: 0.0827 | P7: 0.0581 | Q7: 0.0488 | R7: =SUM(F7:Q7) -> 1
F8: =$D$7*F7 -> 49759.257 | G8: =$D$7*G7 -> 81244.855 | H8: =$D$7*H7 -> 75153.636 | I8: =$D$7*I7 -> 64086.491 | J8: =$D$7*J7 -> 87507.658 | K8: =$D$7*K7 -> 86220.781 | L8: =$D$7*L7 -> 89909.829 | M8: =$D$7*M7 -> 82360.149 | ... Q8: =$D$7*Q7 -> 41866.409 | R8: =SUM(F8:Q8) -> 857918.22 | S8: =D7-R8 -> 0
S9: =D8-R9 -> 0
B10: ='PLANILHA ORÇAMENTO 29.05.25'!B37 -> 02 | C10: ='PLANILHA ORÇAMENTO 29.05.25'!E37 -> DEMOLIÇÕES | D10: ='PLANILHA ORÇAMENTO 29.05.25'!X47 -> 29916.15 | E10: =D10/D34 -> 0.0023735485 | F10: =F11/$D$10 -> 0 | G10: 0.0446 | H10: 0 | I10: 0 | J10: 0.5653 | K10: 0.2605 | L10: 0.1296 | M10: =M11/$D$10 -> 0 | N10: =N11/$D$10 -> 0 | O10: =O11/$D$10 -> 0 | P10: =P11/$D$10 -> 0 | Q10: =Q11/$D$10 -> 0 | R10: =SUM(F10:Q10) -> 1
F11: ='CRON-07'!F11+'CRON-09'!F11+'CRON-11'!F11+'CRON-18'!F11+'CRON-21'!F11+'CRON-22'!F11+'CRON-23'!F11 -> 0 | G11: =$D$10*G10 -> 1334.2603 | H11: 0 | I11: 0 | J11: =$D$10*J10 -> 16911.6 | K11: =$D$10*K10 -> 7793.1571 | L11: =$D$10*L10 -> 3877.133 | M11: ='CRON-07'!M11+'CRON-09'!M11+'CRON-11'!M11+'CRON-18'!M11+'CRON-21'!M11+'CRON-22'!M11+'CRON-23'!M11 -> 0 | N11: ='CRON-07'!N11+'CRON-09'!N11+'CRON-11'!N11+'CRON-18'!N11+'CRON-21'!N11+'CRON-22'!N11+'CRON-23'!N11 -> 0 | O11: ='CRON-07'!O11+'CRON-09'!O11+'CRON-11'!O11+'CRON-18'!O11+'CRON-21'!O11+'CRON-22'!O11+'CRON-23'!O11 -> 0 | P11: ='CRON-07'!P11+'CRON-09'!P11+'CRON-11'!P11+'CRON-18'!P11+'CRON-21'!P11+'CRON-22'!P11+'CRON-23'!P11 -> 0 | Q11: ='CRON-07'!Q11+'CRON-09'!Q11+'CRON-11'!Q11+'CRON-18'!Q11+'CRON-21'!Q11+'CRON-22'!Q11+'CRON-23'!Q11 -> 0 | R11: =SUM(F11:Q11) -> 29916.15 | S11: =D10-R11 -> 0
S12: =D11-R12 -> 0
B13: ='PLANILHA ORÇAMENTO 29.05.25'!B49 -> 03 | C13: ='PLANILHA ORÇAMENTO 29.05.25'!E49 -> LIMPEZA DO TERRENO | D13: ='PLANILHA ORÇAMENTO 29.05.25'!X61 -> 534494.38 | E13: =D13/D34 -> 0.042406805 | F13: 0.0196 | G13: 0.0623 | J13: 0.6422 | K13: 0.2065 | L13: 0 | M13: 0 | N13: 0.0263 | O13: 0.0431 | P13: =P14/$D$13 -> 0 | Q13: =Q14/$D$13 -> 0 | R13: =SUM(F13:Q13) -> 1
F14: =$D$13*F13 -> 10476.09 | G14: =$D$13*G13 -> 33299 | J14: =$D$13*J13 -> 343252.29 | K14: =$D$13*K13 -> 110373.09 | L14: 0 | M14: 0 | N14: =$D$13*N13 -> 14057.202 | O14: =$D$13*O13 -> 23036.708 | P14: ='CRON-07'!P14+'CRON-09'!P14+'CRON-11'!P14+'CRON-18'!P14+'CRON-21'!P14+'CRON-22'!P14+'CRON-23'!P14 -> 0 | Q14: ='CRON-07'!Q14+'CRON-09'!Q14+'CRON-11'!Q14+'CRON-18'!Q14+'CRON-21'!Q14+'CRON-22'!Q14+'CRON-23'!Q14 -> 0 | R14: =SUM(F14:Q14) -> 534494.38 | S14: =D13-R14 -> 0
S15: =D14-R15 -> 0
B16: ='PLANILHA ORÇAMENTO 29.05.25'!B63 -> 04 | C16: ='PLANILHA ORÇAMENTO 29.05.25'!E63 -> VIABILIZAÇÃO DAS OBRAS | D16: ='PLANILHA ORÇAMENTO 29.05.25'!X69 -> 4987.59 | E16: =D16/D34 -> 0.00039571558 | F16: =F17/$D$16 -> 0 | G16: =G17/$D$16 -> 0 | H16: =H17/$D$16 -> 0 | I16: =I17/$D$16 -> 0 | J16: =J17/$D$16 -> 0 | K16: =K17/$D$16 -> 0 | L16: =L17/$D$16 -> 0 | M16: =M17/$D$16 -> 0 | N16: =N17/$D$16 -> 0 | O16: 1 | P16: =P17/$D$16 -> 0 | Q16: =Q17/$D$16 -> 0 | R16: =SUM(F16:Q16) -> 1
F17: ='CRON-07'!F17+'CRON-09'!F17+'CRON-11'!F17+'CRON-18'!F17+'CRON-21'!F17+'CRON-22'!F17+'CRON-23'!F17 -> 0 | G17: ='CRON-07'!G17+'CRON-09'!G17+'CRON-11'!G17+'CRON-18'!G17+'CRON-21'!G17+'CRON-22'!G17+'CRON-23'!G17 -> 0 | H17: ='CRON-07'!H17+'CRON-09'!H17+'CRON-11'!H17+'CRON-18'!H17+'CRON-21'!H17+'CRON-22'!H17+'CRON-23'!H17 -> 0 | I17: ='CRON-07'!I17+'CRON-09'!I17+'CRON-11'!I17+'CRON-18'!I17+'CRON-21'!I17+'CRON-22'!I17+'CRON-23'!I17 -> 0 | J17: ='CRON-07'!J17+'CRON-09'!J17+'CRON-11'!J17+'CRON-18'!J17+'CRON-21'!J17+'CRON-22'!J17+'CRON-23'!J17 -> 0 | K17: ='CRON-07'!K17+'CRON-09'!K17+'CRON-11'!K17+'CRON-18'!K17+'CRON-21'!K17+'CRON-22'!K17+'CRON-23'!K17 -> 0 | L17: ='CRON-07'!L17+'CRON-09'!L17+'CRON-11'!L17+'CRON-18'!L17+'CRON-21'!L17+'CRON-22'!L17+'CRON-23'!L17 -> 0 | M17: ='CRON-07'!M17+'CRON-09'!M17+'CRON-11'!M17+'CRON-18'!M17+'CRON-21'!M17+'CRON-22'!M17+'CRON-23'!M17 -> 0 | N17: ='CRON-07'!N17+'CRON-09'!N17+'CRON-11'!N17+'CRON-18'!N17+'CRON-21'!N17+'CRON-22'!N17+'CRON-23'!N17 -> 0 | O17: =$D$16*O16 -> 4987.59 | P17: ='CRON-07'!P17+'CRON-09'!P17+'CRON-11'!P17+'CRON-18'!P17+'CRON-21'!P17+'CRON-22'!P17+'CRON-23'!P17 -> 0 | Q17: ='CRON-07'!Q17+'CRON-09'!Q17+'CRON-11'!Q17+'CRON-18'!Q17+'CRON-21'!Q17+'CRON-22'!Q17+'CRON-23'!Q17 -> 0 | R17: =SUM(F17:Q17) -> 4987.59 | S17: =D16-R17 -> 0
S18: =D17-R18 -> 0
B19: ='PLANILHA ORÇAMENTO 29.05.25'!B71 -> 05 | C19: ='PLANILHA ORÇAMENTO 29.05.25'!E71 -> DRENAGEM (LANÇAMENTO) | D19: ='PLANILHA ORÇAMENTO 29.05.25'!X129 -> 2328681.4 | E19: =D19/D34 -> 0.18475767 | F19: 0.0223 | G19: 0.0557 | H19: 0.0781 | I19: 0.0297 | J19: 0.1021 | K19: 0.2082 | L19: 0.2055 | M19: 0.1357 | N19: 0.0451 | O19: 0.0631 | P19: 0.0416 | Q19: 0.0129 | R19: =SUM(F19:Q19) -> 1
F20: =$D$19*F19 -> 51929.594 | G20: =$D$19*G19 -> 129707.55 | H20: =$D$19*H19 -> 181870.01 | I20: =$D$19*I19 -> 69161.836 | J20: =$D$19*J19 -> 237758.37 | K20: =$D$19*K19 -> 484831.46 | L20: =$D$19*L19 -> 478544.02 | M20: =$D$19*M19 -> 316002.06 | ... Q20: =$D$19*Q19 -> 30039.99 | R20: =SUM(F20:Q20) -> 2328681.4 | S20: =D19-R20 -> 0
S21: =D20-R21 -> 0
B22: ='PLANILHA ORÇAMENTO 29.05.25'!B131 -> 06 | C22: ='PLANILHA ORÇAMENTO 29.05.25'!E131 -> URBANIZAÇAO E OBRAS COMPLEMENTARES | D22: ='PLANILHA ORÇAMENTO 29.05.25'!X152 -> 456563.31 | E22: =D22/D34 -> 0.036223751 | F22: 0.2034 | G22: 0.0694 | H22: 0.2082 | I22: 0.4164 | J22: 0 | K22: 0 | L22: 0 | M22: 0.0084 | N22: 0.076 | O22: 0 | P22: 0.0045 | Q22: 0.0137 | R22: =SUM(F22:Q22) -> 1
F23: =$D$22*F22 -> 92864.977 | G23: =$D$22*G22 -> 31685.494 | H23: =$D$22*H22 -> 95056.481 | I23: =$D$22*I22 -> 190112.96 | J23: 0 | K23: 0 | L23: 0 | M23: =$D$22*M22 -> 3835.1318 | N23: =$D$22*N22 -> 34698.812 | O23: 0 | P23: =$D$22*P22 -> 2054.5349 | Q23: =$D$22*Q22 -> 6254.9173 | R23: =SUM(F23:Q23) -> 456563.31 | S23: =D22-R23 -> 0
S24: =D23-R24 -> 0
B25: ='PLANILHA ORÇAMENTO 29.05.25'!B154 -> 07 | C25: ='PLANILHA ORÇAMENTO 29.05.25'!E154 -> REDE DE ESGOTO | D25: ='PLANILHA ORÇAMENTO 29.05.25'!X186 -> 547453.19 | E25: =D25/D34 -> 0.043434957 | F25: =F26/$D$25 -> 0 | G25: 0.198 | H25: 0.1584 | I25: 0.0396 | J25: 0.0058 | K25: 0.1381 | L25: 0.2904 | M25: 0.1697 | N25: =N26/$D$25 -> 0 | O25: =O26/$D$25 -> 0 | P25: =P26/$D$25 -> 0 | Q25: =Q26/$D$25 -> 0 | R25: =SUM(F25:Q25) -> 1
F26: ='CRON-07'!F26+'CRON-09'!F26+'CRON-11'!F26+'CRON-18'!F26+'CRON-21'!F26+'CRON-22'!F26+'CRON-23'!F26 -> 0 | G26: =$D$25*G25 -> 108395.73 | H26: =$D$25*H25 -> 86716.585 | I26: =$D$25*I25 -> 21679.146 | J26: =$D$25*J25 -> 3175.2285 | K26: =$D$25*K25 -> 75603.286 | L26: =$D$25*L25 -> 158980.41 | M26: =$D$25*M25 -> 92902.806 | N26: ='CRON-07'!N26+'CRON-09'!N26+'CRON-11'!N26+'CRON-18'!N26+'CRON-21'!N26+'CRON-22'!N26+'CRON-23'!N26 -> 0 | O26: ='CRON-07'!O26+'CRON-09'!O26+'CRON-11'!O26+'CRON-18'!O26+'CRON-21'!O26+'CRON-22'!O26+'CRON-23'!O26 -> 0 | P26: ='CRON-07'!P26+'CRON-09'!P26+'CRON-11'!P26+'CRON-18'!P26+'CRON-21'!P26+'CRON-22'!P26+'CRON-23'!P26 -> 0 | Q26: ='CRON-07'!Q26+'CRON-09'!Q26+'CRON-11'!Q26+'CRON-18'!Q26+'CRON-21'!Q26+'CRON-22'!Q26+'CRON-23'!Q26 -> 0 | R26: =SUM(F26:Q26) -> 547453.19 | S26: =D25-R26 -> 0
S27: =D26-R27 -> 0
B28: ='PLANILHA ORÇAMENTO 29.05.25'!B188 -> 08 | C28: ='PLANILHA ORÇAMENTO 29.05.25'!E188 -> OBRAS DE CONTEÇÃO - PROTECAO DE TALUDE / GABIAO | D28: ='PLANILHA ORÇAMENTO 29.05.25'!X209 -> 6721971.1 | E28: =D28/D34 -> 0.53332145 | F28: 0.0542 | G28: 0.1084 | H28: 0.1264 | I28: 0.0722 | J28: 0.0293 | K28: 0.0585 | L28: 0.0585 | M28: 0.0878 | N28: 0.0929 | O28: 0.138 | P28: 0.1044 | Q28: 0.0694 | R28: =SUM(F28:Q28) -> 1
F29: =$D$28*F28 -> 364330.84 | G29: =$D$28*G28 -> 728661.67 | H29: =$D$28*H28 -> 849657.15 | I29: =$D$28*I28 -> 485326.32 | J29: =$D$28*J28 -> 196953.75 | K29: =$D$28*K28 -> 393235.31 | L29: =$D$28*L28 -> 393235.31 | M29: =$D$28*M28 -> 590189.07 | ... Q29: =$D$28*Q28 -> 466504.8 | R29: =SUM(F29:Q29) -> 6721971.1 | S29: =D28-R29 -> 0
S30: =D29-R30 -> 0
B31: ='PLANILHA ORÇAMENTO 29.05.25'!B211 -> 09 | C31: ='PLANILHA ORÇAMENTO 29.05.25'!E211 -> CONTENCAO EM SOLO GRAMPEADO E ENTELAMENTO ROCHOSO | D31: ='PLANILHA ORÇAMENTO 29.05.25'!X221 -> 1121991.4 | E31: =D31/D34 -> 0.089018842 | F31: =F32/$D$31 -> 0 | G31: 0.0004 | H31: 0.0008 | I31: 0.003 | J31: 0.0996 | K31: 0.2987 | L31: 0.3983 | M31: 0.1992 | N31: =N32/$D$31 -> 0 | O31: =O32/$D$31 -> 0 | P31: =P32/$D$31 -> 0 | Q31: =Q32/$D$31 -> 0 | R31: =SUM(F31:Q31) -> 1
F32: ='CRON-07'!F32+'CRON-09'!F32+'CRON-11'!F32+'CRON-18'!F32+'CRON-21'!F32+'CRON-22'!F32+'CRON-23'!F32 -> 0 | G32: =$D$31*G31 -> 448.79657 | H32: =$D$31*H31 -> 897.59314 | I32: =$D$31*I31 -> 3365.9743 | J32: =$D$31*J31 -> 111750.35 | K32: =$D$31*K31 -> 335138.84 | L32: =$D$31*L31 -> 446889.18 | M32: =$D$31*M31 -> 223500.69 | N32: ='CRON-07'!N32+'CRON-09'!N32+'CRON-11'!N32+'CRON-18'!N32+'CRON-21'!N32+'CRON-22'!N32+'CRON-23'!N32 -> 0 | O32: ='CRON-07'!O32+'CRON-09'!O32+'CRON-11'!O32+'CRON-18'!O32+'CRON-21'!O32+'CRON-22'!O32+'CRON-23'!O32 -> 0 | P32: ='CRON-07'!P32+'CRON-09'!P32+'CRON-11'!P32+'CRON-18'!P32+'CRON-21'!P32+'CRON-22'!P32+'CRON-23'!P32 -> 0 | Q32: ='CRON-07'!Q32+'CRON-09'!Q32+'CRON-11'!Q32+'CRON-18'!Q32+'CRON-21'!Q32+'CRON-22'!Q32+'CRON-23'!Q32 -> 0 | R32: =SUM(F32:Q32) -> 1121991.4 | S32: =D31-R32 -> 0
C34: TOTAL GERAL DA OBRA | D34: =SUM(D6:D33) -> 12603977 | E34: =SUM(E6:E33) -> 1
C36: % TOTAL | F36: =F39/D34 -> 0.045173104 | G36: =G38/$D$34 -> 0.088446479 | H36: =H38/$D$34 -> 0.10229719 | I36: =I38/$D$34 -> 0.066148387 | J36: =J38/$D$34 -> 0.079126554 | K36: =K38/$D$34 -> 0.11847022 | L36: =L38/$D$34 -> 0.12467778 | M36: =M38/$D$34 -> 0.10383944 | N36: =N38/$D$34 -> 0.068015432 | ... Q36: =Q38/$D$34 -> 0.04321383 | R36: =SUM(F36:Q36) -> 1
C37: % TOTAL ACUMULADO | F37: =F38/D34 -> 0.045173104 | G37: =F37+G36 -> 0.13361958 | H37: =G37+H36 -> 0.23591678 | I37: =H37+I36 -> 0.30206516 | J37: =I37+J36 -> 0.38119172 | K37: =J37+K36 -> 0.49966194 | L37: =K37+L36 -> 0.62433972 | M37: =L37+M36 -> 0.72817916 | N37: =M37+N36 -> 0.7961946 | ... Q37: =P37+Q36 -> 1 | R37: -
C38: VALOR TOTAL | F38: =F8+F11+F14+F17+F20+F23+F26+F29+F32 -> 569360.75 | G38: =G8+G11+G14+G17+G20+G23+G26+G29+G32 -> 1114777.4 | H38: =H8+H11+H14+H17+H20+H23+H26+H29+H32 -> 1289351.5 | I38: =I8+I11+I14+I17+I20+I23+I26+I29+I32 -> 833732.73 | J38: =J8+J11+J14+J17+J20+J23+J26+J29+J32 -> 997309.24 | K38: =K8+K11+K14+K17+K20+K23+K26+K29+K32 -> 1493195.9 | L38: =L8+L11+L14+L17+L20+L23+L26+L29+L32 -> 1571435.9 | M38: =M8+M11+M14+M17+M20+M23+M26+M29+M32 -> 1308789.9 | ... Q38: =Q8+Q11+Q14+Q17+Q20+Q23+Q26+Q29+Q32 -> 544666.11 | R38: =SUM(F38:Q38) -> 12603977 | S38: =D34-R38 -> 0
C39: VALOR TOTAL ACUMULADO | F39: =F38 -> 569360.75 | G39: =F39+G38 -> 1684138.1 | H39: =G39+H38 -> 2973489.6 | I39: =H39+I38 -> 3807222.3 | J39: =I39+J38 -> 4804531.5 | K39: =J39+K38 -> 6297727.5 | L39: =K39+L38 -> 7869163.3 | M39: =L39+M38 -> 9177953.3 | N39: =M39+N38 -> 10035218 | ... Q39: =P39+Q38 -> 12603977 | R39: -
F43: DISTRIBUIÇÃO DE CRONOGRAMA PREVISTO PARA AS 07 ÁREAS - SENDO 02 EM CONCOMITÂNCIA CONFORME DISPONIBILIDADE
F44: MÊS 01 | G44: MÊS 02 | H44: MÊS 03 | I44: MÊS 04 | J44: MÊS 05 | K44: MÊS 06 | L44: MÊS 07 | M44: MÊS 08 | N44: MÊS 09 | O44: MÊS 10 | P44: MÊS 11 | Q44: MÊS 12
F46: ÁREA 23 | G46: ÁREA 09 | H46: ÁREA 09 | I46: ÁREA 09 | J46: ÁREA 18 | K46: ÁREA 18 | L46: ÁREA 18 | M46: ÁREA 18 | N46: ÁREA 18 | O46: ÁREA 11 | P46: ÁREA 11 | Q46: ÁREA 11
F47: ÁREA 07 | G47: ÁREA 07 | H47: ÁREA 07 | I47: ÁREA 07 | J47: ÁREA 22 | K47: ÁREA 22 | L47: ÁREA 22 | M47: ÁREA 22 | N47: ÁREA 21 | O47: ÁREA 21 | P47: ÁREA 21 | Q47: ÁREA 21

Sheet CRON-07
D2: CRONOGRAMA FÍSICO - FINANCEIRO - ÁREA 07
C3: CÓD. OBRA: 066 | D3: OBJETO: EXECUÇÃO DE REMANESCENTE DE OBRAS DE CONTENÇÃO DE ENCOSTAS EM 07 ÁREAS DE RISCO, NO MUNICÍPIO DE BETIM-MG. ÁREAS PREVISTAS NO TERMO DE COMPROMISSO N.º 0.398.478-71 .
B5: Item | C5: Descricao | D5: Pr. Total | E5: PART. % | F5: MÊS 01 | G5: MÊS 02 | H5: MÊS 03 | I5: MÊS 04 | J5: MÊS 05 | K5: MÊS 06 | L5: MÊS 07 | M5: MÊS 08 | N5: MÊS 09 | O5: MÊS 10 | P5: MÊS 11 | Q5: MÊS 12 | R5: % total
A7: ='PLANILHA ORÇAMENTO 29.05.25'!Q33 -> 134117.3 | B7: ='PLANILHA ORÇAMENTO 29.05.25'!B14 -> 01 | C7: ='PLANILHA ORÇAMENTO 29.05.25'!E14 -> INSTALAÇAO DA OBRA E ADMINISTRAÇÃO LOCAL | D7: ='PLANILHA ORÇAMENTO 29.05.25'!Q35 -> 173462.51 | E7: =D7/D34 -> 0.064513871 | F7: =F8/$D$7 -> 0.22923316 | G7: =G8/$D$7 -> 0.26233744 | H7: =H8/$D$7 -> 0.29279174 | I7: =I8/$D$7 -> 0.21563806 | R7: =SUM(F7:Q7) -> 1.0000004
A8: =D7-A7 -> 39345.21 | F8: =16762.5+F45 -> 39763.36 | G8: =5596.37+G45 -> 45505.71 | H8: =5596.37+H45 -> 50788.39 | I8: =11389.97+I45 -> 37405.12 | R8: =SUM(F8:Q8) -> 173462.58 | S8: =R8-D7 -> 0.07
A10: =(D34-A7) -> 2554645.7 | B10: ='PLANILHA ORÇAMENTO 29.05.25'!B37 -> 02 | C10: ='PLANILHA ORÇAMENTO 29.05.25'!E37 -> DEMOLIÇÕES | E10: =D10/D34 -> 0 | R10: =SUM(F10:Q10) -> 0
A11: =A7/A10 -> 0.052499374 | F11: =$D10*F10 -> 0 | G11: =$D10*G10 -> 0 | H11: =$D10*H10 -> 0 | I11: =$D10*I10 -> 0 | R11: =SUM(F11:Q11) -> 0
B13: ='PLANILHA ORÇAMENTO 29.05.25'!B49 -> 03 | C13: ='PLANILHA ORÇAMENTO 29.05.25'!E49 -> LIMPEZA DO TERRENO | D13: ='PLANILHA ORÇAMENTO 29.05.25'!Q61 -> 14942.08 | E13: =D13/D34 -> 0.005557232 | F13: 0.7 | G13: 0.3 | R13: =SUM(F13:Q13) -> 1
F14: =$D13*F13 -> 10459.456 | G14: =$D13*G13 -> 4482.624 | H14: =$D13*H13 -> 0 | I14: =$D13*I13 -> 0 | R14: =SUM(F14:Q14) -> 14942.08
B16: ='PLANILHA ORÇAMENTO 29.05.25'!B63 -> 04 | C16: ='PLANILHA ORÇAMENTO 29.05.25'!E63 -> VIABILIZAÇÃO DAS OBRAS | E16: =D16/D34 -> 0 | R16: =SUM(F16:Q16) -> 0
F17: =$D16*F16 -> 0 | G17: =$D16*G16 -> 0 | H17: =$D16*H16 -> 0 | I17: =$D16*I16 -> 0 | R17: =SUM(F17:Q17) -> 0
B19: ='PLANILHA ORÇAMENTO 29.05.25'!B71 -> 05 | C19: ='PLANILHA ORÇAMENTO 29.05.25'!E71 -> DRENAGEM (LANÇAMENTO) | D19: ='PLANILHA ORÇAMENTO 29.05.25'!Q129 -> 79646.62 | E19: =D19/D34 -> 0.02962203 | F19: 0.6 | G19: 0.3 | H19: 0.1 | R19: =SUM(F19:Q19) -> 1
F20: =$D19*F19 -> 47787.972 | G20: =$D19*G19 -> 23893.986 | H20: =$D19*H19 -> 7964.662 | I20: =$D19*I19 -> 0 | R20: =SUM(F20:Q20) -> 79646.62
B22: ='PLANILHA ORÇAMENTO 29.05.25'!B131 -> 06 | C22: ='PLANILHA ORÇAMENTO 29.05.25'!E131 -> URBANIZAÇAO E OBRAS COMPLEMENTARES | E22: =D22/D34 -> 0 | R22: =SUM(F22:Q22) -> 0
F23: =$D22*F22 -> 0 | G23: =$D22*G22 -> 0 | H23: =$D22*H22 -> 0 | I23: =$D22*I22 -> 0 | R23: =SUM(F23:Q23) -> 0
B25: ='PLANILHA ORÇAMENTO 29.05.25'!B154 -> 07 | C25: ='PLANILHA ORÇAMENTO 29.05.25'!E154 -> REDE DE ESGOTO | E25: =D25/D34 -> 0 | R25: =SUM(F25:Q25) -> 0
F26: =$D25*F25 -> 0 | G26: =$D25*G25 -> 0 | H26: =$D25*H25 -> 0 | I26: =$D25*I25 -> 0 | R26: =SUM(F26:Q26) -> 0
B28: ='PLANILHA ORÇAMENTO 29.05.25'!B188 -> 08 | C28: ='PLANILHA ORÇAMENTO 29.05.25'!E188 -> OBRAS DE CONTEÇÃO - PROTECAO DE TALUDE / GABIAO | D28: ='PLANILHA ORÇAMENTO 29.05.25'!Q209 -> 2420711.8 | E28: =D28/D34 -> 0.90030687 | F28: 0.15 | G28: 0.3 | H28: 0.35 | I28: 0.2 | R28: =SUM(F28:Q28) -> 1
F29: =$D28*F28 -> 363106.77 | G29: =$D28*G28 -> 726213.54 | H29: =$D28*H28 -> 847249.13 | I29: =$D28*I28 -> 484142.36 | R29: =SUM(F29:Q29) -> 2420711.8
B31: ='PLANILHA ORÇAMENTO 29.05.25'!B211 -> 09 | C31: ='PLANILHA ORÇAMENTO 29.05.25'!E211 -> CONTENCAO EM SOLO GRAMPEADO E ENTELAMENTO ROCHOSO | E31: =D31/D34 -> 0 | R31: =SUM(F31:Q31) -> 0
F32: =$D31*F31 -> 0 | G32: =$D31*G31 -> 0 | H32: =$D31*H31 -> 0 | I32: =$D31*I31 -> 0 | J32: =$D31*J31 -> 0 | K32: =$D31*K31 -> 0 | L32: =$D31*L31 -> 0 | M32: =$D31*M31 -> 0 | ... Q32: =$D31*Q31 -> 0 | R32: =SUM(F32:Q32) -> 0
C34: TOTAL GERAL DA OBRA | D34: =SUM(D6:D33) -> 2688763 | E34: =SUM(E6:E33) -> 1
C36: % TOTAL | F36: =F39/D34 -> 0.17149803 | G36: =G38/$D$34 -> 0.29757024 | H36: =H38/$D$34 -> 0.33695873 | I36: =I38/$D$34 -> 0.19397302 | J36: =J38/$D$34 -> 0 | K36: =K38/$D$34 -> 0 | L36: =L38/$D$34 -> 0 | M36: =M38/$D$34 -> 0 | N36: =N38/$D$34 -> 0 | ... Q36: =Q38/$D$34 -> 0 | R36: =SUM(F36:Q36) -> 1
C37: % TOTAL ACUMULADO | F37: =F38/D34 -> 0.17149803 | G37: =F37+G36 -> 0.46906827 | H37: =G37+H36 -> 0.80602701 | I37: =H37+I36 -> 1 | R37: -
C38: VALOR TOTAL | F38: =F8+F11+F14+F17+F20+F23+F26+F29+F32 -> 461117.56 | G38: =G8+G11+G14+G17+G20+G23+G26+G29+G32 -> 800095.86 | H38: =H8+H11+H14+H17+H20+H23+H26+H29+H32 -> 906002.19 | I38: =I8+I11+I14+I17+I20+I23+I26+I29+I32 -> 521547.48 | R38: =SUM(F38:Q38) -> 2688763.1 | S38: =D34-R38 -> -0.07
C39: VALOR TOTAL ACUMULADO | F39: =F38 -> 461117.56 | G39: =F39+G38 -> 1261213.4 | H39: =G39+H38 -> 2167215.6 | I39: =H39+I38 -> 2688763.1 | R39: -
F43: 438116.7 | G43: 760186.52 | H43: 860810.17 | I43: 495532.33
F44: 0.052499401 | G44: 0.052499401 | H44: 0.052499401 | I44: 0.052499401
F45: =ROUND(F43*F44,2) -> 23000.86 | G45: =ROUND(G43*G44,2) -> 39909.34 | H45: =ROUND(H43*H44,2) -> 45192.02 | I45: =ROUND(I43*I44,2) -> 26015.15

Sheet CRON-09
D2: CRONOGRAMA FÍSICO - FINANCEIRO - ÁREA 09
C3: CÓD. OBRA: 066 | D3: OBJETO: EXECUÇÃO DE REMANESCENTE DE OBRAS DE CONTENÇÃO DE ENCOSTAS EM 07 ÁREAS DE RISCO, NO MUNICÍPIO DE BETIM-MG. ÁREAS PREVISTAS NO TERMO DE COMPROMISSO N.º 0.398.478-71 .
B5: Item | C5: Descricao | D5: Pr. Total | E5: PART. % | F5: MÊS 01 | G5: MÊS 02 | H5: MÊS 03 | I5: MÊS 04 | J5: MÊS 05 | K5: MÊS 06 | L5: MÊS 07 | M5: MÊS 08 | N5: MÊS 09 | O5: MÊS 10 | P5: MÊS 11 | Q5: MÊS 12 | R5: % total
A7: ='PLANILHA ORÇAMENTO 29.05.25'!R33 -> 50353.88 | B7: ='PLANILHA ORÇAMENTO 29.05.25'!B14 -> 01 | C7: ='PLANILHA ORÇAMENTO 29.05.25'!E14 -> INSTALAÇAO DA OBRA E ADMINISTRAÇÃO LOCAL | D7: ='PLANILHA ORÇAMENTO 29.05.25'!R35 -> 87491.21 | E7: =D7/D34 -> 0.086669042 | G7: =G8/$D$7 -> 0.40852024 | H7: =H8/$D$7 -> 0.28304729 | I7: =I8/$D$7 -> 0.30843247 | R7: =SUM(F7:Q7) -> 1
A8: =D7-A7 -> 37137.33 | G8: =20150.99+G45 -> 35741.93 | H8: =5596.37+H45 -> 24764.15 | I8: =11389.97+I45+0.01 -> 26985.13 | R8: =SUM(F8:Q8) -> 87491.21
A10: =(D34-A7) -> 959132.41 | B10: ='PLANILHA ORÇAMENTO 29.05.25'!B37 -> 02 | C10: ='PLANILHA ORÇAMENTO 29.05.25'!E37 -> DEMOLIÇÕES | D10: ='PLANILHA ORÇAMENTO 29.05.25'!R47 -> 1334.41 | E10: =D10/D34 -> 0.0013218704 | G10: 1 | R10: =SUM(F10:Q10) -> 1
A11: =A7/A10 -> 0.052499404 | G11: =$D10*G10 -> 1334.41 | H11: =$D10*H10 -> 0 | I11: =$D10*I10 -> 0 | R11: =SUM(F11:Q11) -> 1334.41
B13: ='PLANILHA ORÇAMENTO 29.05.25'!B49 -> 03 | C13: ='PLANILHA ORÇAMENTO 29.05.25'!E49 -> LIMPEZA DO TERRENO | D13: ='PLANILHA ORÇAMENTO 29.05.25'!R61 -> 28838.69 | E13: =D13/D34 -> 0.028567689 | G13: 1 | R13: =SUM(F13:Q13) -> 1
G14: =$D13*G13 -> 28838.69 | H14: =$D13*H13 -> 0 | I14: =$D13*I13 -> 0 | R14: =SUM(F14:Q14) -> 28838.69
B16: ='PLANILHA ORÇAMENTO 29.05.25'!B63 -> 04 | C16: ='PLANILHA ORÇAMENTO 29.05.25'!E63 -> VIABILIZAÇÃO DAS OBRAS | E16: =D16/D34 -> 0 | R16: =SUM(F16:Q16) -> 0
G17: =$D16*G16 -> 0 | H17: =$D16*H16 -> 0 | I17: =$D16*I16 -> 0 | R17: =SUM(F17:Q17) -> 0
B19: ='PLANILHA ORÇAMENTO 29.05.25'!B71 -> 05 | C19: ='PLANILHA ORÇAMENTO 29.05.25'!E71 -> DRENAGEM (LANÇAMENTO) | D19: ='PLANILHA ORÇAMENTO 29.05.25'!R129 -> 353763.35 | E19: =D19/D34 -> 0.35043898 | G19: 0.3 | H19: 0.5 | I19: 0.2 | R19: =SUM(F19:Q19) -> 1
G20: =$D19*G19 -> 106129 | H20: =$D19*H19 -> 176881.67 | I20: =$D19*I19 -> 70752.67 | R20: =SUM(F20:Q20) -> 353763.35
B22: ='PLANILHA ORÇAMENTO 29.05.25'!B131 -> 06 | C22: ='PLANILHA ORÇAMENTO 29.05.25'!E131 -> URBANIZAÇAO E OBRAS COMPLEMENTARES | D22: ='PLANILHA ORÇAMENTO 29.05.25'!R152 -> 316576.51 | E22: =D22/D34 -> 0.31360159 | G22: 0.1 | H22: 0.3 | I22: 0.6 | R22: =SUM(F22:Q22) -> 1
G23: =$D22*G22 -> 31657.651 | H23: =$D22*H22 -> 94972.953 | I23: =$D22*I22 -> 189945.91 | R23: =SUM(F23:Q23) -> 316576.51
B25: ='PLANILHA ORÇAMENTO 29.05.25'!B154 -> 07 | C25: ='PLANILHA ORÇAMENTO 29.05.25'!E154 -> REDE DE ESGOTO | D25: ='PLANILHA ORÇAMENTO 29.05.25'!R186 -> 216786.82 | E25: =D25/D34 -> 0.21474964 | G25: 0.5 | H25: 0.4 | I25: 0.1 | R25: =SUM(F25:Q25) -> 1
G26: =$D25*G25 -> 108393.41 | H26: =$D25*H25 -> 86714.728 | I26: =$D25*I25 -> 21678.682 | R26: =SUM(F26:Q26) -> 216786.82
B28: ='PLANILHA ORÇAMENTO 29.05.25'!B188 -> 08 | C28: ='PLANILHA ORÇAMENTO 29.05.25'!E188 -> OBRAS DE CONTEÇÃO - PROTECAO DE TALUDE / GABIAO | E28: =D28/D34 -> 0 | R28: =SUM(F28:Q28) -> 0
F29: =$D28*F28 -> 0 | G29: =$D28*G28 -> 0 | H29: =$D28*H28 -> 0 | I29: =$D28*I28 -> 0 | R29: =SUM(F29:Q29) -> 0
B31: ='PLANILHA ORÇAMENTO 29.05.25'!B211 -> 09 | C31: ='PLANILHA ORÇAMENTO 29.05.25'!E211 -> CONTENCAO EM SOLO GRAMPEADO E ENTELAMENTO ROCHOSO | D31: ='PLANILHA ORÇAMENTO 29.05.25'!R221 -> 4695.3 | E31: =D31/D34 -> 0.0046511776 | G31: 0.1 | H31: 0.2 | I31: 0.7 | R31: =SUM(F31:Q31) -> 1
F32: =$D31*F31 -> 0 | G32: =$D31*G31 -> 469.53 | H32: =$D31*H31 -> 939.06 | I32: =$D31*I31 -> 3286.71 | R32: =SUM(F32:Q32) -> 4695.3
C34: TOTAL GERAL DA OBRA | D34: =SUM(D6:D33) -> 1009486.3 | E34: =SUM(E6:E33) -> 1
C36: % TOTAL | F36: =F39/D34 -> 0 | G36: =G38/$D$34 -> 0.30962741 | H36: =H38/$D$34 -> 0.3806615 | I36: =I38/$D$34 -> 0.30971109 | J36: =J38/$D$34 -> 0 | K36: =K38/$D$34 -> 0 | L36: =L38/$D$34 -> 0 | M36: =M38/$D$34 -> 0 | N36: =N38/$D$34 -> 0 | ... Q36: =Q38/$D$34 -> 0 | R36: =SUM(F36:Q36) -> 1
C37: % TOTAL ACUMULADO | F37: =F38/D34 -> 0 | G37: =F37+G36 -> 0.30962741 | H37: =G37+H36 -> 0.69028891 | I37: =H37+I36 -> 1 | R37: -
C38: VALOR TOTAL | F38: =F8+F11+F14+F17+F20+F23+F26+F29+F32 -> 0 | G38: =G8+G11+G14+G17+G20+G23+G26+G29+G32 -> 312564.63 | H38: =H8+H11+H14+H17+H20+H23+H26+H29+H32 -> 384272.57 | I38: =I8+I11+I14+I17+I20+I23+I26+I29+I32 -> 312649.1 | R38: =SUM(F38:Q38) -> 1009486.3 | S38: =D34-R38 -> 0
C39: VALOR TOTAL ACUMULADO | F39: =F38 -> 0 | G39: =F39+G38 -> 312564.63 | H39: =G39+H38 -> 696837.19 | I39: =H39+I38 -> 1009486.3 | R39: -
G43: 296973.69 | H43: 365104.79 | I43: 297053.94
G44: 0.052499404 | H44: 0.052499404 | I44: 0.052499404
G45: =ROUND(G43*G44,2) -> 15590.94 | H45: =ROUND(H43*H44,2) -> 19167.78 | I45: =ROUND(I43*I44,2) -> 15595.15

Sheet CRON-11
D2: CRONOGRAMA FÍSICO - FINANCEIRO - ÁREA 11
C3: CÓD. OBRA: 066 | D3: OBJETO: EXECUÇÃO DE REMANESCENTE DE OBRAS DE CONTENÇÃO DE ENCOSTAS EM 07 ÁREAS DE RISCO, NO MUNICÍPIO DE BETIM-MG. ÁREAS PREVISTAS NO TERMO DE COMPROMISSO N.º 0.398.478-71 .
B5: Item | C5: Descricao | D5: Pr. Total | E5: PART. % | F5: MÊS 01 | G5: MÊS 02 | H5: MÊS 03 | I5: MÊS 04 | J5: MÊS 05 | K5: MÊS 06 | L5: MÊS 07 | M5: MÊS 08 | N5: MÊS 09 | O5: MÊS 10 | P5: MÊS 11 | Q5: MÊS 12 | R5: % total
A7: ='PLANILHA ORÇAMENTO 29.05.25'!S33 -> 3671.61 | B7: ='PLANILHA ORÇAMENTO 29.05.25'!B14 -> 01 | C7: ='PLANILHA ORÇAMENTO 29.05.25'!E14 -> INSTALAÇAO DA OBRA E ADMINISTRAÇÃO LOCAL | D7: ='PLANILHA ORÇAMENTO 29.05.25'!S35 -> 16631.4 | E7: =D7/D34 -> 0.22594595 | O7: =O8/$D$7 -> 0.51976021 | P7: =P8/$D$7 -> 0.22195967 | Q7: =Q8/$D$7 -> 0.25828012 | R7: =SUM(F7:Q7) -> 1
A8: =D7-A7 -> 12959.79 | O8: ='PLANILHA ORÇAMENTO 29.05.25'!S16+'PLANILHA ORÇAMENTO 29.05.25'!S22+'PLANILHA ORÇAMENTO 29.05.25'!P27+'PLANILHA ORÇAMENTO 29.05.25'!P29+O45 -> 8644.34 | P8: ='PLANILHA ORÇAMENTO 29.05.25'!P27+'PLANILHA ORÇAMENTO 29.05.25'!P29+P45 -> 3691.5 | Q8: ='PLANILHA ORÇAMENTO 29.05.25'!S23+'PLANILHA ORÇAMENTO 29.05.25'!P27+'PLANILHA ORÇAMENTO 29.05.25'!P29+Q45 -> 4295.56 | R8: =SUM(F8:Q8) -> 16631.4
A10: =(D34-A7) -> 69936.26 | B10: ='PLANILHA ORÇAMENTO 29.05.25'!B37 -> 02 | C10: ='PLANILHA ORÇAMENTO 29.05.25'!E37 -> DEMOLIÇÕES | E10: =D10/D34 -> 0 | R10: =SUM(F10:Q10) -> 0
A11: =A7/A10 -> 0.052499376 | O11: =$D10*O10 -> 0 | P11: =$D10*P10 -> 0 | Q11: =$D10*Q10 -> 0 | R11: =SUM(F11:Q11) -> 0
B13: ='PLANILHA ORÇAMENTO 29.05.25'!B49 -> 03 | C13: ='PLANILHA ORÇAMENTO 29.05.25'!E49 -> LIMPEZA DO TERRENO | D13: ='PLANILHA ORÇAMENTO 29.05.25'!S61 -> 8949.17 | E13: =D13/D34 -> 0.12157898 | O13: 1 | R13: =SUM(F13:Q13) -> 1
O14: =$D13*O13 -> 8949.17 | P14: =$D13*P13 -> 0 | Q14: =$D13*Q13 -> 0 | R14: =SUM(F14:Q14) -> 8949.17
B16: ='PLANILHA ORÇAMENTO 29.05.25'!B63 -> 04 | C16: ='PLANILHA ORÇAMENTO 29.05.25'!E63 -> VIABILIZAÇÃO DAS OBRAS | D16: ='PLANILHA ORÇAMENTO 29.05.25'!S69 -> 4987.59 | E16: =D16/D34 -> 0.067758923 | O16: 1 | R16: =SUM(F16:Q16) -> 1
O17: =$D16*O16 -> 4987.59 | P17: =$D16*P16 -> 0 | Q17: =$D16*Q16 -> 0 | R17: =SUM(F17:Q17) -> 4987.59
B19: ='PLANILHA ORÇAMENTO 29.05.25'!B71 -> 05 | C19: ='PLANILHA ORÇAMENTO 29.05.25'!E71 -> DRENAGEM (LANÇAMENTO) | D19: ='PLANILHA ORÇAMENTO 29.05.25'!S129 -> 30795.66 | E19: =D19/D34 -> 0.41837456 | O19: 0.15 | P19: 0.65 | Q19: 0.2 | R19: =SUM(F19:Q19) -> 1
O20: =$D19*O19 -> 4619.349 | P20: =$D19*P19 -> 20017.179 | Q20: =$D19*Q19 -> 6159.132 | R20: =SUM(F20:Q20) -> 30795.66
B22: ='PLANILHA ORÇAMENTO 29.05.25'!B131 -> 06 | C22: ='PLANILHA ORÇAMENTO 29.05.25'!E131 -> URBANIZAÇAO E OBRAS COMPLEMENTARES | E22: =D22/D34 -> 0 | R22: =SUM(F22:Q22) -> 0
O23: =$D22*O22 -> 0 | P23: =$D22*P22 -> 0 | Q23: =$D22*Q22 -> 0 | R23: =SUM(F23:Q23) -> 0
B25: ='PLANILHA ORÇAMENTO 29.05.25'!B154 -> 07 | C25: ='PLANILHA ORÇAMENTO 29.05.25'!E154 -> REDE DE ESGOTO | E25: =D25/D34 -> 0 | R25: =SUM(F25:Q25) -> 0
O26: =$D25*O25 -> 0 | P26: =$D25*P25 -> 0 | Q26: =$D25*Q25 -> 0 | R26: =SUM(F26:Q26) -> 0
B28: ='PLANILHA ORÇAMENTO 29.05.25'!B188 -> 08 | C28: ='PLANILHA ORÇAMENTO 29.05.25'!E188 -> OBRAS DE CONTEÇÃO - PROTECAO DE TALUDE / GABIAO | D28: ='PLANILHA ORÇAMENTO 29.05.25'!S209 -> 12244.05 | E28: =D28/D34 -> 0.16634159 | O28: 0.1 | P28: 0.6 | Q28: 0.3 | R28: =SUM(F28:Q28) -> 1
O29: =$D28*O28 -> 1224.405 | P29: =$D28*P28 -> 7346.43 | Q29: =$D28*Q28 -> 3673.215 | R29: =SUM(F29:Q29) -> 12244.05
B31: ='PLANILHA ORÇAMENTO 29.05.25'!B211 -> 09 | C31: ='PLANILHA ORÇAMENTO 29.05.25'!E211 -> CONTENCAO EM SOLO GRAMPEADO E ENTELAMENTO ROCHOSO | E31: =D31/D34 -> 0 | R31: =SUM(F31:Q31) -> 0
F32: =$D31*F31 -> 0 | G32: =$D31*G31 -> 0 | H32: =$D31*H31 -> 0 | I32: =$D31*I31 -> 0 | J32: =$D31*J31 -> 0 | K32: =$D31*K31 -> 0 | L32: =$D31*L31 -> 0 | M32: =$D31*M31 -> 0 | ... Q32: =$D31*Q31 -> 0 | R32: =SUM(F32:Q32) -> 0
C34: TOTAL GERAL DA OBRA | D34: =SUM(D6:D33) -> 73607.87 | E34: =SUM(E6:E33) -> 1
C36: % TOTAL | F36: =F39/D34 -> 0 | G36: =G38/$D$34 -> 0 | H36: =H38/$D$34 -> 0 | I36: =I38/$D$34 -> 0 | J36: =J38/$D$34 -> 0 | K36: =K38/$D$34 -> 0 | L36: =L38/$D$34 -> 0 | M36: =M38/$D$34 -> 0 | N36: =N38/$D$34 -> 0 | ... Q36: =Q38/$D$34 -> 0.19193473 | R36: =SUM(F36:Q36) -> 1
C37: % TOTAL ACUMULADO | F37: =F38/D34 -> 0 | G37: =F37+G36 -> 0 | H37: =G37+H36 -> 0 | I37: =H37+I36 -> 0 | J37: =I37+J36 -> 0 | K37: =J37+K36 -> 0 | L37: =K37+L36 -> 0 | M37: =L37+M36 -> 0 | N37: =M37+N36 -> 0 | ... Q37: =P37+Q36 -> 1 | R37: -
C38: VALOR TOTAL | F38: =F8+F11+F14+F17+F20+F23+F26+F29+F32 -> 0 | G38: =G8+G11+G14+G17+G20+G23+G26+G29+G32 -> 0 | H38: =H8+H11+H14+H17+H20+H23+H26+H29+H32 -> 0 | I38: =I8+I11+I14+I17+I20+I23+I26+I29+I32 -> 0 | J38: =J8+J11+J14+J17+J20+J23+J26+J29+J32 -> 0 | K38: =K8+K11+K14+K17+K20+K23+K26+K29+K32 -> 0 | L38: =L8+L11+L14+L17+L20+L23+L26+L29+L32 -> 0 | M38: =M8+M11+M14+M17+M20+M23+M26+M29+M32 -> 0 | ... Q38: =Q8+Q11+Q14+Q17+Q20+Q23+Q26+Q29+Q32 -> 14127.907 | R38: =SUM(F38:Q38) -> 73607.87 | S38: =D34-R38 -> 0
C39: VALOR TOTAL ACUMULADO | F39: =F38 -> 0 | G39: =F39+G38 -> 0 | H39: =G39+H38 -> 0 | I39: =H39+I38 -> 0 | J39: =I39+J38 -> 0 | K39: =J39+K38 -> 0 | L39: =K39+L38 -> 0 | M39: =L39+M38 -> 0 | N39: =M39+N38 -> 0 | ... Q39: =P39+Q38 -> 73607.87 | R39: -
O43: 27007.004 | P43: 29506.059 | Q43: 13423.197
O44: 0.052499376 | P44: 0.052499376 | Q44: 0.052499376
O45: =ROUND(O43*O44,2) -> 1417.85 | P45: =ROUND(P43*P44,2) -> 1549.05 | Q45: =ROUND(Q43*Q44,2) -> 704.71

Sheet CRON-18
D2: CRONOGRAMA FÍSICO - FINANCEIRO - ÁREA 18
C3: CÓD. OBRA: 066 | D3: OBJETO: EXECUÇÃO DE REMANESCENTE DE OBRAS DE CONTENÇÃO DE ENCOSTAS EM 07 ÁREAS DE RISCO, NO MUNICÍPIO DE BETIM-MG. ÁREAS PREVISTAS NO TERMO DE COMPROMISSO N.º 0.398.478-71 .
B5: Item | C5: Descricao | D5: Pr. Total | E5: PART. % | F5: MÊS 01 | G5: MÊS 02 | H5: MÊS 03 | I5: MÊS 04 | J5: MÊS 05 | K5: MÊS 06 | L5: MÊS 07 | M5: MÊS 08 | N5: MÊS 09 | O5: MÊS 10 | P5: MÊS 11 | Q5: MÊS 12 | R5: % total
A7: ='PLANILHA ORÇAMENTO 29.05.25'!T33 -> 231209.05 | B7: ='PLANILHA ORÇAMENTO 29.05.25'!B14 -> 01 | C7: ='PLANILHA ORÇAMENTO 29.05.25'!E14 -> INSTALAÇAO DA OBRA E ADMINISTRAÇÃO LOCAL | D7: ='PLANILHA ORÇAMENTO 29.05.25'!T35 -> 279539.12 | E7: =D7/D34 -> 0.06030735 | J7: =J8/$D$7 -> 0.22079926 | K7: =K8/$D$7 -> 0.21724759 | L7: =L8/$D$7 -> 0.21334545 | M7: =M8/$D$7 -> 0.20989881 | N7: =N8/$D$7 -> 0.13870889 | R7: =SUM(F7:Q7) -> 1
A8: =D7-A7 -> 48330.07 | J8: ='PLANILHA ORÇAMENTO 29.05.25'!T16+'PLANILHA ORÇAMENTO 29.05.25'!T18+'PLANILHA ORÇAMENTO 29.05.25'!T19+'PLANILHA ORÇAMENTO 29.05.25'!T20+'PLANILHA ORÇAMENTO 29.05.25'!T22+'PLANILHA ORÇAMENTO 29.05.25'!P24+'PLANILHA ORÇAMENTO 29.05.25'!P25+'PLANILHA ORÇAMENTO 29.05.25'!P26+'PLANILHA ORÇAMENTO 29.05.25'!P27+'PLANILHA ORÇAMENTO 29.05.25'!P29+'PLANILHA ORÇAMENTO 29.05.25'!T31+J45 -> 61722.03 | K8: ='PLANILHA ORÇAMENTO 29.05.25'!P24+'PLANILHA ORÇAMENTO 29.05.25'!P25+'PLANILHA ORÇAMENTO 29.05.25'!P26+'PLANILHA ORÇAMENTO 29.05.25'!P27+'PLANILHA ORÇAMENTO 29.05.25'!P29+K45 -> 60729.2 | L8: ='PLANILHA ORÇAMENTO 29.05.25'!P24+'PLANILHA ORÇAMENTO 29.05.25'!P25+'PLANILHA ORÇAMENTO 29.05.25'!P26+'PLANILHA ORÇAMENTO 29.05.25'!P27+'PLANILHA ORÇAMENTO 29.05.25'!P29+L45 -> 59638.4 | M8: ='PLANILHA ORÇAMENTO 29.05.25'!P24+'PLANILHA ORÇAMENTO 29.05.25'!P25+'PLANILHA ORÇAMENTO 29.05.25'!P26+'PLANILHA ORÇAMENTO 29.05.25'!P27+'PLANILHA ORÇAMENTO 29.05.25'!P29+M45 -> 58674.93 | N8: ='PLANILHA ORÇAMENTO 29.05.25'!T23+'PLANILHA ORÇAMENTO 29.05.25'!P24+'PLANILHA ORÇAMENTO 29.05.25'!P25+'PLANILHA ORÇAMENTO 29.05.25'!P26+'PLANILHA ORÇAMENTO 29.05.25'!P27+'PLANILHA ORÇAMENTO 29.05.25'!P29+N45 -> 38774.56 | R8: =SUM(F8:Q8) -> 279539.12 | S8: =R8-D7 -> 0
A10: =(D34-A7) -> 4404032.2 | B10: ='PLANILHA ORÇAMENTO 29.05.25'!B37 -> 02 | C10: ='PLANILHA ORÇAMENTO 29.05.25'!E37 -> DEMOLIÇÕES | D10: ='PLANILHA ORÇAMENTO 29.05.25'!T47 -> 12843.82 | E10: =D10/D34 -> 0.0027709064 | J10: 0.4 | K10: 0.3 | L10: 0.3 | R10: =SUM(F10:Q10) -> 1
A11: =A7/A10 -> 0.0524994 | J11: =$D10*J10 -> 5137.528 | K11: =$D10*K10 -> 3853.146 | L11: =$D10*L10 -> 3853.146 | M11: =$D10*M10 -> 0 | N11: =$D10*N10 -> 0 | R11: =SUM(F11:Q11) -> 12843.82
B13: ='PLANILHA ORÇAMENTO 29.05.25'!B49 -> 03 | C13: ='PLANILHA ORÇAMENTO 29.05.25'!E49 -> LIMPEZA DO TERRENO | D13: ='PLANILHA ORÇAMENTO 29.05.25'!T61 -> 441726.03 | E13: =D13/D34 -> 0.095297311 | J13: 0.75 | K13: 0.25 | R13: =SUM(F13:Q13) -> 1
J14: =$D13*J13 -> 331294.52 | K14: =$D13*K13 -> 110431.51 | L14: =$D13*L13 -> 0 | M14: =$D13*M13 -> 0 | N14: =$D13*N13 -> 0 | R14: =SUM(F14:Q14) -> 441726.03
B16: ='PLANILHA ORÇAMENTO 29.05.25'!B63 -> 04 | C16: ='PLANILHA ORÇAMENTO 29.05.25'!E63 -> VIABILIZAÇÃO DAS OBRAS | E16: =D16/D34 -> 0 | R16: =SUM(F16:Q16) -> 0
J17: =$D16*J16 -> 0 | K17: =$D16*K16 -> 0 | L17: =$D16*L16 -> 0 | M17: =$D16*M16 -> 0 | N17: =$D16*N16 -> 0 | R17: =SUM(F17:Q17) -> 0
B19: ='PLANILHA ORÇAMENTO 29.05.25'!B71 -> 05 | C19: ='PLANILHA ORÇAMENTO 29.05.25'!E71 -> DRENAGEM (LANÇAMENTO) | D19: ='PLANILHA ORÇAMENTO 29.05.25'!T129 -> 1574790 | E19: =D19/D34 -> 0.33974284 | J19: 0.15 | K19: 0.3 | L19: 0.3 | M19: 0.2 | N19: 0.05 | R19: =SUM(F19:Q19) -> 1
J20: =$D19*J19 -> 236218.5 | K20: =$D19*K19 -> 472437.01 | L20: =$D19*L19 -> 472437.01 | M20: =$D19*M19 -> 314958.01 | N20: =$D19*N19 -> 78739.502 | R20: =SUM(F20:Q20) -> 1574790
B22: ='PLANILHA ORÇAMENTO 29.05.25'!B131 -> 06 | C22: ='PLANILHA ORÇAMENTO 29.05.25'!E131 -> URBANIZAÇAO E OBRAS COMPLEMENTARES | D22: ='PLANILHA ORÇAMENTO 29.05.25'!T152 -> 37126.54 | E22: =D22/D34 -> 0.008009624 | M22: 0.1 | N22: 0.9 | R22: =SUM(F22:Q22) -> 1
J23: =$D22*J22 -> 0 | K23: =$D22*K22 -> 0 | L23: =$D22*L22 -> 0 | M23: =$D22*M22 -> 3712.654 | N23: =$D22*N22 -> 33413.886 | R23: =SUM(F23:Q23) -> 37126.54
B25: ='PLANILHA ORÇAMENTO 29.05.25'!B154 -> 07 | C25: ='PLANILHA ORÇAMENTO 29.05.25'!E154 -> REDE DE ESGOTO | D25: ='PLANILHA ORÇAMENTO 29.05.25'!T186 -> 298846.75 | E25: =D25/D34 -> 0.064472749 | K25: 0.2 | L25: 0.5 | M25: 0.3 | R25: =SUM(F25:Q25) -> 1
J26: =$D25*J25 -> 0 | K26: =$D25*K25 -> 59769.35 | L26: =$D25*L25 -> 149423.38 | M26: =$D25*M25 -> 89654.025 | N26: =$D25*N25 -> 0 | R26: =SUM(F26:Q26) -> 298846.75
B28: ='PLANILHA ORÇAMENTO 29.05.25'!B188 -> 08 | C28: ='PLANILHA ORÇAMENTO 29.05.25'!E188 -> OBRAS DE CONTEÇÃO - PROTECAO DE TALUDE / GABIAO | D28: ='PLANILHA ORÇAMENTO 29.05.25'!T209 -> 1990369 | E28: =D28/D34 -> 0.42939922 | J28: 0.1 | K28: 0.2 | L28: 0.2 | M28: 0.3 | N28: 0.2 | R28: =SUM(F28:Q28) -> 1
J29: =$D28*J28 -> 199036.9 | K29: =$D28*K28 -> 398073.8 | L29: =$D28*L28 -> 398073.8 | M29: =$D28*M28 -> 597110.7 | N29: =$D28*N28 -> 398073.8 | R29: =SUM(F29:Q29) -> 1990369
B31: ='PLANILHA ORÇAMENTO 29.05.25'!B211 -> 09 | C31: ='PLANILHA ORÇAMENTO 29.05.25'!E211 -> CONTENCAO EM SOLO GRAMPEADO E ENTELAMENTO ROCHOSO | E31: =D31/D34 -> 0 | R31: =SUM(F31:Q31) -> 0
J32: =$D31*J31 -> 0 | K32: =$D31*K31 -> 0 | L32: =$D31*L31 -> 0 | M32: =$D31*M31 -> 0 | N32: =$D31*N31 -> 0 | O32: =$D31*O31 -> 0 | P32: =$D31*P31 -> 0 | Q32: =$D31*Q31 -> 0 | R32: =SUM(F32:Q32) -> 0
C34: TOTAL GERAL DA OBRA | D34: =SUM(D6:D33) -> 4635241.3 | E34: =SUM(E6:E33) -> 1
C36: % TOTAL | F36: =F39/D34 -> 0 | G36: =G38/$D$34 -> 0 | H36: =H38/$D$34 -> 0 | I36: =I38/$D$34 -> 0 | J36: =J38/$D$34 -> 0.17979851 | K36: =K38/$D$34 -> 0.23845447 | L36: =L38/$D$34 -> 0.23373664 | M36: =M38/$D$34 -> 0.22956956 | N36: =N38/$D$34 -> 0.11844081 | ... Q36: =Q38/$D$34 -> 0 | R36: =SUM(F36:Q36) -> 1
C37: % TOTAL ACUMULADO | F37: =F38/D34 -> 0 | G37: =F37+G36 -> 0 | H37: =G37+H36 -> 0 | I37: =H37+I36 -> 0 | J37: =I37+J36 -> 0.17979851 | K37: =J37+K36 -> 0.41825298 | L37: =K37+L36 -> 0.65198962 | M37: =L37+M36 -> 0.88155919 | N37: =M37+N36 -> 1 | R37: -
C38: VALOR TOTAL | F38: =F8+F11+F14+F17+F20+F23+F26+F29+F32 -> 0 | G38: =G8+G11+G14+G17+G20+G23+G26+G29+G32 -> 0 | H38: =H8+H11+H14+H17+H20+H23+H26+H29+H32 -> 0 | I38: =I8+I11+I14+I17+I20+I23+I26+I29+I32 -> 0 | J38: =J8+J11+J14+J17+J20+J23+J26+J29+J32 -> 833409.49 | K38: =K8+K11+K14+K17+K20+K23+K26+K29+K32 -> 1105294 | L38: =L8+L11+L14+L17+L20+L23+L26+L29+L32 -> 1083425.7 | M38: =M8+M11+M14+M17+M20+M23+M26+M29+M32 -> 1064110.3 | N38: =N8+N11+N14+N17+N20+N23+N26+N29+N32 -> 549001.75 | R38: =SUM(F38:Q38) -> 4635241.3 | S38: =D34-R38 -> 0
C39: VALOR TOTAL ACUMULADO | F39: =F38 -> 0 | G39: =F39+G38 -> 0 | H39: =G39+H38 -> 0 | I39: =H39+I38 -> 0 | J39: =I39+J38 -> 833409.49 | K39: =J39+K38 -> 1938703.5 | L39: =K39+L38 -> 3022129.2 | M39: =L39+M38 -> 4086239.6 | N39: =M39+N38 -> 4635241.3 | R39: -
J43: 791838.45 | K43: 1050161.2 | L43: 1029383.7 | M43: 1011031.8 | N43: 521617.16
J44: 0.0524994 | K44: 0.0524994 | L44: 0.0524994 | M44: 0.0524994 | N44: 0.0524994
J45: =ROUND(J43*J44,2) -> 41571.04 | K45: =ROUND(K43*K44,2) -> 55132.83 | L45: =ROUND(L43*L44,2) -> 54042.03 | M45: =ROUND(M43*M44,2) -> 53078.56 | N45: =ROUND(N43*N44,2) -> 27384.59
J47: 0.22 | K47: 0.2 | L47: 0.2 | M47: 0.2 | N47: 0.18
J48: 61130.909 | K48: 55573.554 | L48: 55573.554 | M48: 55573.554 | N48: 50016.199

Sheet CRON-21
D2: CRONOGRAMA FÍSICO - FINANCEIRO - ÁREA 21
C3: CÓD. OBRA: 066 | D3: OBJETO: EXECUÇÃO DE REMANESCENTE DE OBRAS DE CONTENÇÃO DE ENCOSTAS EM 07 ÁREAS DE RISCO, NO MUNICÍPIO DE BETIM-MG. ÁREAS PREVISTAS NO TERMO DE COMPROMISSO N.º 0.398.478-71 .
B5: Item | C5: Descricao | D5: Pr. Total | E5: PART. % | F5: MÊS 01 | G5: MÊS 02 | H5: MÊS 03 | I5: MÊS 04 | J5: MÊS 05 | K5: MÊS 06 | L5: MÊS 07 | M5: MÊS 08 | N5: MÊS 09 | O5: MÊS 10 | P5: MÊS 11 | Q5: MÊS 12 | R5: % total
A7: ='PLANILHA ORÇAMENTO 29.05.25'!U33 -> 138609.88 | B7: ='PLANILHA ORÇAMENTO 29.05.25'!B14 -> 01 | C7: ='PLANILHA ORÇAMENTO 29.05.25'!E14 -> INSTALAÇAO DA OBRA E ADMINISTRAÇÃO LOCAL | D7: ='PLANILHA ORÇAMENTO 29.05.25'!U35 -> 185896.87 | E7: =D7/D34 -> 0.066897575 | N7: =N8/$D$7 -> 0.31342588 | O7: =O8/$D$7 -> 0.26694032 | P7: =P8/$D$7 -> 0.24888891 | Q7: =Q8/$D$7 -> 0.17074489 | R7: =SUM(F7:Q7) -> 1
A8: =D7-A7 -> 47286.99 | N8: ='PLANILHA ORÇAMENTO 29.05.25'!U16+'PLANILHA ORÇAMENTO 29.05.25'!U18+'PLANILHA ORÇAMENTO 29.05.25'!U19+'PLANILHA ORÇAMENTO 29.05.25'!U20+'PLANILHA ORÇAMENTO 29.05.25'!U22+'PLANILHA ORÇAMENTO 29.05.25'!P24+'PLANILHA ORÇAMENTO 29.05.25'!P25+'PLANILHA ORÇAMENTO 29.05.25'!P26+'PLANILHA ORÇAMENTO 29.05.25'!P27+'PLANILHA ORÇAMENTO 29.05.25'!P29+'PLANILHA ORÇAMENTO 29.05.25'!U31+N45 -> 58264.89 | O8: ='PLANILHA ORÇAMENTO 29.05.25'!P24+'PLANILHA ORÇAMENTO 29.05.25'!P25+'PLANILHA ORÇAMENTO 29.05.25'!P26+'PLANILHA ORÇAMENTO 29.05.25'!P27+'PLANILHA ORÇAMENTO 29.05.25'!P29+O45 -> 49623.37 | P8: ='PLANILHA ORÇAMENTO 29.05.25'!P24+'PLANILHA ORÇAMENTO 29.05.25'!P25+'PLANILHA ORÇAMENTO 29.05.25'!P26+'PLANILHA ORÇAMENTO 29.05.25'!P27+'PLANILHA ORÇAMENTO 29.05.25'!P29+P45 -> 46267.67 | Q8: ='PLANILHA ORÇAMENTO 29.05.25'!U23+'PLANILHA ORÇAMENTO 29.05.25'!P24+'PLANILHA ORÇAMENTO 29.05.25'!P25+'PLANILHA ORÇAMENTO 29.05.25'!P26+'PLANILHA ORÇAMENTO 29.05.25'!P27+'PLANILHA ORÇAMENTO 29.05.25'!P29+Q45+0.01 -> 31740.94 | R8: =SUM(F8:Q8) -> 185896.87
A10: =(D34-A7) -> 2640218.3 | B10: ='PLANILHA ORÇAMENTO 29.05.25'!B37 -> 02 | C10: ='PLANILHA ORÇAMENTO 29.05.25'!E37 -> DEMOLIÇÕES | E10: =D10/D34 -> 0 | R10: =SUM(F10:Q10) -> 0
A11: =A7/A10 -> 0.0524994 | N11: =$D10*N10 -> 0 | O11: =$D10*O10 -> 0 | P11: =$D10*P10 -> 0 | Q11: =$D10*Q10 -> 0 | R11: =SUM(F11:Q11) -> 0
B13: ='PLANILHA ORÇAMENTO 29.05.25'!B49 -> 03 | C13: ='PLANILHA ORÇAMENTO 29.05.25'!E49 -> LIMPEZA DO TERRENO | D13: ='PLANILHA ORÇAMENTO 29.05.25'!U61 -> 28013.57 | E13: =D13/D34 -> 0.010081073 | N13: 0.5 | O13: 0.5 | R13: =SUM(F13:Q13) -> 1
N14: =$D13*N13 -> 14006.785 | O14: =$D13*O13 -> 14006.785 | P14: =$D13*P13 -> 0 | Q14: =$D13*Q13 -> 0 | R14: =SUM(F14:Q14) -> 28013.57
B16: ='PLANILHA ORÇAMENTO 29.05.25'!B63 -> 04 | C16: ='PLANILHA ORÇAMENTO 29.05.25'!E63 -> VIABILIZAÇÃO DAS OBRAS | E16: =D16/D34 -> 0 | R16: =SUM(F16:Q16) -> 0
N17: =$D16*N16 -> 0 | O17: =$D16*O16 -> 0 | P17: =$D16*P16 -> 0 | Q17: =$D16*Q16 -> 0 | R17: =SUM(F17:Q17) -> 0
B19: ='PLANILHA ORÇAMENTO 29.05.25'!B71 -> 05 | C19: ='PLANILHA ORÇAMENTO 29.05.25'!E71 -> DRENAGEM (LANÇAMENTO) | D19: ='PLANILHA ORÇAMENTO 29.05.25'!U129 -> 258844.18 | E19: =D19/D34 -> 0.09314868 | N19: 0.1 | O19: 0.5 | P19: 0.3 | Q19: 0.1 | R19: =SUM(F19:Q19) -> 1
N20: =$D19*N19 -> 25884.418 | O20: =$D19*O19 -> 129422.09 | P20: =$D19*P19 -> 77653.254 | Q20: =$D19*Q19 -> 25884.418 | R20: =SUM(F20:Q20) -> 258844.18
B22: ='PLANILHA ORÇAMENTO 29.05.25'!B131 -> 06 | C22: ='PLANILHA ORÇAMENTO 29.05.25'!E131 -> URBANIZAÇAO E OBRAS COMPLEMENTARES | D22: ='PLANILHA ORÇAMENTO 29.05.25'!U152 -> 7427.31 | E22: =D22/D34 -> 0.0026728208 | P22: 0.25 | Q22: 0.75 | R22: =SUM(F22:Q22) -> 1
N23: =$D22*N22 -> 0 | O23: =$D22*O22 -> 0 | P23: =$D22*P22 -> 1856.8275 | Q23: =$D22*Q22 -> 5570.4825 | R23: =SUM(F23:Q23) -> 7427.31
B25: ='PLANILHA ORÇAMENTO 29.05.25'!B154 -> 07 | C25: ='PLANILHA ORÇAMENTO 29.05.25'!E154 -> REDE DE ESGOTO | E25: =D25/D34 -> 0 | R25: =SUM(F25:Q25) -> 0
N26: =$D25*N25 -> 0 | O26: =$D25*O25 -> 0 | P26: =$D25*P25 -> 0 | Q26: =$D25*Q25 -> 0 | R26: =SUM(F26:Q26) -> 0
B28: ='PLANILHA ORÇAMENTO 29.05.25'!B188 -> 08 | C28: ='PLANILHA ORÇAMENTO 29.05.25'!E188 -> OBRAS DE CONTEÇÃO - PROTECAO DE TALUDE / GABIAO | D28: ='PLANILHA ORÇAMENTO 29.05.25'!U209 -> 2298646.3 | E28: =D28/D34 -> 0.82719985 | N28: 0.25 | O28: 0.3 | P28: 0.3 | Q28: 0.15 | R28: =SUM(F28:Q28) -> 1
N29: =$D28*N28 -> 574661.57 | O29: =$D28*O28 -> 689593.89 | P29: =$D28*P28 -> 689593.89 | Q29: =$D28*Q28 -> 344796.94 | R29: =SUM(F29:Q29) -> 2298646.3
B31: ='PLANILHA ORÇAMENTO 29.05.25'!B211 -> 09 | C31: ='PLANILHA ORÇAMENTO 29.05.25'!E211 -> CONTENCAO EM SOLO GRAMPEADO E ENTELAMENTO ROCHOSO | E31: =D31/D34 -> 0 | R31: =SUM(F31:Q31) -> 0
F32: =$D31*F31 -> 0 | G32: =$D31*G31 -> 0 | H32: =$D31*H31 -> 0 | I32: =$D31*I31 -> 0 | J32: =$D31*J31 -> 0 | K32: =$D31*K31 -> 0 | L32: =$D31*L31 -> 0 | M32: =$D31*M31 -> 0 | ... Q32: =$D31*Q31 -> 0 | R32: =SUM(F32:Q32) -> 0
C34: TOTAL GERAL DA OBRA | D34: =SUM(D6:D33) -> 2778828.2 | E34: =SUM(E6:E33) -> 1
C36: % TOTAL | F36: =F39/D34 -> 0 | G36: =G38/$D$34 -> 0 | H36: =H38/$D$34 -> 0 | I36: =I38/$D$34 -> 0 | J36: =J38/$D$34 -> 0 | K36: =K38/$D$34 -> 0 | L36: =L38/$D$34 -> 0 | M36: =M38/$D$34 -> 0 | N36: =N38/$D$34 -> 0.2421228 | ... Q36: =Q38/$D$34 -> 0.14682188 | R36: =SUM(F36:Q36) -> 1
C37: % TOTAL ACUMULADO | F37: =F38/D34 -> 0 | G37: =F37+G36 -> 0 | H37: =G37+H36 -> 0 | I37: =H37+I36 -> 0 | J37: =I37+J36 -> 0 | K37: =J37+K36 -> 0 | L37: =K37+L36 -> 0 | M37: =L37+M36 -> 0 | N37: =M37+N36 -> 0.2421228 | ... Q37: =P37+Q36 -> 1 | R37: -
C38: VALOR TOTAL | F38: =F8+F11+F14+F17+F20+F23+F26+F29+F32 -> 0 | G38: =G8+G11+G14+G17+G20+G23+G26+G29+G32 -> 0 | H38: =H8+H11+H14+H17+H20+H23+H26+H29+H32 -> 0 | I38: =I8+I11+I14+I17+I20+I23+I26+I29+I32 -> 0 | J38: =J8+J11+J14+J17+J20+J23+J26+J29+J32 -> 0 | K38: =K8+K11+K14+K17+K20+K23+K26+K29+K32 -> 0 | L38: =L8+L11+L14+L17+L20+L23+L26+L29+L32 -> 0 | M38: =M8+M11+M14+M17+M20+M23+M26+M29+M32 -> 0 | ... Q38: =Q8+Q11+Q14+Q17+Q20+Q23+Q26+Q29+Q32 -> 407992.78 | R38: =SUM(F38:Q38) -> 2778828.2 | S38: =R38-D34 -> 0
C39: VALOR TOTAL ACUMULADO | F39: =F38 -> 0 | G39: =F39+G38 -> 0 | H39: =G39+H38 -> 0 | I39: =H39+I38 -> 0 | J39: =I39+J38 -> 0 | K39: =J39+K38 -> 0 | L39: =K39+L38 -> 0 | M39: =L39+M38 -> 0 | N39: =M39+N38 -> 672817.67 | ... Q39: =P39+Q38 -> 2778828.2 | R39: -
N43: 639257.06 | O43: 838619.13 | P43: 774700.34 | Q43: 387641.81
N44: 0.0524994 | O44: 0.0524994 | P44: 0.0524994 | Q44: 0.0524994
N45: =ROUND(N43*N44,2) -> 33560.61 | O45: =ROUND(O43*O44,2) -> 44027 | P45: =ROUND(P43*P44,2) -> 40671.3 | Q45: =ROUND(Q43*Q44,2) -> 20350.96

Sheet CRON-22
D2: CRONOGRAMA FÍSICO - FINANCEIRO - ÁREA 22
C3: CÓD. OBRA: 066 | D3: OBJETO: EXECUÇÃO DE REMANESCENTE DE OBRAS DE CONTENÇÃO DE ENCOSTAS EM 07 ÁREAS DE RISCO, NO MUNICÍPIO DE BETIM-MG. ÁREAS PREVISTAS NO TERMO DE COMPROMISSO N.º 0.398.478-71 .
B5: Item | C5: Descricao | D5: Pr. Total | E5: PART. % | F5: MÊS 01 | G5: MÊS 02 | H5: MÊS 03 | I5: MÊS 04 | J5: MÊS 05 | K5: MÊS 06 | L5: MÊS 07 | M5: MÊS 08 | N5: MÊS 09 | O5: MÊS 10 | P5: MÊS 11 | Q5: MÊS 12 | R5: % total
A7: ='PLANILHA ORÇAMENTO 29.05.25'!V33 -> 65470.18 | B7: ='PLANILHA ORÇAMENTO 29.05.25'!B14 -> 01 | C7: ='PLANILHA ORÇAMENTO 29.05.25'!E14 -> INSTALAÇAO DA OBRA E ADMINISTRAÇÃO LOCAL | D7: ='PLANILHA ORÇAMENTO 29.05.25'!V35 -> 104815.39 | E7: =D7/D34 -> 0.079857187 | J7: =J8/$D$7 -> 0.26733736 | K7: =K8/$D$7 -> 0.26972804 | L7: =L8/$D$7 -> 0.2614803 | M7: =M8/$D$7 -> 0.20145429 | R7: =SUM(F7:Q7) -> 1
A8: =D7-A7 -> 39345.21 | J8: ='PLANILHA ORÇAMENTO 29.05.25'!V16+'PLANILHA ORÇAMENTO 29.05.25'!V18+'PLANILHA ORÇAMENTO 29.05.25'!V19+'PLANILHA ORÇAMENTO 29.05.25'!V20+'PLANILHA ORÇAMENTO 29.05.25'!V22+'PLANILHA ORÇAMENTO 29.05.25'!P24+'PLANILHA ORÇAMENTO 29.05.25'!P25+'PLANILHA ORÇAMENTO 29.05.25'!P26+'PLANILHA ORÇAMENTO 29.05.25'!P27+'PLANILHA ORÇAMENTO 29.05.25'!P29+J45 -> 28021.07 | K8: ='PLANILHA ORÇAMENTO 29.05.25'!P24+'PLANILHA ORÇAMENTO 29.05.25'!P25+'PLANILHA ORÇAMENTO 29.05.25'!P26+'PLANILHA ORÇAMENTO 29.05.25'!P27+'PLANILHA ORÇAMENTO 29.05.25'!P29+K45 -> 28271.65 | L8: ='PLANILHA ORÇAMENTO 29.05.25'!P24+'PLANILHA ORÇAMENTO 29.05.25'!P25+'PLANILHA ORÇAMENTO 29.05.25'!P26+'PLANILHA ORÇAMENTO 29.05.25'!P27+'PLANILHA ORÇAMENTO 29.05.25'!P29+L45 -> 27407.16 | M8: ='PLANILHA ORÇAMENTO 29.05.25'!V23+'PLANILHA ORÇAMENTO 29.05.25'!P24+'PLANILHA ORÇAMENTO 29.05.25'!P25+'PLANILHA ORÇAMENTO 29.05.25'!P26+'PLANILHA ORÇAMENTO 29.05.25'!P27+'PLANILHA ORÇAMENTO 29.05.25'!P29+M45 -> 21115.51 | R8: =SUM(F8:Q8) -> 104815.39
A10: =(D34-A7) -> 1247065.3 | B10: ='PLANILHA ORÇAMENTO 29.05.25'!B37 -> 02 | C10: ='PLANILHA ORÇAMENTO 29.05.25'!E37 -> DEMOLIÇÕES | D10: ='PLANILHA ORÇAMENTO 29.05.25'!V47 -> 15737.92 | E10: =D10/D34 -> 0.011990472 | J10: 0.75 | K10: 0.25 | R10: =SUM(F10:Q10) -> 1
A11: =A7/A10 -> 0.052499401 | J11: =$D10*J10 -> 11803.44 | K11: =$D10*K10 -> 3934.48 | L11: =$D10*L10 -> 0 | M11: =$D10*M10 -> 0 | R11: =SUM(F11:Q11) -> 15737.92
B13: ='PLANILHA ORÇAMENTO 29.05.25'!B49 -> 03 | C13: ='PLANILHA ORÇAMENTO 29.05.25'!E49 -> LIMPEZA DO TERRENO | D13: ='PLANILHA ORÇAMENTO 29.05.25'!V61 -> 12024.86 | E13: =D13/D34 -> 0.0091615506 | J13: 1 | R13: =SUM(F13:Q13) -> 1
J14: =$D13*J13 -> 12024.86 | K14: =$D13*K13 -> 0 | L14: =$D13*L13 -> 0 | M14: =$D13*M13 -> 0 | R14: =SUM(F14:Q14) -> 12024.86
B16: ='PLANILHA ORÇAMENTO 29.05.25'!B63 -> 04 | C16: ='PLANILHA ORÇAMENTO 29.05.25'!E63 -> VIABILIZAÇÃO DAS OBRAS | E16: =D16/D34 -> 0 | R16: =SUM(F16:Q16) -> 0
J17: =$D16*J16 -> 0 | K17: =$D16*K16 -> 0 | L17: =$D16*L16 -> 0 | M17: =$D16*M16 -> 0 | R17: =SUM(F17:Q17) -> 0
B19: ='PLANILHA ORÇAMENTO 29.05.25'!B71 -> 05 | C19: ='PLANILHA ORÇAMENTO 29.05.25'!E71 -> DRENAGEM (LANÇAMENTO) | D19: ='PLANILHA ORÇAMENTO 29.05.25'!V129 -> 30841.53 | E19: =D19/D34 -> 0.023497674 | J19: 0.1 | K19: 0.5 | L19: 0.3 | M19: 0.1 | R19: =SUM(F19:Q19) -> 1
J20: =$D19*J19 -> 3084.153 | K20: =$D19*K19 -> 15420.765 | L20: =$D19*L19 -> 9252.459 | M20: =$D19*M19 -> 3084.153 | R20: =SUM(F20:Q20) -> 30841.53
B22: ='PLANILHA ORÇAMENTO 29.05.25'!B131 -> 06 | C22: ='PLANILHA ORÇAMENTO 29.05.25'!E131 -> URBANIZAÇAO E OBRAS COMPLEMENTARES | E22: =D22/D34 -> 0 | R22: =SUM(F22:Q22) -> 0
J23: =$D22*J22 -> 0 | K23: =$D22*K22 -> 0 | L23: =$D22*L22 -> 0 | M23: =$D22*M22 -> 0 | R23: =SUM(F23:Q23) -> 0
B25: ='PLANILHA ORÇAMENTO 29.05.25'!B154 -> 07 | C25: ='PLANILHA ORÇAMENTO 29.05.25'!E154 -> REDE DE ESGOTO | D25: ='PLANILHA ORÇAMENTO 29.05.25'!V186 -> 31819.64 | E25: =D25/D34 -> 0.02424288 | J25: 0.1 | K25: 0.5 | L25: 0.3 | M25: 0.1 | R25: =SUM(F25:Q25) -> 1
J26: =$D25*J25 -> 3181.964 | K26: =$D25*K25 -> 15909.82 | L26: =$D25*L25 -> 9545.892 | M26: =$D25*M25 -> 3181.964 | R26: =SUM(F26:Q26) -> 31819.64
B28: ='PLANILHA ORÇAMENTO 29.05.25'!B188 -> 08 | C28: ='PLANILHA ORÇAMENTO 29.05.25'!E188 -> OBRAS DE CONTEÇÃO - PROTECAO DE TALUDE / GABIAO | E28: =D28/D34 -> 0 | R28: =SUM(F28:Q28) -> 0
J29: =$D28*J28 -> 0 | K29: =$D28*K28 -> 0 | L29: =$D28*L28 -> 0 | M29: =$D28*M28 -> 0 | R29: =SUM(F29:Q29) -> 0
B31: ='PLANILHA ORÇAMENTO 29.05.25'!B211 -> 09 | C31: ='PLANILHA ORÇAMENTO 29.05.25'!E211 -> CONTENCAO EM SOLO GRAMPEADO E ENTELAMENTO ROCHOSO | D31: ='PLANILHA ORÇAMENTO 29.05.25'!V221 -> 1117296.1 | E31: =D31/D34 -> 0.85125024 | J31: 0.15 | K31: 0.35 | L31: 0.35 | M31: 0.15 | R31: =SUM(F31:Q31) -> 1
F32: =$D31*F31 -> 0 | G32: =$D31*G31 -> 0 | H32: =$D31*H31 -> 0 | I32: =$D31*I31 -> 0 | J32: =$D31*J31 -> 167594.42 | K32: =$D31*K31 -> 391053.64 | L32: =$D31*L31 -> 391053.64 | M32: =$D31*M31 -> 167594.42 | R32: =SUM(F32:Q32) -> 1117296.1
C34: TOTAL GERAL DA OBRA | D34: =SUM(D6:D33) -> 1312535.5 | E34: =SUM(E6:E33) -> 1
C36: % TOTAL | F36: =F39/D34 -> 0 | G36: =G38/$D$34 -> 0 | H36: =H38/$D$34 -> 0 | I36: =I38/$D$34 -> 0 | J36: =J38/$D$34 -> 0.17196481 | K36: =K38/$D$34 -> 0.3463452 | L36: =L38/$D$34 -> 0.33314083 | M36: =M38/$D$34 -> 0.14854916 | N36: =N38/$D$34 -> 0 | ... Q36: =Q38/$D$34 -> 0 | R36: =SUM(F36:Q36) -> 1
C37: % TOTAL ACUMULADO | F37: =F38/D34 -> 0 | G37: =F37+G36 -> 0 | H37: =G37+H36 -> 0 | I37: =H37+I36 -> 0 | J37: =I37+J36 -> 0.17196481 | K37: =J37+K36 -> 0.51831001 | L37: =K37+L36 -> 0.85145084 | M37: =L37+M36 -> 1 | R37: -
C38: VALOR TOTAL | F38: =F8+F11+F14+F17+F20+F23+F26+F29+F32 -> 0 | G38: =G8+G11+G14+G17+G20+G23+G26+G29+G32 -> 0 | H38: =H8+H11+H14+H17+H20+H23+H26+H29+H32 -> 0 | I38: =I8+I11+I14+I17+I20+I23+I26+I29+I32 -> 0 | J38: =J8+J11+J14+J17+J20+J23+J26+J29+J32 -> 225709.9 | K38: =K8+K11+K14+K17+K20+K23+K26+K29+K32 -> 454590.36 | L38: =L8+L11+L14+L17+L20+L23+L26+L29+L32 -> 437259.15 | M38: =M8+M11+M14+M17+M20+M23+M26+M29+M32 -> 194976.05 | R38: =SUM(F38:Q38) -> 1312535.5
C39: VALOR TOTAL ACUMULADO | F39: =F38 -> 0 | G39: =F39+G38 -> 0 | H39: =G39+H38 -> 0 | I39: =H39+I38 -> 0 | J39: =I39+J38 -> 225709.9 | K39: =J39+K38 -> 680300.26 | L39: =K39+L38 -> 1117559.4 | M39: =L39+M38 -> 1312535.5 | R39: -
J43: 214451.34 | K43: 431915.08 | L43: 415448.36 | M43: 185250.51
J44: 0.052499401 | K44: 0.052499401 | L44: 0.052499401 | M44: 0.052499401
J45: =ROUND(J43*J44,2) -> 11258.57 | K45: =ROUND(K43*K44,2) -> 22675.28 | L45: =ROUND(L43*L44,2) -> 21810.79 | M45: =ROUND(M43*M44,2) -> 9725.54

Sheet CRON-23
D2: CRONOGRAMA FÍSICO - FINANCEIRO - ÁREA 23
C3: CÓD. OBRA: 066 | D3: OBJETO: EXECUÇÃO DE REMANESCENTE DE OBRAS DE CONTENÇÃO DE ENCOSTAS EM 07 ÁREAS DE RISCO, NO MUNICÍPIO DE BETIM-MG. ÁREAS PREVISTAS NO TERMO DE COMPROMISSO N.º 0.398.478-71 .
B5: Item | C5: Descricao | D5: Pr. Total | E5: PART. % | F5: MÊS 01 | G5: MÊS 02 | H5: MÊS 03 | I5: MÊS 04 | J5: MÊS 05 | K5: MÊS 06 | L5: MÊS 07 | M5: MÊS 08 | N5: MÊS 09 | O5: MÊS 10 | P5: MÊS 11 | Q5: MÊS 12 | R5: % total
A7: ='PLANILHA ORÇAMENTO 29.05.25'!W35 -> 10081.64 | B7: ='PLANILHA ORÇAMENTO 29.05.25'!B14 -> 01 | C7: ='PLANILHA ORÇAMENTO 29.05.25'!E14 -> INSTALAÇAO DA OBRA E ADMINISTRAÇÃO LOCAL | D7: ='PLANILHA ORÇAMENTO 29.05.25'!W35 -> 10081.64 | E7: =D7/D34 -> 0.095547355 | F7: =F8/$D$7 -> 1 | R7: =SUM(F7:Q7) -> 1
A8: =D7-A7 -> 0 | F8: 10081.64 | R8: =SUM(F8:Q8) -> 10081.64
A10: =(D34-A7) -> 95432.95 | B10: ='PLANILHA ORÇAMENTO 29.05.25'!B37 -> 02 | C10: ='PLANILHA ORÇAMENTO 29.05.25'!E37 -> DEMOLIÇÕES | E10: =D10/D34 -> 0 | R10: =SUM(F10:Q10) -> 0
A11: =A7/A10 -> 0.10564108 | R11: =SUM(F11:Q11) -> 0
B13: ='PLANILHA ORÇAMENTO 29.05.25'!B49 -> 03 | C13: ='PLANILHA ORÇAMENTO 29.05.25'!E49 -> LIMPEZA DO TERRENO | E13: =D13/D34 -> 0 | R13: =SUM(F13:Q13) -> 0
F14: =$D13*F13 -> 0 | R14: =SUM(F14:Q14) -> 0
B16: ='PLANILHA ORÇAMENTO 29.05.25'!B63 -> 04 | C16: ='PLANILHA ORÇAMENTO 29.05.25'!E63 -> VIABILIZAÇÃO DAS OBRAS | E16: =D16/D34 -> 0 | R16: =SUM(F16:Q16) -> 0
F17: =$D16*F16 -> 0 | R17: =SUM(F17:Q17) -> 0
B19: ='PLANILHA ORÇAMENTO 29.05.25'!B71 -> 05 | C19: ='PLANILHA ORÇAMENTO 29.05.25'!E71 -> DRENAGEM (LANÇAMENTO) | E19: =D19/D34 -> 0 | R19: =SUM(F19:Q19) -> 0
F20: =$D19*F19 -> 0 | R20: =SUM(F20:Q20) -> 0
B22: ='PLANILHA ORÇAMENTO 29.05.25'!B131 -> 06 | C22: ='PLANILHA ORÇAMENTO 29.05.25'!E131 -> URBANIZAÇAO E OBRAS COMPLEMENTARES | D22: ='PLANILHA ORÇAMENTO 29.05.25'!W152 -> 95432.95 | E22: =D22/D34 -> 0.90445264 | F22: 1 | R22: =SUM(F22:Q22) -> 1
F23: =$D22*F22 -> 95432.95 | R23: =SUM(F23:Q23) -> 95432.95
B25: ='PLANILHA ORÇAMENTO 29.05.25'!B154 -> 07 | C25: ='PLANILHA ORÇAMENTO 29.05.25'!E154 -> REDE DE ESGOTO | E25: =D25/D34 -> 0 | R25: =SUM(F25:Q25) -> 0
F26: =$D25*F25 -> 0 | R26: =SUM(F26:Q26) -> 0
B28: ='PLANILHA ORÇAMENTO 29.05.25'!B188 -> 08 | C28: ='PLANILHA ORÇAMENTO 29.05.25'!E188 -> OBRAS DE CONTEÇÃO - PROTECAO DE TALUDE / GABIAO | E28: =D28/D34 -> 0 | R28: =SUM(F28:Q28) -> 0
F29: =$D28*F28 -> 0 | R29: =SUM(F29:Q29) -> 0
B31: ='PLANILHA ORÇAMENTO 29.05.25'!B211 -> 09 | C31: ='PLANILHA ORÇAMENTO 29.05.25'!E211 -> CONTENCAO EM SOLO GRAMPEADO E ENTELAMENTO ROCHOSO | E31: =D31/D34 -> 0 | R31: =SUM(F31:Q31) -> 0
F32: =$D31*F31 -> 0 | R32: =SUM(F32:Q32) -> 0
C34: TOTAL GERAL DA OBRA | D34: =SUM(D6:D33) -> 105514.59 | E34: =SUM(E6:E33) -> 1
C36: % TOTAL | F36: =F39/D34 -> 1 | G36: =G38/$D$34 -> 0 | H36: =H38/$D$34 -> 0 | I36: =I38/$D$34 -> 0 | J36: =J38/$D$34 -> 0 | K36: =K38/$D$34 -> 0 | L36: =L38/$D$34 -> 0 | M36: =M38/$D$34 -> 0 | N36: =N38/$D$34 -> 0 | ... Q36: =Q38/$D$34 -> 0 | R36: =SUM(F36:Q36) -> 1
C37: % TOTAL ACUMULADO | F37: =F38/D34 -> 1 | R37: -
C38: VALOR TOTAL | F38: =F8+F11+F14+F17+F20+F23+F26+F29+F32 -> 105514.59 | R38: =SUM(F38:Q38) -> 105514.59
C39: VALOR TOTAL ACUMULADO | F39: =F38 -> 105514.59 | R39: -
F43: 237541.04
F44: 0.10910336
F45: =ROUND(F43*F44,2) -> 25916.53

Sheet MEMO A-07
B8: CÓD. OBRA: 066 | C8: OBJETO: EXECUÇÃO DE REMANESCENTE DE OBRAS DE CONTENÇÃO DE ENCOSTAS EM 07 ÁREAS DE RISCO, NO MUNICÍPIO DE BETIM-MG. ÁREAS PREVISTAS NO TERMO DE COMPROMISSO N.º 0.398.478-71 .
B9: CONTRATADO: A LICITAR
B10: CONTRATO: PAC:
B12: MEDIÇÃO DE SERVIÇOS
B13: ITEM | C13: DISCRIMINAÇÃO | D13: X | E13: DIMENSÕES | H13: QUANTIDADES | J13: UN.
E14: COMP. | F14: LARG. | G14: ALTURA | H14: AUXILIAR | I14: DEFINITIVA
B16: 01 | C16: INSTALAÇAO DA OBRA E ADMINISTRAÇÃO LOCAL
B17: 01.01 | C17: PLACA DE OBRA
B18: 01.01.01 | C18: FORNECIMENTO E INSTALAÇÃO DE PLACA DE OBRA COM CHAPA GALVANIZADA E ESTRUTURA DE MADEIRA. | I18: =SUM(H20:H20) -> 6 | J18: M2
E19: Alt. | F19: Larg. | H19: área
C20: ÁREA 07 | E20: 3.11 | F20: 1.93 | H20: =ROUND(E20*F20,2) -> 6
B22: 01.02 | C22: INSTALAÇAO PROVISORIA - CONCESSIONARIA
B23: 01.02.01 | C23: LIGAÇÃO PROVISÓRIA COM ENTRADA DE ENERGIA AÉREA, PADRÃO CEMIG, CARGA INSTALADA DE 15,1KVA ATÉ 30KVA, TRIFÁSICO, COM SAÍDA SUBTERRÂNEA, INCLUSIVE POSTE, CAIXA PARA MEDIDOR, DISJUNTOR, BARRAMENTO, ATERRAMENTO E ACESSÓRIOS | I23: =SUM(H25) -> 1 | J23: UN
E24: Quant. | H24: Quant.
C25: ÁREA 07 | E25: 1 | H25: =ROUND(E25,2) -> 1
B27: 01.02.02 | C27: KIT CAVALETE PARA MEDIÇÃO DE ÁGUA - ENTRADA PRINCIPAL, EM PVC DN 25 MM (3/4") - FORNECIMENTO E INSTALAÇÃO (EXCLUSIVE HIDRÔMETRO). | I27: =SUM(H29) -> 1 | J27: UN
E28: Quant. | H28: Quant.
C29: ÁREA 07 | E29: 1 | H29: =ROUND(E29,2) -> 1
B31: 01.02.03 | C31: HIDRÔMETRO DN 3/4", 5,0 M3/H - FORNECIMENTO E INSTALAÇÃO. | I31: =SUM(H33) -> 1 | J31: UN
E32: Quant. | H32: Quant.
C33: ÁREA 07 | E33: 1 | H33: =ROUND(E33,2) -> 1
B35: 01.03 | C35: CONTAINER
B36: 01.03.01 | C36: MOBILIZAÇÃO DE CONTAINER, INCLUSIVE CARGA, DESCARGA E TRANSPORTE EM CAMINHÃO CARROCERIA COM GUINDAUTO (MUNCK), EXCLUSIVE LOCAÇÃO DO CONTAINER | E36: QUANT. | H36: Total | I36: =H37 -> 4 | J36: UN
C37: ÁREA 07 | E37: 4 | H37: =E37 -> 4
B39: 01.03.02 | C39: DESMOBILIZAÇÃO DE CONTAINER, INCLUSIVE CARGA, DESCARGA E TRANSPORTE EM CAMINHÃO CARROCERIA COM GUINDAUTO (MUNCK), EXCLUSIVE LOCAÇÃO DO CONTAINER | E39: QUANT. | H39: Total | I39: =H40 -> 4 | J39: UN
C40: ÁREA 07 | E40: 4 | H40: =E40 -> 4
B42: 01.03.03 | C42: LOCACAO DE CONTAINER 2,30 X 6,00 M, ALT. 2,50 M, PARA ESCRITORIO, SEM DIVISORIAS INTERNAS E SEM SANITARIO (NAO INCLUI MOBILIZACAO/DESMOBILIZACAO) | E42: QUANT. | H42: Total | I42: =SUM(H43:H44) -> 4 | J42: MÊS
C43: ÁREA 07 | E43: 4 | H43: =E43 -> 4
B45: 01.03.04 | C45: LOCACAO DE CONTAINER 2,30 X 4,30 M, ALT. 2,50 M, PARA SANITARIO, COM 3 BACIAS, 4 CHUVEIROS, 1 LAVATORIO E 1 MICTORIO (NAO INCLUI MOBILIZACAO/DESMOBILIZACAO) | E45: QUANT. | H45: Total | I45: =SUM(H46:H47) -> 4 | J45: MÊS
C46: ÁREA 07 | E46: 4 | H46: =E46 -> 4
B48: 01.03.05 | C48: LOCAÇÃO DE CONTAINER COM ISOLAMENTO TÉRMICO, TIPO 4, PARA REFEITÓRIO DE OBRA, COM MEDIDAS REFERENCIAIS DE (6) METROS COMPRIMENTO, (2,3) METROS LARGURA E (2,5) METROS ALTURA ÚTIL INTERNA, INCLUSIVE LIGAÇÕES ELÉTRICAS INTERNAS, EXCLUSIVE MOBILIZAÇÃO/DESMOBILIZAÇÃO E LIGAÇÕES PROVISÓRIAS EXTERNAS | E48: QUANT. | H48: Total | I48: =SUM(H49:H50) -> 4 | J48: MÊS
C49: ÁREA 07 | E49: 4 | H49: =E49 -> 4
B51: 01.03.06 | C51: LOCAÇÃO DE CONTAINER COM ISOLAMENTO TÉRMICO, TIPO 3, PARA DEPÓSITO/FERRAMENTARIA DE OBRA, COM MEDIDAS REFERENCIAIS DE (6) METROS COMPRIMENTO, (2,3) METROS LARGURA E (2,5) METROS ALTURA ÚTIL INTERNA, INCLUSIVE LIGAÇÕES ELÉTRICAS INTERNAS, EXCLUSIVE MOBILIZAÇÃO/DESMOBILIZAÇÃO E LIGAÇÕES PROVISÓRIAS EXTERNAS | E51: QUANT. | H51: Total | I51: =SUM(H52:H53) -> 4 | J51: MÊS
C52: ÁREA 07 | E52: 4 | H52: =E52 -> 4
B54: 01.04 | C54: BANHEIRO QUIMICO
B55: 01.04.01 | C55: LOCAÇÃO DE BANHEIRO QUÍMICO, DIMENSÃO (110X120X230)CM, LINHA PADRÃO, CONTENDO UMA (1) PIA/HIGIENIZADOR DE MÃOS, INCLUSIVE MANUTENÇÃO E MOBILIZAÇÃO/DESMOBILIZAÇÃO | E55: QUANT. | H55: Total | I55: =SUM(H56:H57) -> 4 | J55: MÊS
C56: ÁREA 07 | E56: 4 | H56: =E56 -> 4
B58: 01.06 | C58: ADMINISTRACAO LOCAL DA OBRA
B59: 01.06.01 | C59: ADMINISTRACAO LOCAL - (conforme planilha em anexo) | E59: Total | H59: Total | I59: =H60 -> 0.21332645 | J59: UN
C60: ÁREA 07 | E60: 0.21332645 | H60: =ROUND(E60,9) -> 0.21332645
B62: 03 | C62: LIMPEZA DO TERRENO
B63: 03.01 | C63: DESMATAMENTO, DESTOCAMENTO E LIMPEZA DO TERRENO
B64: 03.01.01 | C64: LIMPEZA MANUAL DE VEGETAÇÃO EM TERRENO COM ENXADA. | I64: =SUM(H65:H66) -> 1031.65 | J64: M2
C65: ÁREA 07 | E65: área | H65: área
C66: Limpeza do terreno - gabião - CROQUI 07-02 | E66: 1031.65 | H66: =ROUND(E66,2) -> 1031.65
B68: 03.02 | C68: CARGA DE MATERIAL DE QQUER NATUREZA SOBRE CAMINHAO
B69: 03.02.01 | C69: CARGA, MANOBRA E DESCARGA DE SOLOS E MATERIAIS GRANULARES EM CAMINHÃO BASCULANTE 10 M³ - CARGA COM ESCAVADEIRA HIDRÁULICA (CAÇAMBA DE 1,20 M³ / 155 HP) E DESCARGA LIVRE (UNIDADE: M3). | I69: =SUM(H71:H71) -> 257.91 | J69: M3
C70: ÁREA 07 | E70: área | F70: espessura | G70: empolamento | H70: volume
C71: Limpeza do terreno - gabião - CROQUI 07-02 | E71: 1031.65 | F71: 0.2 | G71: 1.25 | H71: =ROUND(E71*F71*G71,2) -> 257.91
B73: 03.03 | C73: TRANSPORTE DE MATERIAL DE QUALQUER NATUREZA
B74: 03.03.01 | C74: TRANSPORTE COM CAMINHÃO BASCULANTE DE 10 M³, EM VIA URBANA PAVIMENTADA, DMT ATÉ 30 KM (UNIDADE: M3XKM). | I74: =SUM(H76:H76) -> 2192.24 | J74: M3KM
C75: ÁREA 07 | E75: volume | F75: DMT | H75: total
C76: Limpeza do terreno - gabião - CROQUI 07-02 | E76: 257.91 | F76: 8.5 | H76: =ROUND(E76*F76,2) -> 2192.24
C77: Distância conforme Mapa de DMT em anexo 8,50 km
B79: 05.17 | C79: CANALETA/ BUEIRO/ ESCADA HIDRAULICA
B80: 05.17.01 | C80: ESCAVAÇÃO MANUAL DE VALA | I80: =SUM(H82:H85) -> 91.46 | J80: M3
C81: ÁREA 07 | E81: largura | F81: altura | G81: comprim. | H81: volume
C82: Execução de canaleta 40x40cm - gabiões | D82: 2 | E82: 0.9 | F82: 0.5 | G82: 20 | H82: =ROUND(D82*E82*F82*G82,2) -> 18
C83: Execução de canaleta 40x40cm - gabiões | D83: 2 | E83: 0.9 | F83: 0.5 | G83: 27 | H83: =ROUND(D83*E83*F83*G83,2) -> 24.3
C84: Execução de canaleta 40x40cm - gabiões | D84: 2 | E84: 0.9 | F84: 0.5 | G84: 27 | H84: =ROUND(D84*E84*F84*G84,2) -> 24.3
C85: Execução de canaleta meia cana D=30cm | D85: 1 | E85: 155.36 | F85: 0.4 | G85: 0.4 | H85: =ROUND(D85*E85*F85*G85,2) -> 24.86
B87: 05.17.02 | C87: REATERRO MANUAL DE VALAS, COM PLACA VIBRATÓRIA. | I87: =SUM(H89:H93) -> 36.08 | J87: M3
C88: ÁREA 07 | E88: largura | F88: altura | G88: comprim. | H88: volume
C89: Execução de canaleta 40x40cm - gabiões | D89: 2 | E89: 0.3 | F89: 0.5 | G89: 20 | H89: =ROUND(D89*E89*F89*G89,2) -> 6
C90: Execução de canaleta 40x40cm - gabiões | D90: 2 | E90: 0.3 | F90: 0.5 | G90: 27 | H90: =ROUND(D90*E90*F90*G90,2) -> 8.1
C91: Execução de canaleta 40x40cm - gabiões | D91: 2 | E91: 0.3 | F91: 0.5 | G91: 27 | H91: =ROUND(D91*E91*F91*G91,2) -> 8.1
C92: Execução de canaleta meia cana D=30cm | D92: 1 | E92: 155.36 | F92: 0.4 | G92: 0.4 | H92: =ROUND(D92*E92*F92*G92,2) -> 24.86
C93: Execução de canaleta meia cana D=30cm (desconto) | D93: =-1 -> -1 | E93: 155.36 | F93: 0.3 | G93: =3.1416*0.3/4 -> 0.23562 | H93: =ROUND(D93*E93*F93*G93,2) -> -10.98
B95: 05.17.03 | C95: FORNECIMENTO E COLOCACAO DE AÇO CA60 | I95: =SUM(H97:H99) -> 752.28 | J95: KG
C96: ÁREA 07 | E96: Kg/m | F96: comprim. | G96: desenvol. | H96: peso
C97: Execução de canaleta 40x40cm - gabiões | D97: 2 | E97: 3.91 | F97: 20 | G97: =0.4*3+0.05*2 -> 1.3 | H97: =ROUND(D97*E97*F97*G97,2) -> 203.32
C98: Execução de canaleta 40x40cm - gabiões | D98: 2 | E98: 3.91 | F98: 27 | G98: =0.4*3+0.05*2 -> 1.3 | H98: =ROUND(D98*E98*F98*G98,2) -> 274.48
C99: Execução de canaleta 40x40cm - gabiões | D99: 2 | E99: 3.91 | F99: 27 | G99: =0.4*3+0.05*2 -> 1.3 | H99: =ROUND(D99*E99*F99*G99,2) -> 274.48
B101: 05.17.04 | C101: FABRICAÇÃO, MONTAGEM E DESMONTAGEM DE FÔRMA, EM CHAPA DE MADEIRA COMPENSADA RESINADA, E = 17 MM, 3 UTILIZAÇÕES. | I101: =SUM(H103:H105) -> 266.4 | J101: M2
C102: ÁREA 07 | E102: consumo m²/m | F102: comprim. | G102: altura | H102: área
C103: Execução de canaleta 40x40cm - gabiões | D103: 2 | E103: 1.8 | F103: 20 | H103: =ROUND(D103*E103*F103,2) -> 72
C104: Execução de canaleta 40x40cm - gabiões | D104: 2 | E104: 1.8 | F104: 27 | H104: =ROUND(D104*E104*F104,2) -> 97.2
C105: Execução de canaleta 40x40cm - gabiões | D105: 2 | E105: 1.8 | F105: 27 | H105: =ROUND(D105*E105*F105,2) -> 97.2
B107: 05.17.05 | C107: CONCRETO CONVENCIONAL FCK 20MPA - PREPARO MECÂNICO COM BETONEIRA 400 L, INCLUSIVE LANÇAMENTO. | I107: =SUM(H109:H111) -> 20.72 | J107: M3
C108: ÁREA 07 | E108: Consumo m³/m | F108: comprim. | H108: volume
C109: Execução de canaleta 40x40cm - gabiões | D109: 2 | E109: 0.14 | F109: 20 | H109: =ROUND(D109*E109*F109,2) -> 5.6
C110: Execução de canaleta 40x40cm - gabiões | D110: 2 | E110: 0.14 | F110: 27 | H110: =ROUND(D110*E110*F110,2) -> 7.56
C111: Execução de canaleta 40x40cm - gabiões | D111: 2 | E111: 0.14 | F111: 27 | H111: =ROUND(D111*E111*F111,2) -> 7.56
B113: 05.17.14 | C113: CANALETA MEIA CANA PRÉ-MOLDADA DE CONCRETO (D = 30 CM) - FORNECIMENTO E INSTALAÇÃO. | I113: =SUM(H114:H115) -> 155.36 | J113: M
C114: ÁREA 07 | E114: Comprimento
C115: Canaleta superior gabiões - TABELA DO PROJETO | E115: 155.36 | H115: =ROUND(E115,2) -> 155.36
B117: 08 | C117: OBRAS DE CONTEÇÃO - PROTECAO DE TALUDE / GABIAO
B118: 08.01 | C118: FORNECIMENTO E PLANTIO DE GRAMA
B119: 08.01.02 | C119: FORNECIMENTO E PLANTIO POR HIDROSSEMEADURA | I119: =SUM(H121) -> 3699 | J119: M2
C120: ÁREA 07 | E120: ÁREA | H120: ÁREA
C121: HIDROSSEMEADURA - ÁREA DE PROJETO | E121: 3699 | H121: =ROUND(E121,2) -> 3699
B123: 08.02 | C123: ESCAVAÇAO MANUAL DE VALAS
B124: 08.02.01 | C124: ESCAVAÇÃO MANUAL DE VALA COM PROFUNDIDADE MENOR OU IGUAL A 1,30 M. | I124: =SUM(H127:H129) -> 185 | J124: M3
C125: ÁREA 07
C126: FUNDAÇÃO DOS GABIÕES | E126: comprimento | F126: largura | G126: altura | H126: volume
C127: GABIÃO SUPERIOR | E127: 20 | F127: 5 | G127: 0.5 | H127: =ROUND(E127*F127*G127,2) -> 50
C128: GABIÃO INTERMEDIÁRIO | E128: 27 | F128: 5 | G128: 0.5 | H128: =ROUND(E128*F128*G128,2) -> 67.5
C129: GABIÃO INFERIOR | E129: 27 | F129: 5 | G129: 0.5 | H129: =ROUND(E129*F129*G129,2) -> 67.5
B131: 08.03 | C131: REATERRO
B132: 08.03.01 | C132: REATERRO MANUAL DE VALAS, COM PLACA VIBRATÓRIA. | I132: =SUM(H134) -> 10098.27 | J132: M3
...

Sheet MEMO  A-09
B8: CÓD. OBRA: 066 | C8: OBJETO: EXECUÇÃO DE REMANESCENTE DE OBRAS DE CONTENÇÃO DE ENCOSTAS EM 07 ÁREAS DE RISCO, NO MUNICÍPIO DE BETIM-MG. ÁREAS PREVISTAS NO TERMO DE COMPROMISSO N.º 0.398.478-71 .
B9: CONTRATADO: A LICITAR
B10: CONTRATO: PAC:
B12: MEDIÇÃO DE SERVIÇOS
B13: ITEM | C13: DISCRIMINAÇÃO | D13: X | E13: DIMENSÕES | H13: QUANTIDADES | J13: UN.
E14: COMP. | F14: LARG. | G14: ALTURA | H14: AUXILIAR | I14: DEFINITIVA
B16: 01 | C16: INSTALAÇAO DA OBRA E ADMINISTRAÇÃO LOCAL
B17: 01.01 | C17: PLACA DE OBRA
B18: 01.01.01 | C18: FORNECIMENTO E INSTALAÇÃO DE PLACA DE OBRA COM CHAPA GALVANIZADA E ESTRUTURA DE MADEIRA. | I18: =SUM(H20:H20) -> 6 | J18: M2
E19: Alt. | F19: Larg. | H19: Área
C20: ÁREA 09 | E20: 3.11 | F20: 1.93 | H20: =ROUND(E20*F20,2) -> 6
B22: 01.02 | C22: INSTALAÇAO PROVISORIA - CONCESSIONARIA
B23: 01.02.01 | C23: LIGAÇÃO PROVISÓRIA COM ENTRADA DE ENERGIA AÉREA, PADRÃO CEMIG, CARGA INSTALADA DE 15,1KVA ATÉ 30KVA, TRIFÁSICO, COM SAÍDA SUBTERRÂNEA, INCLUSIVE POSTE, CAIXA PARA MEDIDOR, DISJUNTOR, BARRAMENTO, ATERRAMENTO E ACESSÓRIOS | E23: QUANT. | H23: Total | I23: =SUM(H24:H24) -> 1 | J23: UN
C24: ÁREA 09 | E24: 1 | H24: =E24 -> 1
B26: 01.02.02 | C26: KIT CAVALETE PARA MEDIÇÃO DE ÁGUA - ENTRADA PRINCIPAL, EM PVC DN 25 MM (3/4") - FORNECIMENTO E INSTALAÇÃO (EXCLUSIVE HIDRÔMETRO). | E26: QUANT. | H26: Total | I26: =SUM(H27:H27) -> 1 | J26: UN
C27: ÁREA 09 | E27: 1 | H27: =E27 -> 1
B29: 01.02.03 | C29: HIDRÔMETRO DN 3/4", 5,0 M3/H - FORNECIMENTO E INSTALAÇÃO. | E29: QUANT. | H29: Total | I29: =SUM(H30:H30) -> 1 | J29: UN
C30: ÁREA 09 | E30: 1 | H30: =E30 -> 1
B32: 01.03 | C32: CONTAINER
B33: 01.03.01 | C33: MOBILIZAÇÃO DE CONTAINER, INCLUSIVE CARGA, DESCARGA E TRANSPORTE EM CAMINHÃO CARROCERIA COM GUINDAUTO (MUNCK), EXCLUSIVE LOCAÇÃO DO CONTAINER | E33: QUANT. | H33: Total | I33: =H34 -> 4 | J33: UN
C34: ÁREA 09 | E34: 4 | H34: =E34 -> 4
B36: 01.03.02 | C36: DESMOBILIZAÇÃO DE CONTAINER, INCLUSIVE CARGA, DESCARGA E TRANSPORTE EM CAMINHÃO CARROCERIA COM GUINDAUTO (MUNCK), EXCLUSIVE LOCAÇÃO DO CONTAINER | E36: QUANT. | H36: Total | I36: =H37 -> 4 | J36: UN
C37: ÁREA 09 | E37: 4 | H37: =E37 -> 4
B39: 01.03.03 | C39: LOCACAO DE CONTAINER 2,30 X 6,00 M, ALT. 2,50 M, PARA ESCRITORIO, SEM DIVISORIAS INTERNAS E SEM SANITARIO (NAO INCLUI MOBILIZACAO/DESMOBILIZACAO) | E39: QUANT. | H39: Total | I39: =H40 -> 3 | J39: MÊS
C40: ÁREA 09 | E40: 3 | H40: =E40 -> 3
B42: 01.03.04 | C42: LOCACAO DE CONTAINER 2,30 X 4,30 M, ALT. 2,50 M, PARA SANITARIO, COM 3 BACIAS, 4 CHUVEIROS, 1 LAVATORIO E 1 MICTORIO (NAO INCLUI MOBILIZACAO/DESMOBILIZACAO) | E42: QUANT. | H42: Total | I42: =H43 -> 3 | J42: MÊS
C43: ÁREA 09 | E43: 3 | H43: =E43 -> 3
B45: 01.03.05 | C45: LOCAÇÃO DE CONTAINER COM ISOLAMENTO TÉRMICO, TIPO 4, PARA REFEITÓRIO DE OBRA, COM MEDIDAS REFERENCIAIS DE (6) METROS COMPRIMENTO, (2,3) METROS LARGURA E (2,5) METROS ALTURA ÚTIL INTERNA, INCLUSIVE LIGAÇÕES ELÉTRICAS INTERNAS, EXCLUSIVE MOBILIZAÇÃO/DESMOBILIZAÇÃO E LIGAÇÕES PROVISÓRIAS EXTERNAS | E45: QUANT. | H45: Total | I45: =H46 -> 3 | J45: MÊS
C46: ÁREA 09 | E46: 3 | H46: =E46 -> 3
B48: 01.03.06 | C48: LOCAÇÃO DE CONTAINER COM ISOLAMENTO TÉRMICO, TIPO 3, PARA DEPÓSITO/FERRAMENTARIA DE OBRA, COM MEDIDAS REFERENCIAIS DE (6) METROS COMPRIMENTO, (2,3) METROS LARGURA E (2,5) METROS ALTURA ÚTIL INTERNA, INCLUSIVE LIGAÇÕES ELÉTRICAS INTERNAS, EXCLUSIVE MOBILIZAÇÃO/DESMOBILIZAÇÃO E LIGAÇÕES PROVISÓRIAS EXTERNAS | E48: QUANT. | H48: Total | I48: =H49 -> 3 | J48: MÊS
C49: ÁREA 09 | E49: 3 | H49: =E49 -> 3
B51: 01.04 | C51: BANHEIRO QUIMICO
B52: 01.04.01 | C52: LOCAÇÃO DE BANHEIRO QUÍMICO, DIMENSÃO (110X120X230)CM, LINHA PADRÃO, CONTENDO UMA (1) PIA/HIGIENIZADOR DE MÃOS, INCLUSIVE MANUTENÇÃO E MOBILIZAÇÃO/DESMOBILIZAÇÃO | E52: QUANT. | H52: Total | I52: =SUM(H53:H54) -> 3 | J52: MÊS
C53: ÁREA 09 | E53: 3 | H53: =E53 -> 3
B55: 01.05 | C55: TAPUME
B56: 01.05.01 | C56: TAPUME COM COMPENSADO DE MADEIRA. | E56: COMP. | F56: ALTURA | I56: =SUM(H57:H57) -> 28.16 | J56: M2
C57: ÁREA 09 | E57: 12.8 | F57: 2.2 | H57: =E57*F57 -> 28.16
B59: 01.06 | C59: ADMINISTRACAO LOCAL DA OBRA
B60: 01.06.01 | C60: ADMINISTRACAO LOCAL - (conforme planilha em anexo) | E60: Total | H60: Total | I60: =H61 -> 0.080092681 | J60: UN
C61: ÁREA 09 | E61: 0.080092681 | H61: =ROUND(E61,9) -> 0.080092681
B63: 2 | C63: DEMOLIÇÕES
B64: 02.02 | C64: DEMOLIÇÃO EM CONCRETO ARMADO, DE FORMA MANUAL, SEM REAPROVEITAMENTO. | E64: COMP. | F64: LARGURA | G64: ALTURA | H64: VOLUME | I64: =H65 -> 2.88 | J64: M3
C65: ÁREA 09 | E65: 28.8 | F65: 1 | G65: 0.1 | H65: =ROUND(G65*F65*E65,2) -> 2.88
B67: 02.04 | C67: CARGA DE MATERIAL DE QQUER NATUREZA SOBRE CAMINHAO
B68: 02.04.01 | C68: CARGA MANUAL DE MATERIAL DE QUALQUER NATUREZA SOBRE CAMINHÃO, EXCLUSIVE TRANSPORTE | E68: VOLUME | F68: EMPOLAM. | H68: VOLUME | I68: =H69 -> 3.74 | J68: M3
C69: ÁREA 09 | E69: =H65 -> 2.88 | F69: 1.3 | H69: =ROUND(E69*F69,2) -> 3.74
B71: 02.05 | C71: TRANSPORTE DE MATERIAL DEMOLIDO EM CAMINHAO
B72: 02.05.01 | C72: TRANSPORTE COM CAMINHÃO BASCULANTE DE 10 M³, EM VIA URBANA PAVIMENTADA, DMT ATÉ 30 KM (UNIDADE: M3XKM). | E72: VOLUME | F72: DISTÂNCIA | H72: TOTAL | I72: =H73 -> 46.38 | J72: M3KM
C73: ÁREA 09 | E73: =H69 -> 3.74 | F73: 12.4 | H73: =ROUND(F73*E73,2) -> 46.38
C74: Distância conforme Mapa de DMT em anexo 12,40 km
B76: 03 | C76: LIMPEZA DO TERRENO
B77: 03.01 | C77: DESMATAMENTO, DESTOCAMENTO E LIMPEZA DO TERRENO
B78: 03.01.01 | C78: LIMPEZA MANUAL DE VEGETAÇÃO EM TERRENO COM ENXADA. | E78: COMP. | F78: LARGURA | H78: ÁREA | I78: =H79 -> 707 | J78: M2
C79: ÁREA 09 | E79: 141.4 | F79: 5 | H79: =ROUND(F79*E79,2) -> 707
B81: 03.02 | C81: CARGA DE MATERIAL DE QQUER NATUREZA SOBRE CAMINHAO
B82: 03.02.02 | C82: CARGA MANUAL DE MATERIAL DE QUALQUER NATUREZA SOBRE CAMINHÃO, EXCLUSIVE TRANSPORTE | E82: ÁREA | F82: ALTURA | G82: EMPOLAM. | H82: VOLUME | I82: =H83 -> 176.75 | J82: M3 | K82: INSERIDO CONFORME SOLICITADO PELO DURVAL
C83: ÁREA 09 - LIMPEZA DO TERRENO | E83: =H79 -> 707 | F83: 0.2 | G83: 1.25 | H83: =ROUND(E83*F83*G83,2) -> 176.75
B85: 03.03 | C85: TRANSPORTE DE MATERIAL DE QUALQUER NATUREZA
B86: 03.03.01 | C86: TRANSPORTE COM CAMINHÃO BASCULANTE DE 10 M³, EM VIA URBANA PAVIMENTADA, DMT ATÉ 30 KM (UNIDADE: M3XKM). | E86: VOLUME | F86: DISTÂNCIA | H86: TOTAL | I86: =H87 -> 2527.53 | J86: M3KM
C87: ÁREA 09 - LIMPEZA DO TERRENO | E87: =H83 -> 176.75 | F87: 14.3 | H87: =ROUND(F87*E87,2) -> 2527.53
B90: 03.03.02 | C90: TRANSPORTE DE MATERIAL DE QUALQUER NATUREZA COM CARRINHO DE MÃO, COM DISTÂNCIAS MENORES OU IGUAIS A 50M, INCLUSIVE CARGA/DESCARGA | D90: PESO | E90: VOLUME | H90: TOTAL | I90: =H92 -> 101.52 | J90: M3 | K90: INSERIDO CONFORME SOLICITADO PELO DURVAL
C91: ÁREA 09 - LIMPEZA DO TERRENO
D92: =100/174.1 -> 0.57438254 | E92: =I82 -> 176.75 | H92: =ROUND(E92*D92,2) -> 101.52
B94: 03.03.03 | C94: TRANSPORTE DE MATERIAL DE QUALQUER NATUREZA COM CARRINHO DE MÃO, COM DISTÂNCIAS MAIORES QUE 50M E MENORES OU IGUAIS A 100M, INCLUSIVE CARGA/DESGARGA | D94: PESO | E94: VOLUME | H94: TOTAL | I94: =H96 -> 75.23 | J94: M3 | K94: INSERIDO CONFORME SOLICITADO PELO DURVAL
C95: ÁREA 09 - LIMPEZA DO TERRENO
D96: =100%-D92 -> 0.42561746 | E96: =I82 -> 176.75 | H96: =ROUND(E96*D96,2) -> 75.23
B98: 05 | C98: DRENAGEM (LANÇAMENTO)
B99: 05.14 | C99: TAMPAO DE POÇO DE VISITA
B100: 05.14.02 | C100: REBAIXAMENTO DE TAMPAO DE PV EM ATE 20 CM | E100: QUANT. | H100: TOTAL | I100: =H101 -> 1 | J100: UN
C101: ÁREA 09 | E101: 1 | H101: 1
B103: 05.14.03 | C103: ALTEAMENTO DE TAMPAO DE PV EM ATE 20 CM | E103: QUANT. | H103: TOTAL | I103: =H104 -> 1 | J103: UN
C104: ÁREA 09 | E104: 1 | H104: 1
B106: 05.17 | C106: CANALETA/ BUEIRO/ ESCADA HIDRAULICA
B107: 05.17.01 | C107: ESCAVAÇÃO MANUAL DE VALA | E107: COMP. | F107: LARGURA | G107: ALTURA | H107: VOLUME | I107: =SUM(H108:H139) -> 362.02 | J107: M3
C108: ÁREA 09
C109: DEGRAU 01 | E109: 9.53 | F109: 1.6 | G109: 1.6 | H109: =ROUND(G109*F109*E109,2) -> 24.4
C110: DEGRAU 02 | E110: 1.51 | F110: 1.6 | G110: 1.6 | H110: =ROUND(G110*F110*E110,2) -> 3.87
C111: DEGRAU 03 | E111: 12.16 | F111: 1.6 | G111: 1.6 | H111: =ROUND(G111*F111*E111,2) -> 31.13
C112: DEGRAU 04 | E112: 1.93 | F112: 1.6 | G112: 1.6 | H112: =ROUND(G112*F112*E112,2) -> 4.94
C113: DEGRAU 05 | E113: 1.62 | F113: 1.6 | G113: 1.6 | H113: =ROUND(G113*F113*E113,2) -> 4.15
C114: DEGRAU 06 | E114: 12.11 | F114: 1.6 | G114: 1.6 | H114: =ROUND(G114*F114*E114,2) -> 31
C115: DEGRAU 07 | E115: 1.94 | F115: 1.6 | G115: 1.6 | H115: =ROUND(G115*F115*E115,2) -> 4.97
C116: DEGRAU 08 | E116: 0.87 | F116: 1.6 | G116: 1.6 | H116: =ROUND(G116*F116*E116,2) -> 2.23
C117: DEGRAU 09 | E117: 1.03 | F117: 1.6 | G117: 1.6 | H117: =ROUND(G117*F117*E117,2) -> 2.64
C118: DEGRAU 10 | E118: 1.35 | F118: 1.6 | G118: 1.6 | H118: =ROUND(G118*F118*E118,2) -> 3.46
C119: DEGRAU 11 | E119: 0.98 | F119: 1.6 | G119: 1.6 | H119: =ROUND(G119*F119*E119,2) -> 2.51
C120: DEGRAU 12 | E120: 0.79 | F120: 1.6 | G120: 1.6 | H120: =ROUND(G120*F120*E120,2) -> 2.02
... C124: DEGRAU 16 | E124: 0.87 | F124: 1.6 | G124: 1.6 | H124: =ROUND(G124*F124*E124,2) -> 2.23
C125: DEGRAU 17 | E125: =1.52+1.41 -> 2.93 | F125: 1.6 | G125: 1.6 | H125: =ROUND(G125*F125*E125,2) -> 7.5
C126: DEGRAU 18 | E126: 1.6 | F126: 1.6 | G126: 1.6 | H126: =ROUND(G126*F126*E126,2) -> 4.1
C127: DEGRAU 19 | E127: 14.6 | F127: 1.6 | G127: 1.6 | H127: =ROUND(G127*F127*E127,2) -> 37.38
C128: DEGRAU 20 | E128: 10.18 | F128: 1.6 | G128: 1.6 | H128: =ROUND(G128*F128*E128,2) -> 26.06
C129: DEGRAU 21 | E129: 4.37 | F129: 1.6 | G129: 1.6 | H129: =ROUND(G129*F129*E129,2) -> 11.19
C130: DEGRAU 22 | E130: 7.69 | F130: 1.6 | G130: 1.6 | H130: =ROUND(G130*F130*E130,2) -> 19.69
C131: DEGRAU 23 | E131: 12.51 | F131: 1.6 | G131: 1.6 | H131: =ROUND(G131*F131*E131,2) -> 32.03
C132: DEGRAU 24 | E132: 3.07 | F132: 1.6 | G132: 1.6 | H132: =ROUND(G132*F132*E132,2) -> 7.86
C133: DEGRAU 25 | E133: 20.03 | F133: 1.6 | G133: 1.6 | H133: =ROUND(G133*F133*E133,2) -> 51.28
C134: DEGRAU 26 | E134: 2.43 | F134: 1.6 | G134: 1.6 | H134: =ROUND(G134*F134*E134,2) -> 6.22
C135: DEGRAU 27 | E135: 3.1 | F135: 1.6 | G135: 1.6 | H135: =ROUND(G135*F135*E135,2) -> 7.94
C136: DEGRAU 28 | E136: 1.04 | F136: 1.6 | G136: 1.6 | H136: =ROUND(G136*F136*E136,2) -> 2.66
...

Sheet MEMO A-11
B8: CÓD. OBRA: 066 | C8: OBJETO: EXECUÇÃO DE REMANESCENTE DE OBRAS DE CONTENÇÃO DE ENCOSTAS EM 07 ÁREAS DE RISCO, NO MUNICÍPIO DE BETIM-MG. ÁREAS PREVISTAS NO TERMO DE COMPROMISSO N.º 0.398.478-71 .
B9: CONTRATADO: A LICITAR
B10: CONTRATO: PAC:
B12: MEDIÇÃO DE SERVIÇOS
B13: ITEM | C13: DISCRIMINAÇÃO | D13: X | E13: DIMENSÕES | H13: QUANTIDADES | J13: UN.
E14: COMP. | F14: LARG. | G14: ALTURA | H14: AUXILIAR | I14: DEFINITIVA
B16: 01 | C16: INSTALAÇAO DA OBRA E ADMINISTRAÇÃO LOCAL
B17: 01.01 | C17: PLACA DE OBRA
B18: 01.01.01 | C18: FORNECIMENTO E INSTALAÇÃO DE PLACA DE OBRA COM CHAPA GALVANIZADA E ESTRUTURA DE MADEIRA. | E18: COMP.(M) | F18: LARG.(M) | H18: ÁREA | I18: =SUM(H19:H19) -> 6 | J18: M2
C19: Área 11 - Rua Fernão Dias | E19: 3.11 | F19: 1.93 | H19: =ROUND(E19*F19,2) -> 6
B21: 01.03 | C21: CONTAINER
B22: 01.03.01 | C22: MOBILIZAÇÃO DE CONTAINER, INCLUSIVE CARGA, DESCARGA E TRANSPORTE EM CAMINHÃO CARROCERIA COM GUINDAUTO (MUNCK), EXCLUSIVE LOCAÇÃO DO CONTAINER | E22: QUANT. | H22: Total | I22: =H23 -> 1 | J22: UN
C23: ÁREA 11 | E23: 1 | H23: =E23 -> 1
B25: 01.03.02 | C25: DESMOBILIZAÇÃO DE CONTAINER, INCLUSIVE CARGA, DESCARGA E TRANSPORTE EM CAMINHÃO CARROCERIA COM GUINDAUTO (MUNCK), EXCLUSIVE LOCAÇÃO DO CONTAINER | E25: QUANT. | H25: Total | I25: =H26 -> 1 | J25: UN
C26: ÁREA 11 | E26: 1 | H26: =E26 -> 1
B28: 01.03.03 | C28: LOCACAO DE CONTAINER 2,30 X 6,00 M, ALT. 2,50 M, PARA ESCRITORIO, SEM DIVISORIAS INTERNAS E SEM SANITARIO (NAO INCLUI MOBILIZACAO/DESMOBILIZACAO) | E28: QUANT. | H28: Total | I28: =H29 -> 0 | J28: MÊS
C29: ÁREA 11 | E29: 0 | H29: =E29 -> 0
B31: 01.03.04 | C31: LOCACAO DE CONTAINER 2,30 X 4,30 M, ALT. 2,50 M, PARA SANITARIO, COM 3 BACIAS, 4 CHUVEIROS, 1 LAVATORIO E 1 MICTORIO (NAO INCLUI MOBILIZACAO/DESMOBILIZACAO) | E31: QUANT. | H31: Total | I31: =H32 -> 0 | J31: MÊS
C32: ÁREA 11 | E32: 0 | H32: =E32 -> 0
B34: 01.03.05 | C34: LOCAÇÃO DE CONTAINER COM ISOLAMENTO TÉRMICO, TIPO 4, PARA REFEITÓRIO DE OBRA, COM MEDIDAS REFERENCIAIS DE (6) METROS COMPRIMENTO, (2,3) METROS LARGURA E (2,5) METROS ALTURA ÚTIL INTERNA, INCLUSIVE LIGAÇÕES ELÉTRICAS INTERNAS, EXCLUSIVE MOBILIZAÇÃO/DESMOBILIZAÇÃO E LIGAÇÕES PROVISÓRIAS EXTERNAS | E34: QUANT. | H34: Total | I34: =H35 -> 0 | J34: MÊS
C35: ÁREA 11 | E35: 0 | H35: =E35 -> 0
B37: 01.03.06 | C37: LOCAÇÃO DE CONTAINER COM ISOLAMENTO TÉRMICO, TIPO 3, PARA DEPÓSITO/FERRAMENTARIA DE OBRA, COM MEDIDAS REFERENCIAIS DE (6) METROS COMPRIMENTO, (2,3) METROS LARGURA E (2,5) METROS ALTURA ÚTIL INTERNA, INCLUSIVE LIGAÇÕES ELÉTRICAS INTERNAS, EXCLUSIVE MOBILIZAÇÃO/DESMOBILIZAÇÃO E LIGAÇÕES PROVISÓRIAS EXTERNAS | E37: QUANT. | H37: Total | I37: =H38 -> 3 | J37: MÊS
C38: ÁREA 11 | E38: 3 | H38: =E38 -> 3
B40: 01.04 | C40: BANHEIRO QUIMICO
B41: 01.04.01 | C41: LOCAÇÃO DE BANHEIRO QUÍMICO, DIMENSÃO (110X120X230)CM, LINHA PADRÃO, CONTENDO UMA (1) PIA/HIGIENIZADOR DE MÃOS, INCLUSIVE MANUTENÇÃO E MOBILIZAÇÃO/DESMOBILIZAÇÃO | E41: QUANT. | H41: Total | I41: =H42 -> 3 | J41: MÊS
C42: ÁREA 11 | E42: 3 | H42: =E42 -> 3
B44: 01.05 | C44: TAPUME
B45: 01.05.01 | C45: TAPUME COM COMPENSADO DE MADEIRA. | E45: Comprimento | F45: Altura | H45: Área | I45: =H46 -> 0 | J45: M2
C46: FECHAMENTO FRONTAL DA OBRA | H46: =ROUND(E46*F46,2) -> 0
B48: 01.06 | C48: ADMINISTRACAO LOCAL DA OBRA
B49: 01.06.01 | C49: ADMINISTRACAO LOCAL - (conforme planilha em anexo) | E49: Total | H49: Total | I49: =H50 -> 0.005840051 | J49: UN
C50: ÁREA 11 | E50: 0.0058400514 | H50: =ROUND(E50,9) -> 0.005840051
B52: 03 | C52: LIMPEZA DO TERRENO
B53: 03.01 | C53: DESMATAMENTO, DESTOCAMENTO E LIMPEZA DO TERRENO
B54: 03.01.01 | C54: LIMPEZA MANUAL DE VEGETAÇÃO EM TERRENO COM ENXADA. | E54: ÁREA(M2) | H54: ÁREA(M2) | I54: =SUM(H55:H56) -> 805 | J54: M2
C55: Área 11
C56: Limpeza do terreno | E56: 805 | H56: =ROUND(E56,2) -> 805
B58: 03.02 | C58: CARGA DE MATERIAL DE QQUER NATUREZA SOBRE CAMINHAO
B59: 03.02.01 | C59: CARGA, MANOBRA E DESCARGA DE SOLOS E MATERIAIS GRANULARES EM CAMINHÃO BASCULANTE 10 M³ - CARGA COM ESCAVADEIRA HIDRÁULICA (CAÇAMBA DE 1,20 M³ / 155 HP) E DESCARGA LIVRE (UNIDADE: M3). | E59: ÁREA(M2) | F59: ALT.(M) | G59: EMPOLAMENTO | H59: VOLUME | I59: =SUM(H60:H61) -> 150.94 | J59: M3
C60: Área 11
C61: Limpeza do terreno | E61: 805 | F61: 0.15 | G61: 1.25 | H61: =ROUND(E61*F61*G61,2) -> 150.94
B63: 03.03 | C63: TRANSPORTE DE MATERIAL DE QUALQUER NATUREZA
B64: 03.03.01 | C64: TRANSPORTE COM CAMINHÃO BASCULANTE DE 10 M³, EM VIA URBANA PAVIMENTADA, DMT ATÉ 30 KM (UNIDADE: M3XKM). | E64: volume (m3) | F64: DMT(KM) | H64: TOTAL | I64: =SUM(H65:H66) -> 966.02 | J64: M3xKM
C65: Área 11
C66: Limpeza do terreno | E66: =H61 -> 150.94 | F66: 6.4 | H66: =ROUND(E66*F66,2) -> 966.02
C67: Distância conforme Mapa de DMT em anexo 6,40km
B69: 04 | C69: VIABILIZAÇÃO DAS OBRAS
B70: 04.01 | C70: FUNDAÇÃO
B71: 04.01.01 | C71: BALDRAME DE ALVENARIA DE BLOCO DE CONCRETO(SAPATA) E= 15 CM PREENCHIDO COM CONCRETO (20MPA) | I71: =SUM(H74:H82) -> 17.4 | J71: M2
C72: Área 11
C73: Caixa de passagem tipo 1 | D73: CXs. | E73: COMP.(M) | F73: ALT.(M) | H73: ÁREA
C74: Parede | D74: 4 | E74: 1.1 | F74: 0.95 | H74: =ROUND(D74*E74*F74,2) -> 4.18
C75: Parede | D75: 4 | E75: 1.1 | F75: 0.95 | H75: =ROUND(D75*E75*F75,2) -> 4.18
C76: Parede | D76: 4 | E76: 0.8 | F76: 0.95 | H76: =ROUND(D76*E76*F76,2) -> 3.04
C77: Parede | D77: 4 | E77: 0.8 | F77: 0.95 | H77: =ROUND(D77*E77*F77,2) -> 3.04
C78: Caixa de passagem tipo 2
C79: Parede | D79: 2 | E79: 0.88 | F79: 0.5 | H79: =ROUND(D79*E79*F79,2) -> 0.88
C80: Parede | D80: 2 | E80: 0.88 | F80: 0.5 | H80: =ROUND(D80*E80*F80,2) -> 0.88
C81: Parede | D81: 2 | E81: 0.6 | F81: 0.5 | H81: =ROUND(D81*E81*F81,2) -> 0.6
C82: Parede | D82: 2 | E82: 0.6 | F82: 0.5 | H82: =ROUND(D82*E82*F82,2) -> 0.6
B84: 04.02 | C84: ALVENARIAS E DIVISOES
B85: 04.02.01 | C85: ALVENARIA DE VEDAÇÃO DE BLOCOS VAZADOS DE CONCRETO DE 14X19X39 CM (ESPESSURA 14 CM) E ARGAMASSA DE ASSENTAMENTO COM PREPARO MANUAL. | I85: =SUM(H86:H87) -> 4.8 | J85: M2
C86: Área 11
C87: Reconstituição de muro - acesso para a obra | E87: 4.8 | F87: 1 | H87: =ROUND(F87*E87,2) -> 4.8
B89: 05 | C89: DRENAGEM (LANÇAMENTO)
B90: 05.16 | C90: FORNECIMENTO E ASSENTAMENTO DE TUBO PVC
B91: 05.16.01 | C91: TUBO DE PVC CORRUGADO DE DUPLA PAREDE PARA REDE COLETORA DE ESGOTO, DN 200 MM, JUNTA ELÁSTICA - FORNECIMENTO E ASSENTAMENTO. | E91: COMP. | F91: QUANT. | H91: COMP. | I91: =SUM(H92) -> 21.8 | J91: M
C92: Lançamento na rede pública | E92: 10.9 | F92: 2 | H92: =ROUND(E92*F92,2) -> 21.8
B94: 05.17 | C94: CANALETA/ BUEIRO/ ESCADA HIDRAULICA
B95: 05.17.01 | C95: ESCAVAÇÃO MANUAL DE VALA COM PROFUNDIDADE MENOR OU IGUAL A 1,30 M. | I95: =SUM(H96:H107) -> 43.46 | J95: M3
C96: Área 11
C97: Canaleta CA1 - trecho 1 | E97: 30.65 | F97: 0.7 | G97: 0.25 | H97: =ROUND(E97*F97*G97,2) -> 5.36
C98: Canaleta CA1 - trecho 2 | E98: 13.1 | F98: 0.7 | G98: 0.25 | H98: =ROUND(E98*F98*G98,2) -> 2.29
C99: Canaleta CA2 - trecho 1 | E99: 30.55 | F99: 0.7 | G99: 0.25 | H99: =ROUND(E99*F99*G99,2) -> 5.35
C100: Canaleta CA2 - trecho 2 | E100: 20.7 | F100: 0.7 | G100: 0.25 | H100: =ROUND(E100*F100*G100,2) -> 3.62
C101: Canaleta CA3 | E101: 15 | F101: 0.7 | G101: 0.28 | H101: =ROUND(E101*F101*G101,2) -> 2.94
C102: Caixa tipo 1 | D102: 4 | E102: 1.4 | F102: 1.4 | G102: 1.05 | H102: =ROUND(D102*E102*F102*G102,2) -> 8.23
C103: Caixa tipo 2 | D103: 2 | E103: =0.88+0.3 -> 1.18 | F103: 1.18 | G103: 0.6 | H103: =ROUND(D103*E103*F103*G103,2) -> 1.67
C104: Escavação para drenagem em tubos DN 200mm | E104: 10.18 | F104: 0.8 | G104: 0.6 | H104: =ROUND(E104*F104*G104,2) -> 4.89
C105: Escavação para tubos de descida (muro de arrimo) | E105: 5.2 | F105: 0.8 | G105: 0.8 | H105: =ROUND(E105*F105*G105,2) -> 3.33
C106: Escavação de valeta de drenagem (superior) | E106: 34.5 | F106: 0.4 | G106: 0.2 | H106: =ROUND(E106*F106*G106,2) -> 2.76
C107: Escavação de valeta de drenagem (inferior) | E107: 37.8 | F107: 0.4 | G107: 0.2 | H107: =ROUND(E107*F107*G107,2) -> 3.02
B109: 05.17.02 | C109: REATERRO MANUAL DE VALAS, COM PLACA VIBRATÓRIA. | I109: =SUM(H110:H121) -> 13.25 | J109: M3
C110: Área 11
C111: Canaleta CA1 - trecho 1 | E111: 30.65 | F111: 0.3 | G111: 0.25 | H111: =ROUND(E111*F111*G111,2) -> 2.3
C112: Canaleta CA1 - trecho 2 | E112: 13.1 | F112: 0.3 | G112: 0.25 | H112: =ROUND(E112*F112*G112,2) -> 0.98
C113: Canaleta CA2 - trecho 1 | E113: 30.55 | F113: 0.3 | G113: 0.25 | H113: =ROUND(E113*F113*G113,2) -> 2.29
C114: Canaleta CA2 - trecho 2 | E114: 20.7 | F114: 0.3 | G114: 0.25 | H114: =ROUND(E114*F114*G114,2) -> 1.55
C115: Canaleta CA3 | E115: 15 | F115: 0.3 | G115: 0.28 | H115: =ROUND(E115*F115*G115,2) -> 1.26
C116: Caixa tipo 1 | D116: 4 | E116: 0.3 | F116: 0.3 | G116: 1.05 | H116: =ROUND(D116*E116*F116*G116,2) -> 0.38
C117: Caixa tipo 2 | D117: 2 | E117: 0.3 | F117: 0.3 | G117: 0.6 | H117: =ROUND(D117*E117*F117*G117,2) -> 0.11
C118: Escavação para drenagem em tubos DN 200mm | E118: 10.18 | F118: 0.8 | G118: 0.6 | H118: =ROUND(E118*F118*G118,2) -> 4.89
C119: Desconto de 2 tubos de 200mm | E119: 10.18 | F119: =-3.1416*0.2^2/4*2 -> -0.062832 | H119: =ROUND(E119*F119,2) -> -0.64
C120: Escavação para tubos de descida (muro de arrimo) | E120: 5.2 | F120: 0.8 | G120: 0.8 | H120: =ROUND(E120*F120*G120,2) -> 3.33
C121: Desconto de 2 tubos de 200mm | E121: 51 | F121: =-3.1416*0.2^2/4*2 -> -0.062832 | H121: =ROUND(E121*F121,2) -> -3.2
B123: 05.17.03 | C123: FORNECIMENTO E COLOCACAO DE AÇO CA60 | E123: COMP. | F123: DESENV. | G123: KG/M2 | H123: PESO | I123: =SUM(H124:H130) -> 448.28 | J123: KG
C124: Área 11
C125: Canaleta CA1 - trecho 1 | E125: 30.65 | F125: =0.25*2+0.4+2*0.05 -> 1 | G125: 3.91 | H125: =ROUND(E125*F125*G125,2) -> 119.84
C126: Canaleta CA1 - trecho 2 | E126: 13.1 | F126: =0.25*2+0.4+2*0.05 -> 1 | G126: 3.91 | H126: =ROUND(E126*F126*G126,2) -> 51.22
C127: Canaleta CA2 - trecho 1 | E127: 30.55 | F127: =0.25*2+0.4+2*0.05 -> 1 | G127: 3.91 | H127: =ROUND(E127*F127*G127,2) -> 119.45
...

Sheet MEMO A-18
B8: CÓD. OBRA: 066 | C8: OBJETO: EXECUÇÃO DE REMANESCENTE DE OBRAS DE CONTENÇÃO DE ENCOSTAS EM 07 ÁREAS DE RISCO, NO MUNICÍPIO DE BETIM-MG. ÁREAS PREVISTAS NO TERMO DE COMPROMISSO N.º 0.398.478-71 .
B9: CONTRATADO: A LICITAR
B10: CONTRATO: PAC:
B12: MEDIÇÃO DE SERVIÇOS
B13: ITEM | C13: DISCRIMINAÇÃO | D13: X | E13: DIMENSÕES | H13: QUANTIDADES | J13: UN.
E14: COMP. | F14: LARG. | G14: ALTURA | H14: AUXILIAR | I14: DEFINITIVA
B15: 01 | C15: INSTALAÇAO DA OBRA E ADMINISTRAÇÃO LOCAL
B16: 01.01 | C16: PLACA DE OBRA
B17: 01.01.01 | C17: FORNECIMENTO E INSTALAÇÃO DE PLACA DE OBRA COM CHAPA GALVANIZADA E ESTRUTURA DE MADEIRA. | E17: Alt. | F17: Larg. | H17: Área | I17: =SUM(H18:H18) -> 6 | J17: M2
C18: ÁREA 18 | E18: 3.11 | F18: 1.93 | H18: =ROUND(E18*F18,2) -> 6
B20: 01.02 | C20: INSTALAÇAO PROVISORIA - CONCESSIONARIA
B21: 01.02.01 | C21: LIGAÇÃO PROVISÓRIA COM ENTRADA DE ENERGIA AÉREA, PADRÃO CEMIG, CARGA INSTALADA DE 15,1KVA ATÉ 30KVA, TRIFÁSICO, COM SAÍDA SUBTERRÂNEA, INCLUSIVE POSTE, CAIXA PARA MEDIDOR, DISJUNTOR, BARRAMENTO, ATERRAMENTO E ACESSÓRIOS | E21: QUANT. | H21: Total | I21: =SUM(H22:H22) -> 1 | J21: UN
C22: ÁREA 18 | E22: 1 | H22: =E22 -> 1
B24: 01.02.02 | C24: KIT CAVALETE PARA MEDIÇÃO DE ÁGUA - ENTRADA PRINCIPAL, EM PVC DN 25 MM (3/4") - FORNECIMENTO E INSTALAÇÃO (EXCLUSIVE HIDRÔMETRO). | E24: QUANT. | H24: Total | I24: =SUM(H25:H25) -> 1 | J24: UN
C25: ÁREA 18 | E25: 1 | H25: =E25 -> 1
B27: 01.02.03 | C27: HIDRÔMETRO DN 3/4", 5,0 M3/H - FORNECIMENTO E INSTALAÇÃO. | E27: QUANT. | H27: Total | I27: =SUM(H28:H28) -> 1 | J27: UN
C28: ÁREA 18 | E28: 1 | H28: =E28 -> 1
B30: 01.03 | C30: CONTAINER
B31: 01.03.01 | C31: MOBILIZAÇÃO DE CONTAINER, INCLUSIVE CARGA, DESCARGA E TRANSPORTE EM CAMINHÃO CARROCERIA COM GUINDAUTO (MUNCK), EXCLUSIVE LOCAÇÃO DO CONTAINER | E31: QUANT. | H31: Total | I31: =H32 -> 4 | J31: UN
C32: ÁREA 18 | E32: 4 | H32: =E32 -> 4
B34: 01.03.02 | C34: DESMOBILIZAÇÃO DE CONTAINER, INCLUSIVE CARGA, DESCARGA E TRANSPORTE EM CAMINHÃO CARROCERIA COM GUINDAUTO (MUNCK), EXCLUSIVE LOCAÇÃO DO CONTAINER | E34: QUANT. | H34: Total | I34: =H35 -> 4 | J34: UN
C35: ÁREA 18 | E35: 4 | H35: =E35 -> 4
B37: 01.03.03 | C37: LOCACAO DE CONTAINER 2,30 X 6,00 M, ALT. 2,50 M, PARA ESCRITORIO, SEM DIVISORIAS INTERNAS E SEM SANITARIO (NAO INCLUI MOBILIZACAO/DESMOBILIZACAO) | E37: QUANT. | H37: Total | I37: =H38 -> 5 | J37: MÊS
C38: ÁREA 18 | E38: 5 | H38: =E38 -> 5
B40: 01.03.04 | C40: LOCACAO DE CONTAINER 2,30 X 4,30 M, ALT. 2,50 M, PARA SANITARIO, COM 3 BACIAS, 4 CHUVEIROS, 1 LAVATORIO E 1 MICTORIO (NAO INCLUI MOBILIZACAO/DESMOBILIZACAO) | E40: QUANT. | H40: Total | I40: =H41 -> 5 | J40: MÊS
C41: ÁREA 18 | E41: 5 | H41: =E41 -> 5
B43: 01.03.05 | C43: LOCAÇÃO DE CONTAINER COM ISOLAMENTO TÉRMICO, TIPO 4, PARA REFEITÓRIO DE OBRA, COM MEDIDAS REFERENCIAIS DE (6) METROS COMPRIMENTO, (2,3) METROS LARGURA E (2,5) METROS ALTURA ÚTIL INTERNA, INCLUSIVE LIGAÇÕES ELÉTRICAS INTERNAS, EXCLUSIVE MOBILIZAÇÃO/DESMOBILIZAÇÃO E LIGAÇÕES PROVISÓRIAS EXTERNAS | E43: QUANT. | H43: Total | I43: =H44 -> 5 | J43: MÊS
C44: ÁREA 18 | E44: 5 | H44: =E44 -> 5
B46: 01.03.06 | C46: LOCAÇÃO DE CONTAINER COM ISOLAMENTO TÉRMICO, TIPO 3, PARA DEPÓSITO/FERRAMENTARIA DE OBRA, COM MEDIDAS REFERENCIAIS DE (6) METROS COMPRIMENTO, (2,3) METROS LARGURA E (2,5) METROS ALTURA ÚTIL INTERNA, INCLUSIVE LIGAÇÕES ELÉTRICAS INTERNAS, EXCLUSIVE MOBILIZAÇÃO/DESMOBILIZAÇÃO E LIGAÇÕES PROVISÓRIAS EXTERNAS | E46: QUANT. | H46: Total | I46: =H47 -> 5 | J46: MÊS
C47: ÁREA 18 | E47: 5 | H47: =E47 -> 5
B49: 01.04 | C49: BANHEIRO QUIMICO
B50: 01.04.01 | C50: LOCAÇÃO DE BANHEIRO QUÍMICO, DIMENSÃO (110X120X230)CM, LINHA PADRÃO, CONTENDO UMA (1) PIA/HIGIENIZADOR DE MÃOS, INCLUSIVE MANUTENÇÃO E MOBILIZAÇÃO/DESMOBILIZAÇÃO | E50: QUANT. | H50: Total | I50: =H51 -> 5 | J50: MÊS
C51: ÁREA 18 | E51: 5 | H51: =E51 -> 5
B53: 01.05 | C53: TAPUME
B54: 01.05.01 | C54: TAPUME COM COMPENSADO DE MADEIRA. | E54: COMP. | F54: ALTURA | I54: =SUM(H55:H55) -> 28.16 | J54: M2
C55: ÁREA 18 | E55: 12.8 | F55: 2.2 | H55: =E55*F55 -> 28.16
B57: 01.06 | C57: ADMINISTRACAO LOCAL DA OBRA
B58: 01.06.01 | C58: ADMINISTRACAO LOCAL - (conforme planilha em anexo) | E58: Total | H58: Total | I58: =H59 -> 0.36776022 | J58: UN
C59: ÁREA 18 | E59: 0.36776022 | H59: =ROUND(E59,9) -> 0.36776022
B61: 02 | C61: DEMOLIÇÕES
B62: 02.01 | C62: DEMOLIÇÃO DE PISO DE CONCRETO SIMPLES, DE FORMA MECANIZADA COM MARTELETE, SEM REAPROVEITAMENTO. | E62: ÁREA | G62: ALTURA | H62: TOTAL | I62: =H63 -> 11.16 | J62: M3
C63: ÁREA 18 | E63: 111.6 | G63: 0.1 | H63: =ROUND(E63*G63,2) -> 11.16
B65: 02.03 | C65: DEMOLIÇÃO DE REVESTIMENTO ASFÁLTICO, COM EQUIPAMENTO PNEUMÁTICO, EXCLUSIVE TRANSPORTE E RETIRADA DO MATERIAL DEMOLIDO | E65: ÁREA | G65: Espessura | H65: TOTAL | I65: =H66 -> 29.46 | J65: M3
C66: ÁREA 18 | E66: 196.4 | G66: 0.15 | H66: =ROUND(E66*G66,2) -> 29.46
B68: 02.04 | C68: CARGA DE MATERIAL DE QQUER NATUREZA SOBRE CAMINHAO
B69: 02.04.01 | C69: CARGA MANUAL DE MATERIAL DE QUALQUER NATUREZA SOBRE CAMINHÃO, EXCLUSIVE TRANSPORTE | E69: ÁREA | F69: ESPES. | G69: EMPOLAM. | H69: VOLUME | I69: =SUM(H71:H72) -> 52.81 | J69: M3
C70: ÁREA 18
C71: MATERIAL DEMOLIDO - ITEM 02.01 | E71: =E63 -> 111.6 | F71: 0.1 | G71: 1.3 | H71: =ROUND(G71*F71*E71,2) -> 14.51
C72: MATERIAL DEMOLIDO - ITEM 02.03 | E72: =E66 -> 196.4 | F72: 0.15 | G72: 1.3 | H72: =ROUND(G72*F72*E72,2) -> 38.3
B74: 02.05 | C74: TRANSPORTE DE MATERIAL DEMOLIDO EM CAMINHAO
B75: 02.05.01 | C75: TRANSPORTE COM CAMINHÃO BASCULANTE DE 10 M³, EM VIA URBANA PAVIMENTADA, DMT ATÉ 30 KM (UNIDADE: M3XKM). | E75: VOLUME | F75: DISTÂNCIA | H75: TOTAL | I75: =SUM(H77:H78) -> 850.24 | J75: M3KM
C76: ÁREA 18
C77: MATERIAL DEMOLIDO - ITEM 02.01 | E77: =H71 -> 14.51 | F77: 16.1 | H77: =ROUND(F77*E77,2) -> 233.61
C78: MATERIAL DEMOLIDO - ITEM 02.03 | E78: =H72 -> 38.3 | F78: 16.1 | H78: =ROUND(F78*E78,2) -> 616.63
C79: Distância conforme Mapa de DMT em anexo 16,10km
B81: 03 | C81: LIMPEZA DO TERRENO
B82: 03.01 | C82: DESMATAMENTO, DESTOCAMENTO E LIMPEZA DO TERRENO
B83: 03.01.01 | C83: LIMPEZA MANUAL DE VEGETAÇÃO EM TERRENO COM ENXADA. | I83: =H85 -> 35770.9 | J83: M2
C84: ÁREA 18 | E84: ÁREA | H84: TOTAL
C85: LIMPEZA DO TERRENO | E85: 35770.9 | H85: =E85 -> 35770.9
B87: 03.02 | C87: CARGA DE MATERIAL DE QQUER NATUREZA SOBRE CAMINHAO
B88: 03.02.01 | C88: CARGA, MANOBRA E DESCARGA DE SOLOS E MATERIAIS GRANULARES EM CAMINHÃO BASCULANTE 10 M³ - CARGA COM ESCAVADEIRA HIDRÁULICA (CAÇAMBA DE 1,20 M³ / 155 HP) E DESCARGA LIVRE (UNIDADE: M3). | I88: =H90 -> 8942.73 | J88: M3
C89: ÁREA 18 | E89: ÁREA | F89: ESPESSURA | G89: EMPOLAM. | H89: TOTAL
C90: LIMPEZA DO TERRENO | E90: 35770.9 | F90: 0.2 | G90: 1.25 | H90: =ROUND(G90*F90*E90,2) -> 8942.73
B92: 03.03 | C92: TRANSPORTE DE MATERIAL DE QUALQUER NATUREZA
B93: 03.03.01 | C93: TRANSPORTE COM CAMINHÃO BASCULANTE DE 10 M³, EM VIA URBANA PAVIMENTADA, DMT ATÉ 30 KM (UNIDADE: M3XKM). | I93: =H95 -> 50973.56 | J93: M3KM
C94: ÁREA 18 | E94: VOLUME | F94: DISTÂNCIA | H94: TOTAL
C95: LIMPEZA DO TERRENO | E95: =H90 -> 8942.73 | F95: 5.7 | H95: =ROUND(F95*E95,2) -> 50973.56
C96: Distância conforme Mapa de DMT em anexo 5,70km
B98: 05 | C98: DRENAGEM (LANÇAMENTO)
B99: 05.01 | C99: ESCAVAÇAO MECANICA DE VALAS COM DESCARGA LATERAL
B100: 05.01.01 | C100: ESCAVAÇÃO MECANIZADA DE VALA COM PROF. ATÉ 1,5 M (MÉDIA MONTANTE E JUSANTE/UMA COMPOSIÇÃO POR TRECHO), ESCAVADEIRA (0,8 M3),LARG. MENOR QUE 1,5 M, EM SOLO DE 1A CATEGORIA, LOCAIS COM BAIXO NÍVEL DE INTERFERÊNCIA. | I100: =SUM(H102:H103) -> 234.75 | J100: M3
C101: ÁREA 18 | E101: COMP. | F101: LARGURA | G101: ALTURA | H101: VOLUME
C102: REDE TUBULAR - DN=400MM | E102: 106.5 | F102: 1 | G102: 1.5 | H102: =ROUND(G102*F102*E102,2) -> 159.75
C103: REDE TUBULAR - DN=600MM | E103: 40 | F103: 1.25 | G103: 1.5 | H103: =ROUND(G103*F103*E103,2) -> 75
B105: 05.02 | C105: CARGA DE MATERIAL
B106: 05.02.01 | C106: CARGA, MANOBRA E DESCARGA DE SOLOS E MATERIAIS GRANULARES EM CAMINHÃO BASCULANTE 10 M³ - CARGA COM ESCAVADEIRA HIDRÁULICA (CAÇAMBA DE 1,20 M³ / 155 HP) E DESCARGA LIVRE (UNIDADE: M3). | I106: =SUM(H108:H109) -> 30.87 | J106: M3
C107: ÁREA 18 | E107: COMP. | F107: ÁREA | G107: EMPOL. | H107: VOLUME
C108: REDE TUBULAR - DN=400MM | E108: 106.5 | F108: =(0.4^2*3.1416/4) -> 0.125664 | G108: 1.25 | H108: =ROUND(F108*E108*G108,2) -> 16.73
C109: REDE TUBULAR - DN=600MM | E109: 40 | F109: =(0.6^2*3.1416/4) -> 0.282744 | G109: 1.25 | H109: =ROUND(F109*E109*G109,2) -> 14.14
B111: 05.03 | C111: TRANSPORTE DE MATERIAL DE QUALQUER NATUREZA
B112: 05.03.01 | C112: TRANSPORTE COM CAMINHÃO BASCULANTE DE 10 M³, EM VIA URBANA PAVIMENTADA, DMT ATÉ 30 KM (UNIDADE: M3XKM). | I112: =SUM(H114:H115) -> 175.96 | J112: M3xKM
C113: ÁREA 18 | E113: VOLUME | F113: DISTÂNCIA | H113: TOTAL
C114: REDE TUBULAR - DN=400MM | E114: =H108 -> 16.73 | F114: 5.7 | H114: =ROUND(F114*E114,2) -> 95.36
C115: REDE TUBULAR - DN=600MM | E115: =H109 -> 14.14 | F115: 5.7 | H115: =ROUND(F115*E115,2) -> 80.6
C116: Distância conforme Mapa de DMT em anexo 5,70km
B118: 05.04 | C118: REATERRO DE VALA
B119: 05.04.01 | C119: REATERRO MANUAL DE VALAS, COM PLACA VIBRATÓRIA. | I119: =SUM(H121:H124) -> 210.06 | J119: M3
C120: ÁREA 18 | E120: COMP. | F120: LARGURA | G120: ALTURA | H120: VOLUME
C121: REDE TUBULAR - DN=400MM | E121: 106.5 | F121: 1 | G121: 1.5 | H121: =ROUND(G121*F121*E121,2) -> 159.75
C122: DESCUNTO TUBULAÇÃO | E122: 106.5 | F122: =-(0.4^2*3.1416/4) -> -0.125664 | H122: =ROUND(F122*E122,2) -> -13.38
C123: REDE TUBULAR - DN=600MM | E123: 40 | F123: 1.25 | G123: 1.5 | H123: =ROUND(G123*F123*E123,2) -> 75
C124: DESCUNTO TUBULAÇÃO | E124: 40 | F124: =-(0.6^2*3.1416/4) -> -0.282744 | H124: =ROUND(F124*E124,2) -> -11.31
B126: 05.05 | C126: REDE TUBULAR DE CONCRETO
B127: 05.05.01 | C127: TUBO DE CONCRETO PARA REDES COLETORAS DE ÁGUAS PLUVIAIS, DIÂMETRO DE 400 MM, JUNTA RÍGIDA, INSTALADO EM LOCAL COM BAIXO NÍVEL DE INTERFERÊNCIAS - FORNECIMENTO E ASSENTAMENTO. | I127: =SUM(H129) -> 106.5 | J127: M
C128: ÁREA 18 | E128: COMP. | H128: TOTAL
C129: REDE TUBULAR - DN=400MM | E129: 106.5 | H129: =E129 -> 106.5
B131: 05.05.02 | C131: TUBO DE CONCRETO PARA REDES COLETORAS DE ÁGUAS PLUVIAIS, DIÂMETRO DE 600 MM, JUNTA RÍGIDA, INSTALADO EM LOCAL COM BAIXO NÍVEL DE INTERFERÊNCIAS - FORNECIMENTO E ASSENTAMENTO. | I131: =SUM(H133) -> 40 | J131: M
C132: ÁREA 18 | E132: COMP. | H132: TOTAL
C133: REDE TUBULAR - DN=600MM | E133: 40 | H133: =E133 -> 40
...

Sheet MEMO A-21
B8: CÓD. OBRA: 066 | C8: OBJETO: EXECUÇÃO DE REMANESCENTE DE OBRAS DE CONTENÇÃO DE ENCOSTAS EM 07 ÁREAS DE RISCO, NO MUNICÍPIO DE BETIM-MG. ÁREAS PREVISTAS NO TERMO DE COMPROMISSO N.º 0.398.478-71 .
B9: CONTRATADO: A LICITAR
B10: CONTRATO: PAC:
B12: MEDIÇÃO DE SERVIÇOS
B13: ITEM | C13: DISCRIMINAÇÃO | D13: X | E13: DIMENSÕES | H13: QUANTIDADES | J13: UN.
E14: COMP. | F14: LARG. | G14: ALTURA | H14: AUXILIAR | I14: DEFINITIVA
B16: 01 | C16: INSTALAÇAO DA OBRA E ADMINISTRAÇÃO LOCAL
B17: 01.01 | C17: PLACA DE OBRA
B18: 01.01.01 | C18: FORNECIMENTO E INSTALAÇÃO DE PLACA DE OBRA COM CHAPA GALVANIZADA E ESTRUTURA DE MADEIRA. | E18: Alt. | F18: Larg. | H18: Área | I18: =SUM(H19:H19) -> 6 | J18: M2
C19: ÁREA 21 | E19: 3.11 | F19: 1.93 | H19: =ROUND(E19*F19,2) -> 6
B21: 01.02 | C21: INSTALAÇAO PROVISORIA - CONCESSIONARIA
B22: 01.02.01 | C22: LIGAÇÃO PROVISÓRIA COM ENTRADA DE ENERGIA AÉREA, PADRÃO CEMIG, CARGA INSTALADA DE 15,1KVA ATÉ 30KVA, TRIFÁSICO, COM SAÍDA SUBTERRÂNEA, INCLUSIVE POSTE, CAIXA PARA MEDIDOR, DISJUNTOR, BARRAMENTO, ATERRAMENTO E ACESSÓRIOS | H22: Total | I22: =H23 -> 1 | J22: UN
C23: ÁREA 21 | H23: 1
B25: 01.02.02 | C25: KIT CAVALETE PARA MEDIÇÃO DE ÁGUA - ENTRADA PRINCIPAL, EM PVC DN 25 MM (3/4") - FORNECIMENTO E INSTALAÇÃO (EXCLUSIVE HIDRÔMETRO). | H25: Total | I25: =H26 -> 1 | J25: UN
C26: ÁREA 21 | H26: 1
B28: 01.02.03 | C28: HIDRÔMETRO DN 3/4", 5,0 M3/H - FORNECIMENTO E INSTALAÇÃO. | H28: Total | I28: =H29 -> 1 | J28: UN
C29: ÁREA 21 | H29: 1
B31: 01.03 | C31: CONTAINER
B32: 01.03.01 | C32: MOBILIZAÇÃO DE CONTAINER, INCLUSIVE CARGA, DESCARGA E TRANSPORTE EM CAMINHÃO CARROCERIA COM GUINDAUTO (MUNCK), EXCLUSIVE LOCAÇÃO DO CONTAINER | E32: QUANT. | H32: Total | I32: =H33 -> 4 | J32: UN
C33: ÁREA 21 | E33: 4 | H33: =E33 -> 4
B35: 01.03.02 | C35: DESMOBILIZAÇÃO DE CONTAINER, INCLUSIVE CARGA, DESCARGA E TRANSPORTE EM CAMINHÃO CARROCERIA COM GUINDAUTO (MUNCK), EXCLUSIVE LOCAÇÃO DO CONTAINER | E35: QUANT. | H35: Total | I35: =H36 -> 4 | J35: UN
C36: ÁREA 21 | E36: 4 | H36: =E36 -> 4
B38: 01.03.03 | C38: LOCACAO DE CONTAINER 2,30 X 6,00 M, ALT. 2,50 M, PARA ESCRITORIO, SEM DIVISORIAS INTERNAS E SEM SANITARIO (NAO INCLUI MOBILIZACAO/DESMOBILIZACAO) | E38: QUANT. | H38: Total | I38: =H39 -> 4 | J38: MÊS
C39: ÁREA 21 | E39: 4 | H39: =E39 -> 4
B41: 01.03.04 | C41: LOCACAO DE CONTAINER 2,30 X 4,30 M, ALT. 2,50 M, PARA SANITARIO, COM 3 BACIAS, 4 CHUVEIROS, 1 LAVATORIO E 1 MICTORIO (NAO INCLUI MOBILIZACAO/DESMOBILIZACAO) | E41: QUANT. | H41: Total | I41: =H42 -> 4 | J41: MÊS
C42: ÁREA 21 | E42: 4 | H42: =E42 -> 4
B44: 01.03.05 | C44: LOCAÇÃO DE CONTAINER COM ISOLAMENTO TÉRMICO, TIPO 4, PARA REFEITÓRIO DE OBRA, COM MEDIDAS REFERENCIAIS DE (6) METROS COMPRIMENTO, (2,3) METROS LARGURA E (2,5) METROS ALTURA ÚTIL INTERNA, INCLUSIVE LIGAÇÕES ELÉTRICAS INTERNAS, EXCLUSIVE MOBILIZAÇÃO/DESMOBILIZAÇÃO E LIGAÇÕES PROVISÓRIAS EXTERNAS | E44: QUANT. | H44: Total | I44: =H45 -> 4 | J44: MÊS
C45: ÁREA 21 | E45: 4 | H45: =E45 -> 4
B47: 01.03.06 | C47: LOCAÇÃO DE CONTAINER COM ISOLAMENTO TÉRMICO, TIPO 3, PARA DEPÓSITO/FERRAMENTARIA DE OBRA, COM MEDIDAS REFERENCIAIS DE (6) METROS COMPRIMENTO, (2,3) METROS LARGURA E (2,5) METROS ALTURA ÚTIL INTERNA, INCLUSIVE LIGAÇÕES ELÉTRICAS INTERNAS, EXCLUSIVE MOBILIZAÇÃO/DESMOBILIZAÇÃO E LIGAÇÕES PROVISÓRIAS EXTERNAS | E47: QUANT. | H47: Total | I47: =H48 -> 4 | J47: MÊS
C48: ÁREA 21 | E48: 4 | H48: =E48 -> 4
B50: 01.04 | C50: BANHEIRO QUIMICO
B51: 01.04.01 | C51: LOCAÇÃO DE BANHEIRO QUÍMICO, DIMENSÃO (110X120X230)CM, LINHA PADRÃO, CONTENDO UMA (1) PIA/HIGIENIZADOR DE MÃOS, INCLUSIVE MANUTENÇÃO E MOBILIZAÇÃO/DESMOBILIZAÇÃO | E51: QUANT. | H51: Total | I51: =H52 -> 4 | J51: MÊS
C52: ÁREA 21 | E52: 4 | H52: =E52 -> 4
B54: 01.05 | C54: TAPUME
B55: 01.05.01 | C55: TAPUME COM COMPENSADO DE MADEIRA. | I55: =H57 -> 66 | J55: M2
C56: ÁREA 21 | E56: Comprimento | F56: Altura | H56: Área
C57: FECHAMENTO DE PROTEÇÃO - ÁREA SUPERIOR | E57: 30 | F57: 2.2 | H57: =E57*F57 -> 66
B59: 01.06 | C59: ADMINISTRACAO LOCAL DA OBRA
B60: 01.06.01 | C60: ADMINISTRACAO LOCAL - (conforme planilha em anexo) | E60: Total | H60: Total | I60: =H61 -> 0.22047234 | J60: UN
C61: ÁREA 21 | E61: 0.22047234 | H61: =ROUND(E61,9) -> 0.22047234
B63: 03 | C63: LIMPEZA DO TERRENO
B64: 03.01 | C64: DESMATAMENTO, DESTOCAMENTO E LIMPEZA DO TERRENO
B65: 03.01.02 | C65: LIMPEZA MECANIZADA DE CAMADA VEGETAL, VEGETAÇÃO E PEQUENAS ÁRVORES (DIÂMETRO DE TRONCO MENOR QUE 0,20 M), COM TRATOR DE ESTEIRAS. | I65: =H67 -> 2200 | J65: M2
C66: ÁREA 21 | E66: Área | H66: Total
C67: Limpeza da área de obra | E67: 2200 | H67: =E67 -> 2200
B69: 03.02 | C69: CARGA DE MATERIAL DE QQUER NATUREZA SOBRE CAMINHAO
B70: 03.02.01 | C70: CARGA, MANOBRA E DESCARGA DE SOLOS E MATERIAIS GRANULARES EM CAMINHÃO BASCULANTE 10 M³ - CARGA COM ESCAVADEIRA HIDRÁULICA (CAÇAMBA DE 1,20 M³ / 155 HP) E DESCARGA LIVRE (UNIDADE: M3). | I70: =H72 -> 412.5 | J70: M3
C71: ÁREA 21 | E71: Área | F71: Espessura | G71: Empol. | H71: Volume
C72: Limpeza da área de obra | E72: =H67 -> 2200 | F72: 0.15 | G72: 0.25 | H72: =ROUND(E72*F72*(1+G72),2) -> 412.5
B74: 03.03 | C74: TRANSPORTE DE MATERIAL DE QUALQUER NATUREZA
B75: 03.03.01 | C75: TRANSPORTE COM CAMINHÃO BASCULANTE DE 10 M³, EM VIA URBANA PAVIMENTADA, DMT ATÉ 30 KM (UNIDADE: M3XKM). | I75: =H77 -> 7383.75 | J75: M3KM
C76: ÁREA 21 | E76: Volume | F76: Distância | H76: Total
C77: Limpeza da área de obra | E77: =H72 -> 412.5 | F77: 17.9 | H77: =ROUND(E77*F77,2) -> 7383.75
C78: Distância conforme Mapa de DMT em anexo 17,9km
B80: 05 | C80: DRENAGEM (LANÇAMENTO)
B81: 05.01 | C81: ESCAVAÇAO MECANICA DE VALAS COM DESCARGA LATERAL
B82: 05.01.01 | C82: ESCAVAÇÃO MECANIZADA DE VALA COM PROF. ATÉ 1,5 M (MÉDIA MONTANTE E JUSANTE/UMA COMPOSIÇÃO POR TRECHO), ESCAVADEIRA (0,8 M3),LARG. MENOR QUE 1,5 M, EM SOLO DE 1A CATEGORIA, LOCAIS COM BAIXO NÍVEL DE INTERFERÊNCIA. | I82: =SUM(H83:H90) -> 113.08 | J82: M3
C83: ÁREA 21 | E83: Comprim. | F83: largura | G83: altura | H83: volume
C84: REDE DE DRENAGEM - EIXO 1 | E84: 42.93 | F84: 0.7 | G84: 1 | H84: =ROUND(E84*F84*G84,2) -> 30.05
C85: REDE DE DRENAGEM - EIXO 2 | E85: 30.85 | F85: 0.7 | G85: 1 | H85: =ROUND(E85*F85*G85,2) -> 21.6
C86: REDE DE DRENAGEM - EIXO 3 | E86: 22.81 | F86: 0.7 | G86: 1 | H86: =ROUND(E86*F86*G86,2) -> 15.97
C87: LANÇAMENTO DA CAIXA DE CAPTAÇÃO EM REDE EXISTENTE | E87: 8.75 | F87: 0.9 | G87: 1 | H87: =ROUND(E87*F87*G87,2) -> 7.88
C88: LIGAÇÃO ENTRE CAIXAS DE PASSAGEM | E88: 6.64 | F88: 0.9 | G88: 1.2 | H88: =ROUND(E88*F88*G88,2) -> 7.17
C89: LIGAÇÃO ENTRE CAIXAS DE PASSAGEM | E89: 10.37 | F89: 0.9 | G89: 1.2 | H89: =ROUND(E89*F89*G89,2) -> 11.2
C90: LANÇAMENTO NO CÓRREGO | E90: 17.79 | F90: 0.9 | G90: 1.2 | H90: =ROUND(E90*F90*G90,2) -> 19.21
B92: 05.02 | C92: CARGA DE MATERIAL
B93: 05.02.01 | C93: CARGA, MANOBRA E DESCARGA DE SOLOS E MATERIAIS GRANULARES EM CAMINHÃO BASCULANTE 10 M³ - CARGA COM ESCAVADEIRA HIDRÁULICA (CAÇAMBA DE 1,20 M³ / 155 HP) E DESCARGA LIVRE (UNIDADE: M3). | I93: =SUM(H95:H101) -> 30.57 | J93: M3
C94: ÁREA 21 | E94: comprim. | F94: seção tubo | G94: empolam. | H94: volume
C95: REDE DE DRENAGEM - EIXO 1 | E95: 42.93 | F95: =3.1416*0.4^2/4 -> 0.125664 | G95: 1.25 | H95: =ROUND(E95*F95*G95,2) -> 6.74
C96: REDE DE DRENAGEM - EIXO 2 | E96: 30.85 | F96: =3.1416*0.4^2/4 -> 0.125664 | G96: 1.25 | H96: =ROUND(E96*F96*G96,2) -> 4.85
C97: REDE DE DRENAGEM - EIXO 3 | E97: 22.81 | F97: =3.1416*0.4^2/4 -> 0.125664 | G97: 1.25 | H97: =ROUND(E97*F97*G97,2) -> 3.58
C98: LANÇAMENTO DA CAIXA DE CAPTAÇÃO EM REDE EXISTENTE | E98: 8.75 | F98: =3.1416*0.6^2/4 -> 0.282744 | G98: 1.25 | H98: =ROUND(E98*F98*G98,2) -> 3.09
C99: LIGAÇÃO ENTRE CAIXAS DE PASSAGEM | E99: 6.64 | F99: =3.1416*0.6^2/4 -> 0.282744 | G99: 1.25 | H99: =ROUND(E99*F99*G99,2) -> 2.35
C100: LIGAÇÃO ENTRE CAIXAS DE PASSAGEM | E100: 10.37 | F100: =3.1416*0.6^2/4 -> 0.282744 | G100: 1.25 | H100: =ROUND(E100*F100*G100,2) -> 3.67
C101: LANÇAMENTO NO CÓRREGO | E101: 17.79 | F101: =3.1416*0.6^2/4 -> 0.282744 | G101: 1.25 | H101: =ROUND(E101*F101*G101,2) -> 6.29
B103: 05.03 | C103: TRANSPORTE DE MATERIAL DE QUALQUER NATUREZA
B104: 05.03.01 | C104: TRANSPORTE COM CAMINHÃO BASCULANTE DE 10 M³, EM VIA URBANA PAVIMENTADA, DMT ATÉ 30 KM (UNIDADE: M3XKM). | I104: =SUM(H105:H112) -> 547.21 | J104: M3KM
C105: ÁREA 21 | E105: volume | F105: DMT | H105: m³xKm
C106: REDE DE DRENAGEM - EIXO 1 | E106: =H95 -> 6.74 | F106: 17.9 | H106: =ROUND(E106*F106,2) -> 120.65
C107: REDE DE DRENAGEM - EIXO 2 | E107: =H96 -> 4.85 | F107: 17.9 | H107: =ROUND(E107*F107,2) -> 86.82
C108: REDE DE DRENAGEM - EIXO 3 | E108: =H97 -> 3.58 | F108: 17.9 | H108: =ROUND(E108*F108,2) -> 64.08
C109: LANÇAMENTO DA CAIXA DE CAPTAÇÃO EM REDE EXISTENTE | E109: =H98 -> 3.09 | F109: 17.9 | H109: =ROUND(E109*F109,2) -> 55.31
C110: LIGAÇÃO ENTRE CAIXAS DE PASSAGEM | E110: =H99 -> 2.35 | F110: 17.9 | H110: =ROUND(E110*F110,2) -> 42.07
C111: LIGAÇÃO ENTRE CAIXAS DE PASSAGEM | E111: =H100 -> 3.67 | F111: 17.9 | H111: =ROUND(E111*F111,2) -> 65.69
C112: LANÇAMENTO NO CÓRREGO | E112: =H101 -> 6.29 | F112: 17.9 | H112: =ROUND(E112*F112,2) -> 112.59
C113: Distância conforme Mapa de DMT em anexo 17,9km
B115: 05.05 | C115: REDE TUBULAR DE CONCRETO
B116: 05.05.01 | C116: TUBO DE CONCRETO PARA REDES COLETORAS DE ÁGUAS PLUVIAIS, DIÂMETRO DE 400 MM, JUNTA RÍGIDA, INSTALADO EM LOCAL COM BAIXO NÍVEL DE INTERFERÊNCIAS - FORNECIMENTO E ASSENTAMENTO. | I116: =SUM(H117:H120) -> 96.59 | J116: M
C117: ÁREA 21 | E117: Comprim. | H117: comp.
C118: REDE DE DRENAGEM - EIXO 1 | E118: 42.93 | H118: =ROUND(E118,2) -> 42.93
C119: REDE DE DRENAGEM - EIXO 2 | E119: 30.85 | H119: =ROUND(E119,2) -> 30.85
C120: REDE DE DRENAGEM - EIXO 3 | E120: 22.81 | H120: =ROUND(E120,2) -> 22.81
B122: 05.05.02 | C122: TUBO DE CONCRETO PARA REDES COLETORAS DE ÁGUAS PLUVIAIS, DIÂMETRO DE 600 MM, JUNTA RÍGIDA, INSTALADO EM LOCAL COM BAIXO NÍVEL DE INTERFERÊNCIAS - FORNECIMENTO E ASSENTAMENTO. | I122: =SUM(H124:H127) -> 43.55 | J122: M
C123: ÁREA 21 | E123: Comprim. | H123: Comprim.
C124: LANÇAMENTO DA CAIXA DE CAPTAÇÃO EM REDE EXISTENTE | E124: 8.75 | H124: =ROUND(E124,2) -> 8.75
C125: LIGAÇÃO ENTRE CAIXAS DE PASSAGEM | E125: 6.64 | H125: =ROUND(E125,2) -> 6.64
C126: LIGAÇÃO ENTRE CAIXAS DE PASSAGEM | E126: 10.37 | H126: =ROUND(E126,2) -> 10.37
C127: LANÇAMENTO NO CÓRREGO | E127: 17.79 | H127: =ROUND(E127,2) -> 17.79
B129: 05.06 | C129: CONCRETO PARA BERÇO DE REDE TUBULAR
B130: 05.06.01 | C130: LASTRO DE CONCRETO MAGRO, APLICADO EM PISOS, LAJES SOBRE SOLO OU RADIERS. | I130: =SUM(H131:H138) -> 18.56 | J130: M3
...

Sheet MEMO A-22
B9: CÓD. OBRA: 066 | C9: OBJETO: EXECUÇÃO DE REMANESCENTE DE OBRAS DE CONTENÇÃO DE ENCOSTAS EM 07 ÁREAS DE RISCO, NO MUNICÍPIO DE BETIM-MG. ÁREAS PREVISTAS NO TERMO DE COMPROMISSO N.º 0.398.478-71 .
B10: CONTRATADO: A LICITAR
B11: CONTRATO: PAC:
B13: MEDIÇÃO DE SERVIÇOS
B14: ITEM | C14: DISCRIMINAÇÃO | D14: X | E14: DIMENSÕES | H14: QUANTIDADES | J14: UN.
E15: COMP. | F15: LARG. | G15: ALTURA | H15: AUXILIAR | I15: DEFINITIVA
B17: 01 | C17: INSTALAÇAO DA OBRA E ADMINISTRAÇÃO LOCAL
B18: 01.01 | C18: PLACA DE OBRA
B19: 01.01.01 | C19: FORNECIMENTO E INSTALAÇÃO DE PLACA DE OBRA COM CHAPA GALVANIZADA E ESTRUTURA DE MADEIRA. | E19: Alt. | F19: Larg. | H19: Área | I19: =SUM(H20:H20) -> 6 | J19: M2
C20: Área 22 | E20: 3.11 | F20: 1.93 | H20: =ROUND(E20*F20,2) -> 6
B22: 01.02 | C22: INSTALAÇAO PROVISORIA - CONCESSIONARIA
B23: 01.02.01 | C23: LIGAÇÃO PROVISÓRIA COM ENTRADA DE ENERGIA AÉREA, PADRÃO CEMIG, CARGA INSTALADA DE 15,1KVA ATÉ 30KVA, TRIFÁSICO, COM SAÍDA SUBTERRÂNEA, INCLUSIVE POSTE, CAIXA PARA MEDIDOR, DISJUNTOR, BARRAMENTO, ATERRAMENTO E ACESSÓRIOS | E23: QUANT. | H23: Total | I23: =SUM(H24:H24) -> 1 | J23: UN
C24: Área 22 | E24: 1 | H24: =E24 -> 1
B26: 01.02.02 | C26: KIT CAVALETE PARA MEDIÇÃO DE ÁGUA - ENTRADA PRINCIPAL, EM PVC DN 25 MM (3/4") - FORNECIMENTO E INSTALAÇÃO (EXCLUSIVE HIDRÔMETRO). | E26: QUANT. | H26: Total | I26: =SUM(H27:H27) -> 1 | J26: UN
C27: Área 22 | E27: 1 | H27: =E27 -> 1
B29: 01.02.03 | C29: HIDRÔMETRO DN 3/4", 5,0 M3/H - FORNECIMENTO E INSTALAÇÃO. | E29: QUANT. | H29: Total | I29: =SUM(H30:H30) -> 1 | J29: UN
C30: Área 22 | E30: 1 | H30: =E30 -> 1
B32: 01.03 | C32: CONTAINER
B33: 01.03.01 | C33: MOBILIZAÇÃO DE CONTAINER, INCLUSIVE CARGA, DESCARGA E TRANSPORTE EM CAMINHÃO CARROCERIA COM GUINDAUTO (MUNCK), EXCLUSIVE LOCAÇÃO DO CONTAINER | E33: QUANT. | H33: Total | I33: =H34 -> 4 | J33: UN
C34: Área 22 | E34: 4 | H34: =E34 -> 4
B36: 01.03.02 | C36: DESMOBILIZAÇÃO DE CONTAINER, INCLUSIVE CARGA, DESCARGA E TRANSPORTE EM CAMINHÃO CARROCERIA COM GUINDAUTO (MUNCK), EXCLUSIVE LOCAÇÃO DO CONTAINER | E36: QUANT. | H36: Total | I36: =H37 -> 4 | J36: UN
C37: Área 22 | E37: 4 | H37: =E37 -> 4
B39: 01.03.03 | C39: LOCACAO DE CONTAINER 2,30 X 6,00 M, ALT. 2,50 M, PARA ESCRITORIO, SEM DIVISORIAS INTERNAS E SEM SANITARIO (NAO INCLUI MOBILIZACAO/DESMOBILIZACAO) | E39: QUANT. | H39: Total | I39: =H40 -> 4 | J39: MÊS
C40: Área 22 | E40: 4 | H40: =E40 -> 4
B42: 01.03.04 | C42: LOCACAO DE CONTAINER 2,30 X 4,30 M, ALT. 2,50 M, PARA SANITARIO, COM 3 BACIAS, 4 CHUVEIROS, 1 LAVATORIO E 1 MICTORIO (NAO INCLUI MOBILIZACAO/DESMOBILIZACAO) | E42: QUANT. | H42: Total | I42: =H43 -> 4 | J42: MÊS
C43: Área 22 | E43: 4 | H43: =E43 -> 4
B45: 01.03.05 | C45: LOCAÇÃO DE CONTAINER COM ISOLAMENTO TÉRMICO, TIPO 4, PARA REFEITÓRIO DE OBRA, COM MEDIDAS REFERENCIAIS DE (6) METROS COMPRIMENTO, (2,3) METROS LARGURA E (2,5) METROS ALTURA ÚTIL INTERNA, INCLUSIVE LIGAÇÕES ELÉTRICAS INTERNAS, EXCLUSIVE MOBILIZAÇÃO/DESMOBILIZAÇÃO E LIGAÇÕES PROVISÓRIAS EXTERNAS | E45: QUANT. | H45: Total | I45: =H46 -> 4 | J45: MÊS
C46: Área 22 | E46: 4 | H46: =E46 -> 4
B48: 01.03.06 | C48: LOCAÇÃO DE CONTAINER COM ISOLAMENTO TÉRMICO, TIPO 3, PARA DEPÓSITO/FERRAMENTARIA DE OBRA, COM MEDIDAS REFERENCIAIS DE (6) METROS COMPRIMENTO, (2,3) METROS LARGURA E (2,5) METROS ALTURA ÚTIL INTERNA, INCLUSIVE LIGAÇÕES ELÉTRICAS INTERNAS, EXCLUSIVE MOBILIZAÇÃO/DESMOBILIZAÇÃO E LIGAÇÕES PROVISÓRIAS EXTERNAS | E48: QUANT. | H48: Total | I48: =H49 -> 4 | J48: MÊS
C49: Área 22 | E49: 4 | H49: =E49 -> 4
B51: 01.04 | C51: BANHEIRO QUIMICO
B52: 01.04.01 | C52: LOCAÇÃO DE BANHEIRO QUÍMICO, DIMENSÃO (110X120X230)CM, LINHA PADRÃO, CONTENDO UMA (1) PIA/HIGIENIZADOR DE MÃOS, INCLUSIVE MANUTENÇÃO E MOBILIZAÇÃO/DESMOBILIZAÇÃO | E52: QUANT. | H52: Total | I52: =H53 -> 4 | J52: MÊS
C53: Área 22 | E53: 4 | H53: =E53 -> 4
B55: 01.06 | C55: ADMINISTRACAO LOCAL DA OBRA
B56: 01.06.01 | C56: ADMINISTRACAO LOCAL - (conforme planilha em anexo) | E56: Total | H56: Total | I56: =H57 -> 0.10413661 | J56: UN
C57: Área 22 | E57: 0.10413661 | H57: =ROUND(E57,9) -> 0.10413661
B59: 02 | C59: DEMOLIÇÕES
B60: 02.01 | C60: DEMOLIÇÃO DE PISO DE CONCRETO SIMPLES, DE FORMA MECANIZADA COM MARTELETE, SEM REAPROVEITAMENTO. | E60: ÁREA | H60: TOTAL | I60: =H61 -> 105.6 | J60: M3
C61: Área 22 | E61: 105.6 | H61: =E61 -> 105.6
B63: 02.04 | C63: CARGA DE MATERIAL DE QQUER NATUREZA SOBRE CAMINHAO
B64: 02.04.02 | C64: CARGA, MANOBRA E DESCARGA DE ENTULHO EM CAMINHÃO BASCULANTE 10 M³ - CARGA COM ESCAVADEIRA HIDRÁULICA (CAÇAMBA DE 0,80 M³ / 111 HP) E DESCARGA LIVRE (UNIDADE: M3) | E64: ÁREA | F64: ESPES. | G64: EMPOLAM. | H64: VOLUME | I64: =SUM(H66:H67) -> 13.73 | J64: M3
C65: Área 22
C66: MATERIAL DEMOLIDO - ITEM 02.01 | E66: =H61 -> 105.6 | F66: 0.1 | G66: 1.3 | H66: =ROUND(G66*F66*E66,2) -> 13.73
B68: 02.05 | C68: TRANSPORTE DE MATERIAL DEMOLIDO EM CAMINHAO
B69: 02.05.01 | C69: TRANSPORTE COM CAMINHÃO BASCULANTE DE 10 M³, EM VIA URBANA PAVIMENTADA, DMT ATÉ 30 KM (UNIDADE: M3XKM). | E69: VOLUME | F69: DISTÂNCIA | H69: TOTAL | I69: =SUM(H71) -> 201.83 | J69: M3KM
C70: Área 22
C71: MATERIAL DEMOLIDO - ITEM 02.01 | E71: =H66 -> 13.73 | F71: 14.7 | H71: =ROUND(F71*E71,2) -> 201.83
C72: Distância conforme Mapa de DMT em anexo 14,7km
B74: 03 | C74: LIMPEZA DO TERRENO
B75: 03.01 | C75: DESMATAMENTO, DESTOCAMENTO E LIMPEZA DO TERRENO
B76: 03.01.02 | C76: LIMPEZA MECANIZADA DE CAMADA VEGETAL, VEGETAÇÃO E PEQUENAS ÁRVORES (DIÂMETRO DE TRONCO MENOR QUE 0,20 M), COM TRATOR DE ESTEIRAS. | E76: Área | H76: Área | I76: =H77 -> 1120.47 | J76: M2
C77: Área 22 | E77: 1120.47 | H77: =E77 -> 1120.47
B79: 03.02 | C79: CARGA DE MATERIAL DE QQUER NATUREZA SOBRE CAMINHAO
B80: 03.02.01 | C80: CARGA, MANOBRA E DESCARGA DE SOLOS E MATERIAIS GRANULARES EM CAMINHÃO BASCULANTE 10 M³ - CARGA COM ESCAVADEIRA HIDRÁULICA (CAÇAMBA DE 1,20 M³ / 155 HP) E DESCARGA LIVRE (UNIDADE: M3). | E80: Área | F80: Altura | G80: Empolamento | H80: Volume | I80: =H81 -> 210.09 | J80: M3
C81: Área 22 | E81: 1120.47 | F81: 0.15 | G81: 1.25 | H81: =ROUND(G81*E81*F81,2) -> 210.09
B83: 03.03 | C83: TRANSPORTE DE MATERIAL DE QUALQUER NATUREZA
B84: 03.03.01 | C84: TRANSPORTE COM CAMINHÃO BASCULANTE DE 10 M³, EM VIA URBANA PAVIMENTADA, DMT ATÉ 30 KM (UNIDADE: M3XKM). | E84: Volume | F84: Distância | H84: Total | I84: =H85 -> 3025.3 | J84: M3KM
C85: Área 22 | E85: =H81 -> 210.09 | F85: 14.4 | H85: =ROUND(E85*F85,2) -> 3025.3
C86: Distância conforme Mapa de DMT em anexo 14,4km
B88: 05 | C88: DRENAGEM (LANÇAMENTO)
B89: 05.17 | C89: CANALETA/ BUEIRO/ ESCADA HIDRAULICA
B90: 05.17.01 | C90: ESCAVAÇÃO MANUAL DE VALA COM PROFUNDIDADE MENOR OU IGUAL A 1,30 M. | I90: =H92 -> 38.88 | J90: M3
C91: ÁREA 22 | E91: COMP. | F91: ALTURA | G91: LARGURA | H91: VOLUME
C92: CANALETA SUPERIOR À CONTENÇÃO | E92: 72 | F92: 0.6 | G92: 0.9 | H92: =ROUND(G92*F92*E92,2) -> 38.88
B94: 05.17.02 | C94: REATERRO MANUAL DE VALAS, COM PLACA VIBRATÓRIA. | I94: =H96 -> 10.8 | J94: M3
C95: Área 22 | E95: COMP. | F95: ALTURA | G95: LARGURA | H95: VOLUME
C96: CANALETA SUPERIOR À CONTENÇÃO | E96: 72 | F96: 0.5 | G96: 0.3 | H96: =ROUND(G96*F96*E96,2) -> 10.8
B98: 05.17.03 | C98: FORNECIMENTO E COLOCACAO DE AÇO CA60 | I98: =H100 -> 365.98 | J98: KG
C99: Área 22 | E99: COMP. | F99: KG/M2 | G99: desenvol. | H99: Total
C100: CANALETA SUPERIOR À CONTENÇÃO | E100: 72 | F100: 3.91 | G100: =0.4*3+0.05*2 -> 1.3 | H100: =ROUND(F100*E100*G100,2) -> 365.98
B102: 05.17.04 | C102: FABRICAÇÃO, MONTAGEM E DESMONTAGEM DE FÔRMA, EM CHAPA DE MADEIRA COMPENSADA RESINADA, E = 17 MM, 3 UTILIZAÇÕES. | I102: =H104 -> 129.6 | J102: M2
C103: Área 22 | E103: COMP. | F103: CONS./M | H103: ÁREA
C104: CANALETA SUPERIOR À CONTENÇÃO | E104: 72 | F104: 1.8 | H104: =ROUND(F104*E104,2) -> 129.6
B106: 05.17.06 | C106: CONCRETO USINADO BOMBEAVEL, 20MPA, BRITA 0 E 1, SLUMP = 100 +/- 20 MM, COM BOMBEAMENTO E LANÇAMENTO | I106: =H108 -> 10.08 | J106: M3
C107: Área 22 | E107: COMP. | F107: CONS./M | H107: ÁREA
C108: CANALETA MOLDADA NO LOCAL | E108: 72 | F108: 0.14 | H108: =ROUND(F108*E108,2) -> 10.08
B110: 07 | C110: REDE DE ESGOTO
B111: 07.01 | C111: ESCAVAÇAO MECANICA DE VALAS COM DESCARGA LATERAL
B112: 07.01.01 | C112: ESCAVAÇÃO MECANIZADA DE VALA COM PROF. ATÉ 1,5 M (MÉDIA MONTANTE E JUSANTE/UMA COMPOSIÇÃO POR TRECHO), ESCAVADEIRA (0,8 M3), LARG. DE 1,5 M A 2,5 M, EM SOLO DE 1A CATEGORIA, EM LOCAIS COM ALTO NÍVEL DE INTERFERÊNCIA. | I112: =SUM(H116:H133) -> 60.03 | J112: M3
C113: ÁREA 22
C114: TUBULAÇÃO DIÂMETRO 100MM | E114: COMP. | F114: LARGURA | G114: ALTURA | H114: VOLUME
C115: RUA MARIA ANGELINA DE JESUS
C116: Ramal de ligação 01 | E116: 8 | F116: 0.4 | G116: 0.6 | H116: =ROUND(G116*F116*E116,2) -> 1.92
C117: RUA DIAMANTINA
C118: Ramal de ligação 02 | E118: 46 | F118: 0.4 | G118: 0.6 | H118: =ROUND(G118*F118*E118,2) -> 11.04
C119: Ramal de ligação 03 | E119: 6.5 | F119: 0.4 | G119: 0.6 | H119: =ROUND(G119*F119*E119,2) -> 1.56
C120: Ramal de ligação 04 | E120: 17 | F120: 0.4 | G120: 0.6 | H120: =ROUND(G120*F120*E120,2) -> 4.08
C121: Ramal de ligação 05 | E121: 57.5 | F121: 0.4 | G121: 0.6 | H121: =ROUND(G121*F121*E121,2) -> 13.8
C122: Ramal de ligação 06 | E122: 4.5 | F122: 0.4 | G122: 0.6 | H122: =ROUND(G122*F122*E122,2) -> 1.08
C123: Ramal de ligação 07 | E123: 4.5 | F123: 0.4 | G123: 0.6 | H123: =ROUND(G123*F123*E123,2) -> 1.08
C124: RUA PEDREIRA
C125: Ramal de ligação 08 | E125: 4.5 | F125: 0.4 | G125: 0.6 | H125: =ROUND(G125*F125*E125,2) -> 1.08
C126: Ramal de ligação 09 | E126: 4 | F126: 0.4 | G126: 0.6 | H126: =ROUND(G126*F126*E126,2) -> 0.96
C127: Ramal de ligação 10 | E127: 3.5 | F127: 0.4 | G127: 0.6 | H127: =ROUND(G127*F127*E127,2) -> 0.84
C128: Ramal de ligação 11 | E128: 3 | F128: 0.4 | G128: 0.6 | H128: =ROUND(G128*F128*E128,2) -> 0.72
C129: Ramal de ligação 12 | E129: 16 | F129: 0.4 | G129: 0.6 | H129: =ROUND(G129*F129*E129,2) -> 3.84
C131: TUBULAÇÃO DIÂMETRO 150MM
C132: RUA DIAMANTINA
C133: Ramal de ligação 02 | E133: 51.5 | F133: 0.5 | G133: 0.7 | H133: =ROUND(G133*F133*E133,2) -> 18.03
B135: 07.03 | C135: REGULARIZAÇAO E COMPACTAÇAO DE TERRENO
...

Sheet MEMO A-23
B8: CÓD. OBRA: 066 | C8: OBJETO: EXECUÇÃO DE REMANESCENTE DE OBRAS DE CONTENÇÃO DE ENCOSTAS EM 07 ÁREAS DE RISCO, NO MUNICÍPIO DE BETIM-MG. ÁREAS PREVISTAS NO TERMO DE COMPROMISSO N.º 0.398.478-71 .
B9: CONTRATADO: A LICITAR
B10: CONTRATO: PAC:
B12: MEDIÇÃO DE SERVIÇOS
B13: ITEM | C13: DISCRIMINAÇÃO | D13: X | E13: DIMENSÕES | H13: QUANTIDADES | J13: UN.
E14: COMP. | F14: LARG. | G14: ALTURA | H14: AUXILIAR | I14: DEFINITIVA
B16: 01 | C16: INSTALAÇAO DA OBRA E ADMINISTRAÇÃO LOCAL
B17: 01.01 | C17: PLACA DE OBRA
B18: 01.01.01 | C18: FORNECIMENTO E INSTALAÇÃO DE PLACA DE OBRA COM CHAPA GALVANIZADA E ESTRUTURA DE MADEIRA. | I18: =SUM(H20:H20) -> 6 | J18: M2
F19: Larg. | H19: área
C20: ÁREA 23 | E20: 3.11 | F20: 1.93 | H20: =ROUND(E20*F20,2) -> 6
B22: 01.04 | C22: BANHEIRO QUIMICO
B23: 01.04.01 | C23: LOCAÇÃO DE BANHEIRO QUÍMICO, DIMENSÃO (110X120X230)CM, LINHA PADRÃO, CONTENDO UMA (1) PIA/HIGIENIZADOR DE MÃOS, INCLUSIVE MANUTENÇÃO E MOBILIZAÇÃO/DESMOBILIZAÇÃO | E23: QUANT. | F23: Alt. | H23: Total | I23: =H24 -> 1 | J23: MES
C24: Área 23 | E24: 1 | H24: =E24 -> 1
B27: 01.06 | C27: ADMINISTRACAO LOCAL DA OBRA
B28: 01.06.01 | C28: ADMINISTRACAO LOCAL - (conforme planilha em anexo) | E28: Total | H28: Total | I28: =H29 -> 0.008371532 | J28: UN
C29: Área 23 | E29: 0.0083715317 | H29: =ROUND(E29,9) -> 0.008371532
B32: 06.04 | C32: GUARDA CORPO E CORRIMÃO
